Workbook
Name BESTAND: '[1]Opbr N-1'!#REF!
Name d: '[1]Opbr N-1'!#REF!
Name EURO: '[1]Opbr N-1'!#REF!

Sheet 01 Vastrechten
A1: 01 | B1: Vastrechten & losse vervoersbewijzen | AT1: Accountantscontrole 2e klas Enkele reis Vol tarief | AX1: Check 1e klas Enkele reis Vol tarief
A3: Eret | B3: 0.0551
A4: Altijd Vrij/Traject Vrij | B4: -0.0238
A5: CPI | B5: 0.026
A6: Tariefruimte | B6: 0.0351
A8: Consumenten portfolio
A9: Abonnementen
A10: Contract Tariff | B10: VAR-code / kl / red | E10: Productnaam | F10: Tarief | G10: Klasse | I10: P-2022 | J10: P-2023 | K10: Delta | L10: Opmerkingen
A11: 212 | B11: 5066 2 0000 | E11: Weekend Vrij | F11: Vol | G11: 2e | I11: 34.7 | J11: 38.35 | K11: 0.10518732
A12: 211 | B12: 5066 1 0000 | E12: Weekend Vrij | F12: Vol | G12: 1e | I12: 40.8 | J12: 47.35 | K12: 0.16053922
A13: 212 | B13: 5066 2 6500 & 5082 2 0000 | E13: Weekend Vrij | F13: Red | G13: 2e | I13: 24.4 | J13: 28.35 | K13: 0.16188525
A14: 211 | B14: 5066 1 6500 & 5082 1 0000 | E14: Weekend Vrij | F14: Red | G14: 1e | I14: 30.5 | J14: 36.35 | K14: 0.19180328
A15: 214 | B15: 5065 2 0000 | E15: Dal Vrij | F15: Vol | G15: 2e | I15: 107.9 | J15: 119.95 | K15: 0.11167748
A16: 213 | B16: 5065 1 0000 | E16: Dal Vrij | F16: Vol | G16: 1e | I16: 136.4 | J16: 159.95 | K16: 0.17265396
A17: 214 | B17: 5065 2 6500 & 5081 2 0000 | E17: Dal Vrij | F17: Red | G17: 2e | I17: 46.8 | J17: 54.95 | K17: 0.1741453
A18: 213 | B18: 5065 1 6500 & 5081 1 0000 | E18: Dal Vrij | F18: Red | G18: 1e | I18: 73.3 | J18: 87.95 | K18: 0.19986357
A19: 215 & 216 1 / 2 | B19: 5067 1 / 2 | E19: Altijd Voordeel | F19: nvt | I19: 24.2 | J19: 26.7 | K19: 0.10330579
A20: 30 | B20: 5078 0 0000 | E20: Kids Vrij | F20: Vol | I20: 0 | J20: 0 | K20: 0
A21: 220 | B21: 5069 2 0000 | E21: Altijd Vrij | F21: Vol | G21: 2e | I21: 362.4 | J21: 353.8 | K21: -0.023730684
A22: 219 | B22: 5069 1 0000 | E22: Altijd Vrij | F22: Vol | G22: 1e | I22: 612.5 | J22: 601.5 | K22: -0.017959184
A23: 55 | B23: 5329 2 0000 | E23: Maandkaart Altijd Vrij 1 maand | F23: Vol | G23: 2e | I23: 434.9 | J23: 424.6 | K23: -0.023683605 | L23: Prepaid kaart, geen abonnement. Te koop sinds april 2021
A24: 56 | B24: 5330 2 0000 | E24: Maandkaart Altijd Vrij 3 maanden | F24: Vol | G24: 2e | I24: 1087.2 | J24: 1061.4 | K24: -0.023730684 | L24: Prepaid kaart, geen abonnement. Te koop sinds april 2021
A25: 55 | B25: 5329 1 0000 | E25: Maandkaart Altijd Vrij 1 maand | F25: Vol | G25: 1e | I25: 735 | J25: 721.8 | K25: -0.017959184 | L25: Prepaid kaart, geen abonnement. Te koop sinds april 2021
A26: 56 | B26: 5330 1 0000 | E26: Maandkaart Altijd Vrij 3 maanden | F26: Vol | G26: 1e | I26: 1837.5 | J26: 1804.5 | K26: -0.017959184 | L26: Prepaid kaart, geen abonnement. Te koop sinds april 2021
A27: 209 & 210 1 / 2 | B27: 5064 1 / 2 | E27: Dal Voordeel | F27: nvt | G27: nvt | I27: 61.2 | J27: 67.2 | K27: 0.098039216
A28: nvt | B28: 1042 | E28: VDU | F28: nvt | I28: 61.2 | J28: 67.2 | K28: 0.098039216
A29: 91 / 90 | B29: 5134 2 / 5083 2 | E29: Keuzedagen | G29: 2e | I29: 26.5 | J29: 27.5 | K29: 0.037735849
A30: 91 / 90 | B30: 5134 1 / 5083 1 | E30: Keuzedagen | G30: 1e | I30: 51.9 | J30: 53.7 | K30: 0.034682081
E31: Toeslag Keuzedagen op Papier | I31: 11.2 | J31: 11.6 | K31: 0.035714286
E32: Totaalprijs VDU +Keuzedagen op CT | G32: 2e | I32: 98.9 | J32: 106.3 | K32: 0.074823054
E33: Totaalprijs VDU +Keuzedagen op CT | G33: 1e | I33: 124.3 | J33: 132.5 | K33: 0.065969429
E34: NS Flex administratie kosten | I34: 10 | J34: 10 | K34: 0
E35: NS Flex basis | G35: nvt | I35: 0 | J35: 0 | K35: 0
E36: NS Flex Weekend Voordeel | G36: nvt | I36: 2 | J36: 2.2 | K36: 0.1
E37: NS Flex Weekend Vrij zonder dalkorting | G37: 2e | I37: 31.6 | J37: 34.95 | K37: 0.10601266 | L37: Korting 65+ is 10 euro
E38: NS Flex Weekend Vrij zonder dalkorting | G38: 1e | I38: 37.7 | J38: 43.95 | K38: 0.16578249 | L38: Korting 65+ is 11 euro
E39: NS Flex Weekend Vrij met dalkorting | G39: 2e | I39: 34.7 | J39: 38.35 | K39: 0.10518732 | L39: Korting 65+ is 10 euro
E40: NS Flex Weekend Vrij met dalkorting | G40: 1e | I40: 40.8 | J40: 47.35 | K40: 0.16053922 | L40: Korting 65+ is 11 euro
E41: NS Flex Dal Voordeel | G41: nvt | I41: 5.1 | J41: 5.6 | K41: 0.098039216
E42: NS Flex Dal Vrij | G42: 2e | I42: 107.9 | J42: 119.95 | K42: 0.11167748 | L42: Prijs 65+ is 54,95 euro
E43: NS Flex Dal Vrij | G43: 1e | I43: 136.4 | J43: 159.95 | K43: 0.17265396 | L43: Prijs 65+ is 87,95 euro
E44: NS Flex Altijd Voordeel | G44: nvt | I44: 24.2 | J44: 26.7 | K44: 0.10330579
E45: NS Flex Altijd Vrij | G45: 2e | I45: 362.4 | J45: 353.8 | K45: -0.023730684
E46: NS Flex Altijd Vrij | G46: 1e | I46: 612.5 | J46: 601.5 | K46: -0.017959184
E47: NS IC Direct Toeslag Vrij | G47: nvt | I47: 63.1 | J47: 67.8 | K47: 0.074484945
E48: NS Flex 1e klas factor | F48: nvt | G48: nvt | I48: 0.67 | J48: 0.7 | K48: 0.044776119
E49: NS Flex 1e klas factor weekend | F49: nvt | G49: nvt | I49: 0.67 | J49: 0.7 | K49: 0.044776119
E50: NS Flex Vol tarief in het weekend | F50: Vol | G50: 2e | I50: 0 | J50: 0 | K50: 0
E51: NS Flex Vol tarief reizen buiten de spits | F51: Vol | G51: 2e | I51: 0 | J51: 0 | K51: 0
E52: NS Flex Vol tarief reizen tijdens de spits | F52: Vol | G52: 2e | I52: 0 | J52: 0 | K52: 0
E53: NS Flex 40% korting in het weekend | F53: Red | G53: 2e | I53: 2 | J53: 2.2 | K53: 0.1
E54: NS Flex 40% korting buiten de spits | F54: Red | G54: 2e | I54: 3.1 | J54: 3.4 | K54: 0.096774194
E55: NS Flex 20% korting tijdens de spits | F55: Red | G55: 2e | I55: 19.1 | J55: 21.1 | K55: 0.10471204
E56: NS Flex Vrij reizen in het weekend | F56: Red | G56: 2e | I56: 31.6 | J56: 34.95 | K56: 0.10601266
E57: NS Flex Vrij reizen buiten de spits | F57: Red | G57: 2e | I57: 76.3 | J57: 85 | K57: 0.11402359
E58: NS Flex Vrij reizen tijdens de spits | F58: Red | G58: 2e | I58: 254.5 | J58: 233.85 | K58: -0.081139489
E59: NS Flex Vrij reizen in het weekend - toeslag 1e klas | F59: Red | G59: 1e | I59: 6.1 | J59: 9 | K59: 0.47540984 | L59: toeslag boven op 2e klas
E60: NS Flex Vrij reizen buiten de spits - toeslag 1e klas | F60: Red | G60: 1e | I60: 22.4 | J60: 31 | K60: 0.38392857 | L60: toeslag boven op 2e klas
E61: NS Flex Vrij reizen tijdens de spits - toeslag 1e klas | F61: Red | G61: 1e | I61: 221.6 | J61: 207.7 | K61: -0.062725632 | L61: toeslag boven op 2e klas
E62: Landelijk Opstaptarief | G62: 1e en 2e | I62: 1.01 | J62: 1.08 | K62: 0.069306931
A63: *) In systeem SAP ECC: Prijs is basisprijs - kortingbedrag = nettobedrag
A66: Losse vervoersbewijzen
A67: ET-product | C67: CT-product
A68: Contract Tariff | B68: VAR-code / kl / red | C68: Contract Tariff | D68: VAR-code / kl / red | E68: Productnaam | F68: Tarief | G68: Klasse | I68: P-2022 | J68: P-2023 | K68: Delta | L68: Opmerkingen
A69: 85 | B69: 5052 2 0000 | C69: 405 | D69: 5150 0 0000 | E69: Dagkaart | G69: 2e | I69: 55.8 | J69: 58.8 | K69: 0.053763441
A70: 85 | B70: 5052 1 0000 | C70: 405 | D70: 5150 0 0000 | E70: Dagkaart | G70: 1e | I70: 93.18 | J70: 99.96 | K70: 0.072762395
A71: Niet als ET-product | C71: 427 | D71: 5170 | E71: Euregioticket | G71: 2e | I71: 19 | J71: 20 | K71: 0.052631579
C72: 984 | D72: 5325 | E72: Jongeren Dagkaart Dal | G72: 2e | I72: 7.6 | J72: 7.95 | K72: 0.046052632
A73: 84 | B73: 5132 2 | C73: 404 | D73: 5144 | E73: Railrunner | G73: Klasseloos | I73: 2.5 | J73: 2.5 | K73: 0
C74: 425 | D74: 5146 2 | E74: Easy ticket to Amsterdam | F74: Vol | G74: 2e | I74: 4.7 | J74: 4.9 | K74: 0.042553191
C75: 425 | D75: 5146 1 | E75: Easy ticket to Amsterdam | F75: Vol | G75: 1e | I75: 7.85 | J75: 8.33 | K75: 0.061146497
C76: 426 | D76: 5151 2 | E76: Easy ticket to Schiphol Airport | F76: Vol | G76: 2e | I76: 4.7 | J76: 4.9 | K76: 0.042553191
C77: 426 | D77: 5151 1 | E77: Easy ticket to Schiphol Airport | F77: Vol | G77: 1e | I77: 7.85 | J77: 8.33 | K77: 0.061146497
C78: 988 | D78: 5301 | E78: NS Groepsticket Daluren 2 of 3 pers. Enkele reis (= e-ticket) | F78: Vol | G78: 2e | I78: 32 | J78: 34 | K78: 0.0625
C79: 988 | D79: 5301 | E79: NS Groepsticket Daluren extra persoon (4e t/m 7e) | F79: Vol | G79: 2e | I79: 3 | J79: 4 | K79: 0.33333333
C80: 481 | D80: 5191 / 2 / 0000 & 0001 | E80: 1-day Amsterdam Travel Ticket | G80: 2e | I80: 17 | J80: 18 | K80: 0.058823529
C81: 482 | D81: 5192 / 2 / 0000 & 0001 | E81: 2-day Amsterdam Travel Ticket | G81: 2e | I81: 22.5 | J81: 24 | K81: 0.066666667
C82: 483 | D82: 5193 / 2 / 0000 & 0001 | E82: 3-day Amsterdam Travel Ticket | G82: 2e | I82: 28 | J82: 30 | K82: 0.071428571
C83: 471 | D83: 5195 /2 | E83: 1-Dag Amsterdam & Region Travel Ticket | G83: 2e | I83: 19.5 | J83: 21 | K83: 0.076923077
C84: 472 | D84: 5196 /2 | E84: 2-Dag Amsterdam & Region Travel Ticket | G84: 2e | I84: 28 | J84: 31.5 | K84: 0.125
C85: 473 | D85: 5197 /2 | E85: 3-Dag Amsterdam & Region Travel Ticket | G85: 2e | I85: 36.5 | J85: 40.5 | K85: 0.10958904
C86: 440 | D86: 5254 / 2 | E86: Holland Travel Ticket | G86: 2e | I86: 64 | J86: 70 | K86: 0.09375
C87: 443 | D87: 5255 / 2 | E87: Holland Travel Ticket off-peak | G87: 2e | I87: 44 | J87: 48 | K87: 0.090909091
C88: 6834 | D88: 5304 | E88: Almere Ticket 10 ritten dal | I88: 29.5 | J88: 31.65 | K88: 0.072881356
C89: 6835 | D89: 5305 | E89: Almere Ticket 10 ritten dag | I89: 37 | J89: 39.7 | K89: 0.072972973
C90: 491 | D90: 5256 | E90: 1 dag GouweDal (Dag Daluren) | G90: 2e | I90: 4.4 | J90: 4.7 | K90: 0.068181818
C91: 491 | D91: 5256 | E91: 1 dag GouweDal (Dag Daluren) | G91: 1e | I91: 5.9 | J91: 6.4 | K91: 0.084745763
C92: 493 | D92: 5258 | E92: 1 dag Gouwe Kind | G92: 2e | I92: 1 | J92: 1 | K92: 0
C93: 492 | D93: 5257 | E93: 5 GouweDal (Dag Daluren) | G93: 2e | I93: 20.5 | J93: 22.3 | K93: 0.087804878
C94: 492 | D94: 5257 | E94: 5 GouweDal (Dag Daluren) | G94: 1e | I94: 28 | J94: 30.4 | K94: 0.085714286
C95: 494 | D95: 5259 | E95: Gouwe dagkaart fietskaart | I95: 3.3 | J95: 3.5 | K95: 0.060606061
A97: Bouwblokken Resell
A98: ET-product | C98: CT-product
A99: Contract Tariff | B99: VAR-code / kl / red | C99: Contract Tariff | D99: VAR-code / kl / red | E99: Productnaam | F99: Tarief | G99: Klasse | I99: P-2022 | J99: P-2023 | K99: Delta | L99: Opmerkingen
A100: 238 | E100: Kind 4 t/m 11 jaar dag | G100: 2e | I100: 3.75 | J100: 3.75 | K100: 0
A101: 239 | E101: Jongere 12 t/m 18 jaar dal | G101: 2e | I101: 10.5 | J101: 10.9 | K101: 0.038095238
A103: Toeslagen
A104: ET-product | C104: CT-product en e-ticket
A105: Contract Tariff | B105: VAR-code / kl | C105: Contract Tariff | D105: VAR-code / kl | E105: Naam | F105: Tarief | G105: Klasse | I105: P-2022 | J105: P-2023 | K105: Delta | L105: Opmerkingen
A106: 122 | B106: 5137 | C106: 422 | D106: 5149 | E106: ICE toeslag enkele reis | G106: klasseloos | I106: 2.7 | J106: 2.9 | K106: 0.074074074
...

Sheet Specificaties
A1: Regio | B1: Onderwerp | C1: Bron
A2: Noord | B2: altijdvrij RRReis (maand en jaar versie) accepteren | C2: Mail Mark Garmann 29/09
A3: West | B3: Mail onno 20/09 GVB randstad Noord, moeten we die verwerken? | C3: Onno 20/09

Sheet LOG
B1: Vastgesteld en definitief tarief in een sheet
B2: Staat open nog geen vaststelling
B3: Volledige sheet in vastgesteld
D5: d.d. 17-11-2022
B7: datum: | C7: concessie: | D7: wijziging:
B8: 44452
B9: 44837 | C9: V08 | D9: Toevoeging 2023 door Siebren
B10: 44838 | C10: V08 | D10: Invoeging tabblad met specificaties door Siebren
B11: 44846 | C11: V08 | D11: Toegevoegd NS tabellen Limburg & Oost en nieuwe tarieven regio Limburg
B12: 44860 | C12: V08 | D12: Bij elke wijziging (geldt bijv voor RRReis) een product sheet vullen, gedeelde lijnen prijzen opzoeken
B13: 44862 | C13: V08 | D13: Limburg nogmaals update
B14: 44882 | C14: V08 | D14: Nieuwe NS tabellen Noord toegevoegd (met juiste CPI), Zuid tarieven (excl. Zakelijk)
B15: 44883 | C15: V09 | D15: Inclusief Regio Noord 2023 en Zuid met zakelijke producten, gedeeld met Peter Hoopman
C16: V09 | D16: Productnummer aangepast (groene gearceerde cellen), kon niet alles aanpassen in huidige sheet, te weten: randstad noord prijzen / UW-OV per segment prijzen
C17: V09.1 | D17: 24/1; nieuwe aanlevering O-GLD, met gedeelde lijn tarieven en aanpassing flatfare belbus en prijs kids kaartje
B18: 44894 | C18: V09.2 | D18: Toevoeging regio Zuid incl acceptatie/verkoop & aanpassing Noord voor 350 lijn NH tarief
B19: 44896 | C19: V09.2 | D19: Toevoeging landelijk spoor tarieven obv opgave vastrecht 2023 excel ontvangen van NS. Note: niet alle producten kunnen herleiden
B20: 44897 | C20: V1.0 | D20: Inclusief Sales regio Zuid tarieven
B21: 44901 | C21: V1.1 | D21: tarief 2023 Dal Dagkaart Zuid Limburg Trein en Bus (regel 64) ontbrak. Toegevoegd!
B22: 44902 | C22: V1.2 | D22: tarievensheet limburg van Marijke mail 5-dec ingevoegd. Met toevoeging Aachen kaartjes
B23: 44902 | C23: V1.3 | D23: Tarief tabellen Limburg (ZZ-LR) geupdate nav mail Marijke 7 dec.
B24: 44910 | C24: V1.4 | D24: Aanpassing van 6 tarieven Limburg (zie blauw gearceerde cellen)
B25: 44916 | C25: V1.5 | D25: Toevogeing Breng km tarief regio Zuid
B26: 44917 | C26: V1.6 | D26: Tabblad Arriva Flow met abo prijzen toegevoegd

Sheet Arriva Flow
A1: PEname | B1: pricePeriod | C1: fromStationCode | D1: toStationCode | E1: starValue | F1: amount
A2: Arriva Flow 1eKlas | B2: 2021 regulier | F2: 0
A3: Arriva Flow 20% korting tijdens de spits | B3: 2021 regulier | F3: 21.1
A4: Arriva Flow 40% korting buiten de spits | B4: 2021 regulier | F4: 3.4
A5: Arriva Flow 40% korting in het weekend | B5: 2021 regulier | F5: 2.2
A6: Arriva Flow Vrij reizen buiten de spits | B6: 2021 regulier | F6: 85
A7: Arriva Flow Vrij reizen buiten de spits - toeslag 1e klas | B7: 2021 regulier | F7: 31
A8: Arriva Flow Weekend Vrij zonder dalkorting | B8: 2021 regulier | F8: 34.95
A9: Arriva Flow Vrij reizen in het weekend - toeslag 1e klas | B9: 2021 regulier | F9: 9
A10: Arriva Flow Vrij reizen tijdens de spits | B10: 2021 regulier | F10: 233.85
A11: Arriva Flow Vrij reizen tijdens de spits - toeslag 1e klas | B11: 2021 regulier | F11: 207.7

Sheet Landelijk spoor NS
B3: Productnaam | C3: tarief | D3: klasse | E3: Productnr 1 | F3: Productnr 2 | G3: Contract Tariff Id | H3: 2021 | I3: 2022 | J3: 2023 | K3: Acceptatie OVC | L3: Verkoop POS/quarto | M3: Verkoop Backoffice | N3: Verkoop Webshop | O3: opmerkingen
B4: Weekend Vrij | C4: Vol | D4: 2e | E4: 5066 2 0000 | G4: 212 | H4: 34 | I4: 34.7 | J4: 38.35 | K4: ja | L4: nee | M4: nee | N4: nee
B5: Weekend Vrij | C5: Vol | D5: 1e | E5: 5066 1 0000 | G5: 211 | H5: 40 | I5: 40.8 | J5: 47.35 | K5: ja | L5: nee | M5: nee | N5: nee
B6: Weekend Vrij (Bijabonnement) | C6: Red | D6: 2e | E6: 5066 2 6500 & 5082 2 0000 | G6: 212 | H6: 24 | I6: 24.4 | J6: 28.35 | K6: ja | L6: nee | M6: nee | N6: nee
B7: Weekend Vrij (Bijabonnement) | C7: Red | D7: 1e | E7: 5066 1 6500 & 5082 1 0000 | G7: 211 | H7: 30 | I7: 30.5 | J7: 36.35 | K7: ja | L7: nee | M7: nee | N7: nee
B8: Dal Vrij | C8: Vol | D8: 2e | E8: 5065 2 0000 | G8: 214 | H8: 106 | I8: 107.9 | J8: 119.95 | K8: ja | L8: nee | M8: nee | N8: nee
B9: Dal Vrij | C9: Vol | D9: 1e | E9: 5065 1 0000 | G9: 213 | H9: 134 | I9: 136.4 | J9: 159.95 | K9: ja | L9: nee | M9: nee | N9: nee
B10: Dal Vrij (Bijabonnement) | C10: Red | D10: 2e | E10: 5065 2 6500 & 5081 2 0000 | G10: 214 | H10: 46 | I10: 46.8 | J10: 54.95 | K10: ja | L10: nee | M10: nee | N10: nee
B11: Dal Vrij (Bijabonnement) | C11: Red | D11: 1e | E11: 5065 1 6500 & 5081 1 0000 | G11: 213 | H11: 72 | I11: 73.3 | J11: 87.95 | K11: ja | L11: nee | M11: nee | N11: nee
B12: BTM vrij particulier (OV-deel bij Dal Vrij) | C12: Vol | D12: nvt | G12: - | H12: 255.29167 | I12: 260.66667 | K12: ja | L12: nee | M12: nee | N12: nee
B13: BTM vrij particulier (OV-deel bij Dal Vrij bijabonnement) | G13: - | H13: 36.4 | I13: 37.2 | K13: ja | L13: nee | M13: nee | N13: nee
B14: Altijd Voordeel | C14: nvt | E14: 5067 1 / 2 | G14: 215 & 216 1 / 2 | H14: 23 | I14: 24.2 | J14: 26.7 | K14: ja | L14: nee | M14: nee | N14: nee
B15: Altijd Voordeel MAAND | C15: nvt | E15: 5077 1 & 5095 2 | G15: 51 & 52 | H15: 28 | I15: 28.5 | J15: x | K15: ja | L15: nee | M15: nee | N15: nee
B16: Kids Vrij | C16: Vol | E16: 5078 0 0000 | G16: 30 | H16: 0 | I16: 0 | J16: - | K16: ja | L16: nee | M16: nee | N16: nee
B17: Kids Vrij (Bijabonnement) | C17: Red | E17: 5079 0 0000 | G17: 30 | H17: 0 | I17: 0 | J17: - | K17: ja | L17: nee | M17: nee | N17: nee
B18: Altijd Vrij | C18: Vol | D18: 2e | E18: 5069 2 0000 | G18: 220 | H18: 356 | I18: 362.4 | J18: 353.8 | K18: ja | L18: nee | M18: nee | N18: nee
B19: Altijd Vrij | C19: Vol | D19: 1e | E19: 5069 1 0000 | G19: 219 | H19: 602 | I19: 612.5 | J19: 601.5 | K19: ja | L19: nee | M19: nee | N19: nee
B20: Maandkaart Altijd Vrij 1 maand | C20: Vol | D20: 2e | E20: 5329 2 0000 | G20: 55 | H20: 427.2 | I20: 434.9 | J20: 424.6 | K20: ja | L20: nee | M20: nee | N20: nee | O20: Prepaid kaart, geen abonnement. Te koop sinds april 2021
B21: Maandkaart Altijd Vrij 3 maanden | C21: Vol | D21: 2e | E21: 5330 2 0000 | G21: 56 | H21: 1068 | I21: 1087.2 | J21: 1061.4 | K21: ja | L21: nee | M21: nee | N21: nee | O21: Prepaid kaart, geen abonnement. Te koop sinds april 2021
B22: Maandkaart Altijd Vrij 1 maand | C22: Vol | D22: 1e | E22: 5329 1 0000 | G22: 55 | H22: 722.4 | I22: 735 | J22: 721.8 | K22: ja | L22: nee | M22: nee | N22: nee | O22: Prepaid kaart, geen abonnement. Te koop sinds april 2021
B23: Maandkaart Altijd Vrij 3 maanden | C23: Vol | D23: 1e | E23: 5330 1 0000 | G23: 56 | H23: 1806 | I23: 1837.5 | J23: 1804.5 | K23: ja | L23: nee | M23: nee | N23: nee | O23: Prepaid kaart, geen abonnement. Te koop sinds april 2021
B24: Altijd Vrij (Bijabonnement) | C24: Red | D24: 2e | E24: 5069 2 ZK 16 (= kortingscode in ECC) *) | G24: 220 | H24: 165 | I24: 168 | K24: ja | L24: nee | M24: nee | N24: nee
B25: Altijd Vrij (Bijabonnement) | C25: Red | D25: 1e | E25: 5069 1 ZK 16 (= kortingscode in ECC) *) | G25: 219 | H25: 356 | I25: 362.4 | K25: ja | L25: nee | M25: nee | N25: nee
B26: BTM Vrij (OV-deel bij Altijd Vrij) | C26: Vol | D26: nvt | E26: 5176 | G26: 600 | H26: 60.55 | I26: 61.85 | K26: nee | L26: nee | M26: nee | N26: nee
B27: BTM Vrij (OV-deel bij Altijd Vrij) (Bijabonnement) | C27: Red | D27: nvt | E27: 5176 (met kortingscode in ECC) | G27: 600 | H27: 36.4 | I27: 37.2 | K27: nee | L27: nee | M27: nee | N27: nee
B28: Dal Voordeel | C28: nvt | D28: nvt | E28: 5064 1 / 2 | G28: 209 & 210 1 / 2 | H28: 60 | I28: 61.2 | J28: 67.2 | K28: ja | L28: nee | M28: nee | N28: nee
B29: OV Voordeel MAAND (OV-deel i.c.m. Altijd Voordeel) | C29: nvt | E29: 5125 0 0000 | G29: 610 | H29: 12 | I29: 12 | K29: nee | L29: nee | M29: nee | N29: nee
B30: OV Voordeel JAAR (OV-deel i.c.m. Altijd Voordeel) | C30: nvt | E30: 5126 0 0000 | G30: 601 | H30: 144 | I30: 144 | K30: nee | L30: nee | M30: nee | N30: nee
B31: VDU | C31: nvt | E31: 1042 | G31: nvt | H31: 60 | I31: 61.2 | J31: 67.2 | K31: ja | L31: nee | M31: nee | N31: nee
B32: Keuzedagen | D32: 2e | E32: 5134 2 / 5083 2 | G32: 91 / 90 | H32: 26 | I32: 26.5 | J32: 27.5 | K32: ja | L32: nee | M32: nee | N32: nee
B33: Keuzedagen | D33: 1e | E33: 5134 1 / 5083 1 | G33: 91 / 90 | H33: 51 | I33: 51.9 | J33: 53.7 | K33: ja | L33: nee | M33: nee | N33: nee
B34: Toeslag Keuzedagen op Papier | G34: - | H34: 11 | I34: 11.2 | J34: 11.6 | K34: ja | L34: nee | M34: nee | N34: nee
B35: Totaalprijs VDU +Keuzedagen op CT | D35: 2e | G35: - | H35: 97 | I35: 98.9 | J35: 106.3 | K35: ja | L35: nee | M35: nee | N35: nee
B36: Totaalprijs VDU +Keuzedagen op CT | D36: 1e | G36: - | H36: 122 | I36: 124.3 | J36: 132.5 | K36: ja | L36: nee | M36: nee | N36: nee
B37: NS Flex administratie kosten | G37: - | H37: 10 | I37: 10 | J37: 10 | K37: nee | L37: nee | M37: nee | N37: nee
B38: NS Flex basis | D38: nvt | G38: 550 | H38: 0 | I38: 0 | J38: - | K38: nee | L38: nee | M38: nee | N38: nee
B39: NS Flex Weekend Voordeel | D39: nvt | G39: 550 | H39: 2 | I39: 2 | J39: 2.2 | K39: ja | L39: nee | M39: nee | N39: ja
B40: NS Flex Weekend Vrij zonder dalkorting | D40: 2e | G40: 550 | H40: 31 | I40: 31.6 | J40: 34.95 | K40: ja | L40: nee | M40: nee | N40: ja | O40: Korting 65+ is 10,30 euro
B41: NS Flex Weekend Vrij zonder dalkorting | D41: 1e | G41: 550 | H41: 37 | I41: 37.7 | J41: 43.95 | K41: ja | L41: nee | M41: nee | N41: ja | O41: Korting 65+ is 10,30 euro
B42: NS Flex Weekend Vrij met dalkorting | D42: 2e | G42: 550 | H42: 34 | I42: 34.7 | J42: 38.35 | K42: ja | L42: nee | M42: nee | N42: ja | O42: Korting 65+ is 10,30 euro
B43: NS Flex Weekend Vrij met dalkorting | D43: 1e | G43: 550 | H43: 40 | I43: 40.8 | J43: 47.35 | K43: ja | L43: nee | M43: nee | N43: ja | O43: Korting 65+ is 10,30 euro
B44: NS Flex Dal Voordeel | D44: nvt | G44: 550 | H44: 5 | I44: 5.1 | J44: 5.6 | K44: ja | L44: nee | M44: nee | N44: ja
B45: NS Flex Dal Vrij | D45: 2e | G45: 550 | H45: 106 | I45: 107.9 | J45: 119.95 | K45: ja | L45: nee | M45: nee | N45: ja | O45: Korting 65+ is 61,10 euro
B46: NS Flex Dal Vrij | D46: 1e | G46: 550 | H46: 134 | I46: 136.4 | J46: 159.95 | K46: ja | L46: nee | M46: nee | N46: ja | O46: Korting 65+ is 63,10 euro
B47: NS Flex Altijd Voordeel | D47: nvt | G47: 550 | H47: 23 | I47: 24.2 | J47: 26.7 | K47: ja | L47: nee | M47: nee | N47: ja
B48: NS Flex Altijd Vrij | D48: 2e | G48: 550 | H48: 356 | I48: 362.4 | J48: 353.8 | K48: ja | L48: nee | M48: nee | N48: ja
B49: NS Flex Altijd Vrij | D49: 1e | G49: 550 | H49: 602 | I49: 612.5 | J49: 601.5 | K49: ja | L49: nee | M49: nee | N49: ja
B50: NS IC Direct Toeslag Vrij | D50: nvt | G50: - | H50: 62 | I50: 63.1 | J50: 67.8 | K50: ja | L50: nee | M50: nee | N50: ja
B51: NS Flex 1e klas factor | C51: nvt | D51: nvt | G51: 550 | H51: 0.65 | I51: 0.67 | J51: 0.67 | K51: ja | L51: nee | M51: nee | N51: ja
B52: NS Flex 1e klas factor weekend | C52: nvt | D52: nvt | G52: 550 | H52: 0.5 | I52: 0.67 | J52: 0.67 | K52: ja | L52: nee | M52: nee | N52: ja | O52: Check @MRP: communiceren jullie dit ook aan TLS?
B53: NS Flex Vol tarief in het weekend | C53: Vol | D53: 2e | G53: 550 | H53: 0 | I53: 0 | K53: ja | L53: nee | M53: nee | N53: ja
B54: NS Flex Vol tarief reizen buiten de spits | C54: Vol | D54: 2e | G54: 550 | H54: 0 | I54: 0 | K54: ja | L54: nee | M54: nee | N54: ja
B55: NS Flex Vol tarief reizen tijdens de spits | C55: Vol | D55: 2e | G55: 550 | H55: 0 | I55: 0 | K55: ja | L55: nee | M55: nee | N55: ja
B56: NS Flex 40% korting in het weekend | C56: Red | D56: 2e | G56: 550 | H56: 2 | I56: 2 | J56: 2.2 | K56: ja | L56: nee | M56: nee | N56: ja
B57: NS Flex 40% korting buiten de spits | C57: Red | D57: 2e | G57: 550 | H57: 3 | I57: 3.1 | J57: 3.4 | K57: ja | L57: nee | M57: nee | N57: ja
B58: NS Flex 20% korting tijdens de spits | C58: Red | D58: 2e | G58: 550 | H58: 18 | I58: 19.1 | J58: 21.1 | K58: ja | L58: nee | M58: nee | N58: ja
B59: NS Flex Vrij reizen in het weekend | C59: Red | D59: 2e | G59: 550 | H59: 31 | I59: 31.6 | J59: 34.95 | K59: ja | L59: nee | M59: nee | N59: ja
B60: NS Flex Vrij reizen buiten de spits | C60: Red | D60: 2e | G60: 550 | H60: 75 | I60: 76.3 | J60: 85 | K60: ja | L60: nee | M60: nee | N60: ja
B61: NS Flex Vrij reizen tijdens de spits | C61: Red | D61: 2e | G61: 550 | H61: 250 | I61: 254.5 | J61: 233.85 | K61: ja | L61: nee | M61: nee | N61: ja
B62: NS Flex Vrij reizen in het weekend - toeslag 1e klas | C62: Red | D62: 1e | G62: 550 | H62: 6 | I62: 6.1 | J62: 9 | K62: ja | L62: nee | M62: nee | N62: ja | O62: toeslag boven op 2e klas
B63: NS Flex Vrij reizen buiten de spits - toeslag 1e klas | C63: Red | D63: 1e | G63: 550 | H63: 22 | I63: 22.4 | J63: 31 | K63: ja | L63: nee | M63: nee | N63: ja | O63: toeslag boven op 2e klas
B64: NS Flex Vrij reizen tijdens de spits - toeslag 1e klas | C64: Red | D64: 1e | G64: 550 | H64: 218 | I64: 221.6 | J64: 207.7 | K64: ja | L64: nee | M64: nee | N64: ja | O64: toeslag boven op 2e klas
B65: Landelijk Opstaptarief | D65: 1e en 2e | G65: - | H65: 0.99 | I65: 1.01 | J65: 1.08 | K65: ja | L65: nee | M65: nee | N65: nee
B66: Dagkaart | D66: 2e | E66: 5052 2 0000 | G66: 85 | H66: 54.8 | I66: 56 | J66: 58.8 | K66: ja | L66: nee | M66: nee | N66: nee
B67: Dagkaart | D67: 1e | E67: 5052 1 0000 | G67: 85 | H67: 90.42 | I67: 93.52 | J67: 99.96 | K67: ja | L67: nee | M67: nee | N67: nee
B68: Euregioticket | D68: 2e | G68: 427 | H68: 19 | I68: 19 | J68: 20 | K68: ja | L68: ja | M68: nee | N68: ja
B69: Railrunner | D69: Klasseloos | E69: 5132 2 | G69: 84 | H69: 2.5 | I69: 2.5 | J69: 2.5 | K69: ja | L69: ja | M69: nee | N69: nee | O69: Toevoegen van CT Toeslag (1 euro)
B70: Easy ticket to Amsterdam | C70: Vol | D70: 2e | G70: - | H70: 4.6 | I70: 4.7 | J70: 4.9 | K70: nee | L70: nee | M70: nee | N70: nee
B71: Easy ticket to Amsterdam | C71: Vol | D71: 1e | G71: - | H71: 7.59 | I71: 7.85 | J71: 8.33 | K71: nee | L71: nee | M71: nee | N71: nee
B72: Easy ticket to Schiphol Airport | C72: Vol | D72: 2e | G72: - | H72: 4.6 | I72: 4.7 | J72: 4.9 | K72: nee | L72: nee | M72: nee | N72: nee
B73: Easy ticket to Schiphol Airport | C73: Vol | D73: 1e | G73: - | H73: 7.59 | I73: 7.85 | J73: 8.33 | K73: nee | L73: nee | M73: nee | N73: nee
B74: NS Groepsticket Daluren 4 pers. Enkele reis (= e-ticket) | C74: Vol | D74: 2e | G74: - | H74: 32 | I74: 32 | J74: 34 | K74: ja | L74: nee | M74: nee | N74: nee
B75: NS Groepsticket Daluren extra persoon (5e t/m 7e) | C75: Vol | D75: 2e | G75: - | H75: 2 | I75: 3 | J75: 4 | K75: ja | L75: nee | M75: nee | N75: nee
B76: 1-day Amsterdam Travel Ticket | D76: 2e | G76: 481 | H76: 17 | I76: 17 | J76: 18 | K76: ja | L76: nee | M76: nee | N76: nee | O76: Geen verhoging
B77: 2-day Amsterdam Travel Ticket | D77: 2e | G77: 482 | H77: 22.5 | I77: 22.5 | J77: 24 | K77: ja | L77: nee | M77: nee | N77: nee | O77: Geen verhoging
B78: 3-day Amsterdam Travel Ticket | D78: 2e | G78: 483 | H78: 28 | I78: 28 | J78: 30 | K78: ja | L78: nee | M78: nee | N78: nee | O78: Geen verhoging
B79: 1-Dag Amsterdam & Region Travel Ticket | D79: 2e | G79: 471 | H79: 19.5 | I79: 19.5 | J79: 21 | K79: ja | L79: nee | M79: nee | N79: nee | O79: Geen verhoging
B80: 2-Dag Amsterdam & Region Travel Ticket | D80: 2e | G80: 472 | H80: 28 | I80: 28 | J80: 31.5 | K80: ja | L80: nee | M80: nee | N80: nee | O80: Geen verhoging
B81: 3-Dag Amsterdam & Region Travel Ticket | D81: 2e | G81: 473 | H81: 36.5 | I81: 36.5 | J81: 40.5 | K81: ja | L81: nee | M81: nee | N81: nee | O81: Geen verhoging
B82: 4-Dag Amsterdam & Region Travel Ticket | D82: 2e | G82: 474 | H82: 45 | I82: 45 | J82: - | K82: ja | L82: nee | M82: nee | N82: nee | O82: Geen verhoging
B83: 5-Dag Amsterdam & Region Travel Ticket | D83: 2e | G83: 475 | H83: - | I83: - | K83: ja | L83: nee | M83: nee | N83: nee | O83: Geen verhoging
B84: Holland Travel Ticket | D84: 2e | G84: - | H84: 63 | I84: 64 | J84: 70 | K84: ja | L84: nee | M84: nee | N84: nee
B85: Holland Travel Ticket off-peak | D85: 2e | G85: - | H85: 43 | I85: 44 | J85: 48 | K85: ja | L85: nee | M85: nee | N85: nee
B86: Almere Ticket 10 ritten dal | G86: - | H86: 26.5 | I86: 29.5 | J86: 31.65 | K86: nee | L86: nee | M86: nee | N86: nee | O86: Nog niet bekend
B87: Almere Ticket 10 ritten dag | G87: - | H87: 37 | I87: 37 | J87: 39.7 | K87: nee | L87: nee | M87: nee | N87: nee
B88: 1 dag GouweDal (Dag Daluren) | D88: 2e | G88: - | H88: 4.4 | I88: 4.4 | J88: 4.7 | K88: nee | L88: nee | M88: nee | N88: nee | O88: geen verhoging, in overleg met Derk Querido en Bart van Zaalen
B89: 1 dag GouweDal (Dag Daluren) | D89: 1e | G89: - | H89: 5.9 | I89: 5.9 | J89: 6.4 | K89: nee | L89: nee | M89: nee | N89: nee
B90: 1 dag Gouwe Kind | D90: 2e | G90: - | H90: 1 | I90: 1 | J90: 1 | K90: nee | L90: nee | M90: nee | N90: nee
B91: 5 GouweDal (Dag Daluren) | D91: 2e | G91: - | H91: 20.5 | I91: 20.5 | J91: 22.3 | K91: nee | L91: nee | M91: nee | N91: nee
B92: 5 GouweDal (Dag Daluren) | D92: 1e | G92: - | H92: 28 | I92: 28 | J92: 30.4 | K92: nee | L92: nee | M92: nee | N92: nee
B93: Gouwe fietskaart | G93: - | H93: 3.3 | I93: 3.3 | J93: 3.5 | K93: nee | L93: nee | M93: nee | N93: nee
B94: OV Vrij | C94: Vol | D94: 2e | E94: 5069 2 0000 | F94: & 5176 | G94: 220 & 600 | H94: 416.55 | I94: 424.25 | K94: ja | L94: nee | M94: nee | N94: nee | O94: *) In systeem SAP ECC: Prijs is basisprijs - kortingbedrag = nettobedrag
B95: OV Vrij | C95: Vol | D95: 1e | E95: 5069 1 0000 | F95: & 5176 | G95: 219 & 600 | H95: 662.55 | I95: 674.35 | K95: ja | L95: nee | M95: nee | N95: nee | O95: Samengestelde producten staan niet als zodanig in GPP: betreft combinatie van Trein- en BTM product met aparte codering
B96: OV Vrij Bijabo | C96: Red | D96: 2e | E96: 5069 2 ZK 16 (= kortingscode in ECC) *) | F96: & 5176 (met kortingscode in ECC) *) | G96: 220 & 600 | H96: 201.4 | I96: 205.2 | K96: ja | L96: nee | M96: nee | N96: nee
B97: OV Vrij Bijabo | C97: Red | D97: 1e | E97: 5069 1 ZK 16 (= kortingscode in ECC) *) | F97: & 5176 (met kortingscode in ECC) *) | G97: 219 & 600 | H97: 392.4 | I97: 399.6 | K97: ja | L97: nee | M97: nee | N97: nee
B98: Dal Vrij Bijabo + BTM Vrij | C98: Red | D98: 2e | E98: 5065 2 6500 & 5081 2 0000 | F98: & 5176 (met kortingscode in ECC) *) | G98: 214 & 600 | H98: 82.4 | I98: 84 | K98: ja | L98: nee | M98: nee | N98: nee
B99: Dal Vrij Bijabo + BTM Vrij | C99: Red | D99: 1e | E99: 5065 1 6500 & 5081 1 0000 | F99: & 5176 (met kortingscode in ECC) *) | G99: 213 & 600 | H99: 108.4 | I99: 110.5 | K99: ja | L99: nee | M99: nee | N99: nee
B100: Overgang 2-1 enkele reis zonder korting | E100: Geen regulier product meer. | F100: 23 t.b.v. ORP | G100: - | K100: ja | L100: nee | M100: nee | N100: nee
B101: Fietskaart dal | D101: Geen | F101: 239 t.b.v.ORP | G101: 120 | H101: 7.5 | I101: 7.5 | J101: 7.5 | K101: ja | L101: ja | M101: nee | N101: nee
B102: Dagkaart hond | D102: Geen | F102: 73 t.b.v. ORP | G102: 121 | H102: 3.3 | I102: 3.3 | J102: 3.3 | K102: ja | L102: nee | M102: nee | N102: nee
...

Sheet LTK
B3: Productnaam | C3: Productnr | D3: Contract Tariff Id | E3: 2018 | F3: 2019 | G3: 2020 | H3: 2021 | I3: 2022 | J3: 2023 | K3: DEF | L3: Acceptatie OVC | M3: Verkoop POS/quarto | N3: Verkoop Backoffice | O3: Verkoop Webshop
B4: Reisproducten OV-Chipkaart
B5: Opstaptarief (bus en trein)* | C5: nvt | D5: nvt | E5: 0.9 | F5: 0.96 | G5: 0.98 | H5: 0.99 | I5: 1.01 | J5: 1.08 | L5: ja | M5: nee | N5: nee | O5: nee
B6: Opstaptarief met 20% korting | C6: nvt | D6: nvt | E6: 0.72 | F6: 0.77 | G6: 0.78 | H6: 0.79 | I6: 0.81 | J6: =0.8*J5 -> 0.864 | L6: ja | M6: nee | N6: nee | O6: nee
B7: Opstaptarief met 34% korting | C7: nvt | D7: nvt | E7: 0.59 | F7: 0.63 | G7: 0.65 | H7: 0.65 | I7: 0.67 | J7: =0.66*J5 -> 0.7128 | L7: ja | M7: nee | N7: nee | O7: nee
B8: Opstaptarief met 40% korting | C8: nvt | D8: nvt | E8: 0.54 | F8: 0.58 | G8: 0.59 | H8: 0.59 | I8: 0.61 | J8: =0.6*J5 -> 0.648 | L8: ja | M8: nee | N8: nee | O8: nee
B9: Opstaptarief met 34% + 20% korting | C9: nvt | D9: nvt | E9: 0.48 | F9: 0.51 | G9: 0.52 | H9: 0.52 | I9: 0.53 | J9: =(0.66*J5)*0.8 -> 0.57024 | L9: ja | M9: nee | N9: nee | O9: nee
B11: Altijd Korting (LTK2) maandabonnement (kind) | C11: 4010 | D11: 4011 | E11: 17.5 | F11: 19 | G11: 19.5 | H11: 19.5 | I11: 20 | J11: 21.55 | L11: ja | M11: ja | N11: ja | O11: ja
B12: Altijd Korting (LTK2) maandabonnement (tiener) | C12: 4010 | D12: 4012 | E12: 17.5 | F12: 19 | G12: 19.5 | H12: 19.5 | I12: 20 | J12: 21.55 | L12: ja | M12: ja | N12: ja | O12: ja
B13: Altijd Korting (LTK2) maandabonnement (volwassene) | C13: 4010 | D13: 4013 | E13: 17.5 | F13: 19 | G13: 19.5 | H13: 19.5 | I13: 20 | J13: 21.55 | L13: ja | M13: ja | N13: ja | O13: ja
B14: Altijd Korting (LTK2) maandabonnement (senior) | C14: 4010 | D14: 4014 | E14: 17.5 | F14: 19 | G14: 19.5 | H14: 19.5 | I14: 20 | J14: 21.55 | L14: ja | M14: ja | N14: ja | O14: ja
B15: Altijd Korting (LTK2) jaarabonnement (kind) | C15: 4000 | D15: 4001 | E15: 175 | F15: 190 | G15: 195 | H15: 195 | I15: =I14*10 -> 200 | J15: 215.5 | L15: ja | M15: ja | N15: ja | O15: ja
B16: Altijd Korting (LTK2) jaarabonnement (tiener) | C16: 4000 | D16: 4002 | E16: 175 | F16: 190 | G16: 195 | H16: 195 | I16: 200 | J16: 215.5 | L16: ja | M16: ja | N16: ja | O16: ja
B17: Altijd Korting (LTK2) jaarabonnement (volwassene) | C17: 4000 | D17: 4003 | E17: 175 | F17: 190 | G17: 195 | H17: 195 | I17: 200 | J17: 215.5 | L17: ja | M17: ja | N17: ja | O17: ja
B18: Altijd Korting (LTK2) jaarabonnement (senior) | C18: 4000 | D18: 4004 | E18: 175 | F18: 190 | G18: 195 | H18: 195 | I18: 200 | J18: 215.5 | L18: ja | M18: ja | N18: ja | O18: ja
B20: OV jaarkaart 1 persoon (BTM deel) | C20: 600 | D20: 600 | E20: 666 | F20: 704.4 | G20: 720 | H20: 726.6 | I20: 742.2 | J20: 796 | L20: nee | M20: nee | N20: nee | O20: nee
B21: Bij-abonnementen (i.c.m. Dal Vrij en Spoor Vrij) | C21: 7 | D21: 7 | E21: 400.8 | F21: 423.6 | G21: 433.2 | H21: 436.8 | I21: 446.4 | J21: - | L21: ja | M21: nee | N21: nee | O21: nee
B22: 1 Dag OV vrij (BTM-deel) | C22: 453 | D22: 453 | E22: 9.5 | F22: 9.5 | G22: 10 | H22: 10 | I22: 10 | J22: 10 | L22: ja | M22: nee | N22: nee | O22: nee
B23: Holland Travel Ticket (BTM deel) | C23: 440 | D23: 440 | E23: 7.5 | F23: 8 | G23: 8.2 | H23: 8.45 | I23: 8.63 | J23: 9.25 | L23: ja | M23: nee | N23: nee | O23: nee
B24: Holland Travel Ticket off peak (BTM deel) | C24: 443 | D24: 443 | E24: 7.5 | F24: 8 | G24: 8.2 | H24: 8.45 | I24: 8.63 | J24: 9.25 | L24: ja | M24: nee | N24: nee | O24: nee
B25: Holland Travel Ticket | C25: 440 | D25: 440 | G25: 62 | H25: 63 | L25: ja | M25: nee | N25: nee | O25: nee
B26: Holland Travel Ticket off peak | C26: 443 | D26: 443 | G26: 42 | H26: 43 | L26: ja | M26: nee | N26: nee | O26: nee
B27: OV voordeel supplement (maand) | C27: 610 | D27: 610 | E27: 11 | F27: 11.5 | G27: 12 | H27: 12 | I27: 12 | J27: - | L27: nee | M27: nee | N27: nee | O27: nee
B28: OV voordeel supplement (jaar) | C28: 601 | D28: 601 | E28: 132 | F28: 138 | G28: 144 | H28: 144 | I28: =I27*12 -> 144 | J28: - | L28: nee | M28: nee | N28: nee | O28: nee
B30: Budget Zeker (small) | C30: 611 | D30: 611 | E30: 509 | F30: 538 | G30: 550 | H30: 555 | I30: 567 | J30: 607.5 | L30: ja | M30: nee | N30: nee | O30: nee
B31: Budget Zeker (medium) | C31: 611 | D31: 611 | E31: 796 | F31: 842 | G31: 860 | H31: 868 | I31: 887 | J31: 951 | L31: ja | M31: nee | N31: nee | O31: nee
B32: Budget Zeker (large) | C32: 611 | D32: 611 | E32: 1207 | F32: 1276 | G32: 1305 | H32: 1317 | I32: 1345 | J32: 1442 | L32: ja | M32: nee | N32: nee | O32: nee
B34: Netabonnement voltarief (maand) (volwassene) | C34: 6510 | D34: 6513 | E34: 280.8 | F34: 296.95 | G34: 303.55 | H34: 306.35 | I34: 312.8 | J34: 335.45 | L34: ja | M34: ja | N34: ja | O34: ja
B35: Netabonnement reductietarief (maand) (kind) | C35: 6510 | D35: 6511 | E35: 185.35 | F35: 196 | G35: 200.35 | H35: 202.2 | I35: 206.45 | J35: 221.4 | L35: ja | M35: ja | N35: ja | O35: ja
B36: Netabonnement reductietarief (maand) (tiener) | C36: 6510 | D36: 6512 | E36: 185.35 | F36: 196 | G36: 200.35 | H36: 202.2 | I36: 206.45 | J36: 221.4 | L36: ja | M36: ja | N36: ja | O36: ja
B37: Netabonnement reductietarief (maand) (senior) | C37: 6510 | D37: 6514 | E37: 185.35 | F37: 196 | G37: 200.35 | H37: 202.2 | I37: 206.45 | J37: 221.4 | L37: ja | M37: ja | N37: ja | O37: ja
B38: Netabonnement Particulier voltarief (jaar) (volwassene) | C38: 6500 | D38: 6503 | E38: 2808 | F38: 2969.5 | G38: 3035.5 | H38: 3063.5 | I38: 3128 | J38: 3354.5 | L38: ja | M38: ja | N38: ja | O38: ja
B39: Netabonnement Particulier reductietarief (jaar) (kind) | C39: 6500 | D39: 6501 | E39: 1853.5 | F39: 1960 | G39: 2003.5 | H39: 2022 | I39: 2064.5 | J39: 2214 | L39: ja | M39: ja | N39: ja | O39: ja
B40: Netabonnement Particulier reductietarief (jaar) (tiener) | C40: 6500 | D40: 6502 | E40: 1853.5 | F40: 1960 | G40: 2003.5 | H40: 2022 | I40: 2064.5 | J40: 2214 | L40: ja | M40: ja | N40: ja | O40: ja
B41: Netabonnement Particulier reductietarief (jaar) (senior) | C41: 6500 | D41: 6504 | E41: 1853.5 | F41: 1960 | G41: 2003.5 | H41: 2022 | I41: 2064.5 | J41: 2214 | L41: ja | M41: ja | N41: ja | O41: ja
B42: Netabonnement Jaar (zakelijk) (volwassene) | C42: 6505 | D42: 6518 | E42: 1367.8 | F42: 2969.5 | G42: 3035.5 | H42: =H38 -> 3063.5 | I42: 3128 | J42: =J38 -> 3354.5 | L42: ja | M42: nee | N42: nee | O42: nee
B43: Netabonnement Jaar (zakelijk) (kind) | C43: 6505 | D43: 6516 | E43: 1367.8 | F43: 1960 | G43: 2003.5 | H43: =H41 -> 2022 | I43: 2064.5 | J43: 2214 | L43: ja | M43: nee | N43: nee | O43: nee
B44: Netabonnement Jaar (zakelijk) (tiener) | C44: 6505 | D44: 6517 | E44: 1367.8 | F44: 1960 | G44: 2003.5 | H44: 2022 | I44: 2064.5 | J44: 2214 | L44: ja | M44: nee | N44: nee | O44: nee
B45: Netabonnement Jaar (zakelijk) (senior) | C45: 6505 | D45: 6519 | E45: 1367.8 | F45: 1960 | G45: 2003.5 | H45: =H43 -> 2022 | I45: 2064.5 | J45: 2214 | L45: ja | M45: nee | N45: nee | O45: nee
B46: Netabonnement zakelijk (jaar) | C46: 6505 | D46: 6505 | E46: 1367.8 | F46: 1446.5 | G46: 1478.7 | H46: 1492.2 | I46: 1523.8 | J46: 1634 | L46: ja | M46: nee | N46: ja | O46: nee
B48: Sentire (kind) | C48: 2010 | D48: 2011 | E48: 0 | F48: 0 | G48: 0 | H48: 0 | I48: 0 | L48: ja | M48: ja | N48: nee | O48: nee
B49: Sentire (tiener) | C49: 2010 | D49: 2012 | E49: 0 | F49: 0 | G49: 0 | H49: 0 | I49: 0 | L49: ja | M49: ja | N49: nee | O49: nee
B50: Sentire (volwassene) | C50: 2010 | D50: 2013 | E50: 0 | F50: 0 | G50: 0 | H50: 0 | I50: 0 | L50: ja | M50: ja | N50: nee | O50: nee
B51: Sentire (senior) | C51: 2010 | D51: 2014 | E51: 0 | F51: 0 | G51: 0 | H51: 0 | I51: 0 | L51: ja | M51: ja | N51: nee | O51: nee

Sheet Sales producten
A2: Productnaam | B2: Regionale tarieven | C2: Productnr | D2: Contract Tariff Id | E2: 2017 | F2: 2018 | G2: 2019 | H2: 2020 | I2: 2021 | J2: 2022 def | K2: 2023
A3: SALES
A4: Brabant Altijd Vrij jaar zakelijk | B4: Zuid- Brabant West | C4: 1283 | D4: 1283 | E4: 1164 | F4: 1189 | G4: 1269.1 | H4: 1310.14 | J4: 1376.82 | K4: 1490.27
A5: Meedoen / Dalvrij West-Brabant Streek kind | B5: Zuid- Brabant West | C5: 8125 | D5: 8126 | F5: 87.5 | G5: 90 | H5: 90 | I5: 90 | J5: 94.5 | K5: 101.35
A6: Meedoen / Dalvrij West-Brabant Streek jeugd | B6: Zuid- Brabant West | C6: 8125 | D6: 8127 | F6: 87.5 | G6: 90 | H6: 90 | I6: 90 | J6: 94.5 | K6: 101.35
A7: Meedoen / Dalvrij West-Brabant Streek volwassen | B7: Zuid- Brabant West | C7: 8125 | D7: 8128 | F7: 87.5 | G7: 90 | H7: 90 | I7: 90 | J7: 94.5 | K7: 101.35
A8: Meedoen / Dalvrij West-Brabant Streek senior | B8: Zuid- Brabant West | C8: 8125 | D8: 8129 | F8: 87.5 | G8: 90 | H8: 90 | I8: 90 | J8: 94.5 | K8: 101.35
A9: Meedoen / Dalvrij West-Brabant Stad (Breda) en Streek kind | B9: Zuid- Brabant West | C9: 8130 | D9: 8131 | F9: 127.5 | G9: 131 | H9: 131 | I9: 131 | J9: 137.5 | K9: 147.45
A10: Meedoen / Dalvrij West-Brabant Stad (Breda) en Streek jeugd | B10: Zuid- Brabant West | C10: 8130 | D10: 8132 | F10: 127.5 | G10: 131 | H10: 131 | I10: 131 | J10: 137.5 | K10: 147.45
A11: Meedoen / Dalvrij West-Brabant Stad (Breda) en Streek volwassen | B11: Zuid- Brabant West | C11: 8130 | D11: 8133 | F11: 127.5 | G11: 131 | H11: 131 | I11: 131 | J11: 137.5 | K11: 147.45
A12: Meedoen / Dalvrij West-Brabant Stad (Breda) en Streek senior | B12: Zuid- Brabant West | C12: 8130 | D12: 8134 | F12: 127.5 | G12: 131 | H12: 131 | I12: 131 | J12: 137.5 | K12: 147.45
A13: zakelijk divers | B13: Zuid- Brabant West | K13: nvt.
A14: WMO divers | B14: Zuid- Brabant West | K14: nvt.
A15: sales divers CT kaarten | B15: Zuid- Brabant West | K15: nvt.
A16: Brabant Altijd Vrij jaar zakelijk | B16: Zuid - Brabant Oost | C16: 1283 | D16: 1283 | E16: 1189 | F16: 1269.1 | G16: 1310.14 | J16: 1376.82 | K16: 1490.27
A17: Meedoen / Dalvrij Tilburg stad kind | B17: Zuid - Brabant Oost | C17: 8120 | D17: 8121 | E17: 87.5 | F17: 100 | G17: 110 | J17: 115.5 | K17: 125
A18: Meedoen / Dalvrij Tilburg stad jeugd | B18: Zuid - Brabant Oost | C18: 8120 | D18: 8122 | E18: 87.5 | F18: 100 | G18: 110 | J18: 115.5 | K18: 125
A19: Meedoen / Dalvrij Tilburg stad volwassen | B19: Zuid - Brabant Oost | C19: 8120 | D19: 8123 | E19: 87.5 | F19: 100 | G19: 110 | J19: 115.5 | K19: 125
A20: Meedoen / Dalvrij Tilburg stad senior | B20: Zuid - Brabant Oost | C20: 8120 | D20: 8124 | E20: 87.5 | F20: 100 | G20: 110 | J20: 115.5 | K20: 125
A21: zakelijk divers | B21: Zuid - Brabant Oost | K21: nvt.
A22: WMO divers | B22: Zuid - Brabant Oost | K22: nvt.
A23: sales divers CT kaarten | B23: Zuid - Brabant Oost | K23: nvt.

Sheet Z-BW
B2: Regionale tarieven Brabant West | S2: Voorwaarden
B3: Productnaam | C3: Productnr | D3: Contract Tariff Id | E3: 2017 | F3: 2018 | G3: 2019 | H3: 2020 | I3: 2021 | J3: 2022 def | K3: 2023 | M3: DEF | N3: Acceptatie OVC | O3: Verkoop POS/quarto | P3: Verkoop Backoffice | Q3: Verkoop Webshop | S3: Geldigheid (dal/spits) | T3: Modaliteit (trein/(buurtbus)/HOV) | U3: Leeftijd (65+/kind/etc) | V3: Gebied (landelijk/1 regio of meer) | W3: Uitzonderingen
B4: BRABANT OV-chipkaart
B5: Kilometertarief | C5: nvt | D5: nvt | E5: 0.151 | F5: 0.157 | G5: 0.167 | H5: 0.172 | I5: 0.17542151 | J5: 0.181 | K5: 0.188 | N5: ja | O5: nee | P5: e-ticket van-naar | Q5: e-ticket van-naar
B6: Kilometer tarief Nightliner flatfare | C6: nvt | D6: nvt | G6: 6.63 | H6: 4.5 | I6: 5 | J6: 5.16 | K6: 5.58 | N6: ja | O6: nee | P6: nee | Q6: nee
B7: Bravo Flex Bergen op Zoom lijn 820 flatfare van/naar station. | C7: nvt | D7: nvt | H7: 1.5 | I7: 1.5 | J7: 1.5 | K7: 1.5 | N7: ja | O7: nee | P7: nee | Q7: nee
B8: Bravo Flex Bergen op Zoom lijn 820 kris kras | C8: nvt | D8: nvt | H8: 1.5 | J8: 3.5 | K8: 3.5 | N8: ja | O8: nee | P8: nee | Q8: nee
B9: BARABANT Reisproducten OV-chipkaart maand (doorlopend)
B10: Brabant Jeugd maandabonnement 12 t/m 18 jarigen | C10: 1586 | D10: 1586 | E10: 87.6 | F10: 89.45 | G10: 95.47 | H10: 98.55 | I10: 100.44 | J10: 103.57 | K10: 112.1 | N10: ja | O10: ja | P10: ja | Q10: ja
B11: Brabant Altijd Vrij Anoniem | C11: 8020 | D11: 8020 | E11: 116.4 | F11: 118.9 | G11: 126.91 | H11: 131.01 | I11: 133.52 | J11: 137.68 | K11: 149.03 | N11: ja | O11: ja | P11: ja | Q11: nee
B12: Brabant Altijd Vrij Kind | C12: 8020 | D12: 8021 | E12: 116.4 | F12: 118.9 | G12: 126.91 | H12: 131.01 | I12: 133.52 | J12: 137.68 | K12: =K11 -> 149.03 | N12: ja | O12: ja | P12: ja | Q12: ja
B13: Brabant Altijd Vrij Tiener | C13: 8020 | D13: 8022 | E13: 116.4 | F13: 118.9 | G13: 126.91 | H13: 131.01 | I13: 133.52 | J13: 137.68 | K13: =K12 -> 149.03 | N13: ja | O13: ja | P13: ja | Q13: ja
B14: Brabant Altijd Vrij Volwassen | C14: 8020 | D14: 8023 | E14: 116.4 | F14: 118.9 | G14: 126.91 | H14: 131.01 | I14: 133.52 | J14: 137.68 | K14: =K13 -> 149.03 | N14: ja | O14: ja | P14: ja | Q14: ja
B15: Brabant Altijd Vrij Senior | C15: 8020 | D15: 8024 | E15: 116.4 | F15: 118.9 | G15: 126.91 | H15: 131.01 | I15: 133.52 | J15: 137.68 | K15: =K14 -> 149.03 | N15: ja | O15: ja | P15: ja | Q15: ja
B16: BRABANT Reisproducten OV-chipkaart kwartaal
B17: winterschoolliner 5 maanden | E17: nvt | F17: nvt | J17: 401.76 | K17: vervallen
B18: BARABANT Reisproducten OV-chipkaart jaar of onbepaalde tijd
B19: Brabant Dalkorting Kind | C19: 1580 | D19: 1582 | E19: 11.7 | F19: 11.95 | G19: 12.74 | H19: 13.15 | I19: 13.4 | J19: 13.82 | K19: 14.96 | N19: ja | O19: ja | P19: ja | Q19: ja
B20: Brabant Dalkorting Jeugd | C20: 1580 | D20: 1583 | E20: 11.7 | F20: 11.95 | G20: 12.74 | H20: 13.15 | I20: 13.4 | J20: 13.82 | K20: 14.96 | N20: ja | O20: ja | P20: ja | Q20: ja
B21: Brabant Dalkorting Volwassen | C21: 1580 | D21: 1584 | E21: 11.7 | F21: 11.95 | G21: 12.74 | H21: 13.15 | I21: 13.4 | J21: 13.82 | K21: 14.96 | N21: ja | O21: ja | P21: ja | Q21: ja
B22: Brabant Dalkorting Senior | C22: 1580 | D22: 1585 | E22: 11.7 | F22: 11.95 | G22: 12.74 | H22: 13.15 | I22: 13.4 | J22: 13.82 | K22: 14.96 | N22: ja | O22: ja | P22: ja | Q22: ja
B23: Brabant Altijd Vrij Anoniem | C23: 8025 | D23: 8025 | E23: 1164 | F23: 1189 | G23: 1269.1 | H23: 1310.14 | I23: 1335.17 | J23: 1376.82 | K23: 1490.27 | N23: ja | O23: ja | P23: ja | Q23: nee
B24: Brabant Altijd Vrij Kind | C24: 8025 | D24: 8026 | E24: 1164 | F24: 1189 | G24: 1269.1 | H24: 1310.14 | I24: 1335.17 | J24: 1376.82 | K24: =K23 -> 1490.27 | N24: ja | O24: ja | P24: ja | Q24: ja
B25: Brabant Altijd Vrij jeugd | C25: 8025 | D25: 8027 | E25: 1164 | F25: 1189 | G25: 1269.1 | H25: 1310.14 | I25: 1335.17 | J25: 1376.82 | K25: =K24 -> 1490.27 | N25: ja | O25: ja | P25: ja | Q25: ja
B26: Brabant Altijd Vrij Volwassen | C26: 8025 | D26: 8028 | E26: 1164 | F26: 1189 | G26: 1269.1 | H26: 1310.14 | I26: 1335.17 | J26: 1376.82 | K26: =K25 -> 1490.27 | N26: ja | O26: ja | P26: ja | Q26: ja
B27: Brabant Altijd Vrij Senior | C27: 8025 | D27: 8029 | E27: 1164 | F27: 1189 | G27: 1269.1 | H27: 1310.14 | I27: 1335.17 | J27: 1376.82 | K27: =K26 -> 1490.27 | N27: ja | O27: ja | P27: ja | Q27: ja
B28: BRABANT Wagenverkoopassortiment
B29: Ritkaartje | C29: nvt | D29: nvt | E29: 3.98 | F29: 4.24 | G29: 4.24 | H29: 4.38 | I29: 4.46 | J29: 4.59 | K29: 4.8
B30: Ritkaartje middellang | C30: nvt | D30: nvt | E30: 7.96 | F30: 8.48 | G30: 8.48 | H30: 8.76 | I30: 8.92 | J30: 9.18 | K30: =K29*2 -> 9.6
B31: Ritkaartje lang | C31: nvt | D31: nvt | E31: 11.94 | F31: 12.72 | G31: 12.72 | H31: 13.14 | I31: 13.38 | J31: 13.77 | K31: =K29*3 -> 14.4
B32: Ritkaartje (CT voorverkoop) | E32: 6.22 | F32: 4.24 | G32: 4.24 | H32: 4.38 | I32: 4.46 | J32: 4.59 | K32: =K29 -> 4.8 | N32: ja | O32: ja
B33: Dalurendagkaartje | C33: nvt | D33: nvt | E33: 6.22 | F33: 6.63 | G33: 6.63 | H33: 6.84 | I33: 6.97 | J33: 7.18 | K33: 7.55
B34: Dalurendagkaartje middellang | C34: nvt | D34: nvt | E34: 12.44 | F34: 13.25 | G34: 13.25 | H34: 13.68 | I34: 13.94 | J34: 14.36 | K34: =K33*2 -> 15.1
B35: Dalurendagkaartje lang | C35: nvt | D35: nvt | E35: 12.44 | F35: 13.25 | G35: nvt | H35: nvt | I35: 20.91 | J35: 21.54 | K35: =K33*3 -> 22.65
B36: Dalurendagkaartje (CT voorverkoop) | C36: 8046 | D36: 8046 | E36: 6.22 | F36: 6.63 | G36: 6.63 | H36: 6.84 | I36: 6.97 | J36: 7.18 | K36: =K33 -> 7.55 | N36: ja | O36: ja
B37: Stadskaartje (CT voorverkoop) | C37: 8160 | D37: 8160 | H37: nvt | J37: 4.59 | K37: 4.97 | N37: ja
B38: Stadskaartje | C38: nvt | D38: nvt | G38: 3 | H38: 4.38 | I38: 4.46 | J38: 4.59 | K38: 4.97
B39: Ritkaartje Nightliner | C39: nvt | D39: nvt | E39: 6.22 | F39: 6.63 | G39: 6.63 | H39: 6.84 | I39: 7 | J39: 7 | K39: 7.58
B40: Retourkaartje Nightliner | C40: nvt | D40: nvt | E40: 6.22 | F40: 6.63 | G40: 6.63 | H40: 6.84 | I40: 10 | J40: 10.3 | K40: 11.37
B41: rituitrijkaart | J41: 35 | K41: 35
B42: BRABANT E-ticket assortiment
B43: OV-Schoolticket voor groepen (max 26 incl. 1 begeleider) | C43: nvt | D43: nvt | E43: nvt | G43: 35 | H43: 35 | I43: 35 | J43: 35 | K43: 35

Sheet Z-BO
B2: Regionale tarieven Brabant Oost | S2: Voorwaarden
B3: Productnaam | C3: Productnr | D3: Contract Tariff Id | E3: 2018 | F3: 2019 | G3: 2020 | H3: 44197 | I3: 44378 | J3: 2022 niet definitief | K3: 2023 | M3: DEF | N3: Acceptatie OVC | O3: Verkoop POS/quarto | P3: Verkoop Backoffice | Q3: Verkoop Webshop | S3: Geldigheid (dal/spits) | T3: Modaliteit (trein/(buurtbus)/HOV) | U3: Leeftijd (65+/kind/etc) | V3: Gebied (landelijk/1 regio of meer) | W3: Uitzonderingen
B4: ='Z-BW'!B4 -> BRABANT OV-chipkaart
B5: Kilometertarief | C5: nvt | D5: nvt | E5: 0.157 | F5: 0.167 | G5: 0.172 | H5: 0.17542151 | J5: 0.181 | K5: ='Z-BW'!K5 -> 0.188 | N5: ja | O5: nee | P5: e-ticket van-naar | Q5: e-ticket van-naar
B6: Tranferiumbussen geen OV-chipkaart afrekening lijn 760,770,780
B7: Kilometer tarief Nightliner flatfare | C7: nvt | D7: nvt | F7: 6.63 | G7: 4.5 | H7: 5 | J7: 5.16 | K7: ='Z-BW'!K6 -> 5.58 | N7: ja | O7: nee | P7: nee | Q7: nee
B8: ='Z-BW'!B9 -> BARABANT Reisproducten OV-chipkaart maand (doorlopend)
B9: Brabant Jeugd maandabonnement 12 t/m 18 jarigen | C9: 1586 | D9: 1586 | E9: 89.45 | F9: 95.47 | G9: 98.55 | H9: 100.44 | J9: 103.57 | K9: ='Z-BW'!K10 -> 112.1 | N9: ja | O9: ja | P9: ja | Q9: ja
B10: Brabant Altijd Vrij Anoniem | C10: 8020 | D10: 8020 | E10: 118.9 | F10: 126.91 | G10: 131.01 | H10: 133.52 | J10: 137.68 | K10: ='Z-BW'!K11 -> 149.03 | N10: ja | O10: ja | P10: ja | Q10: nee
B11: Brabant Altijd Vrij Kind | C11: 8020 | D11: 8021 | E11: 118.9 | F11: 126.91 | G11: 131.01 | H11: 133.52 | J11: 137.68 | K11: ='Z-BW'!K12 -> 149.03 | N11: ja | O11: ja | P11: ja | Q11: ja
B12: Brabant Altijd Vrij jeugd | C12: 8020 | D12: 8022 | E12: 118.9 | F12: 126.91 | G12: 131.01 | H12: 133.52 | J12: 137.68 | K12: ='Z-BW'!K13 -> 149.03 | N12: ja | O12: ja | P12: ja | Q12: ja
B13: Brabant Altijd Vrij Volwassen | C13: 8020 | D13: 8023 | E13: 118.9 | F13: 126.91 | G13: 131.01 | H13: 133.52 | J13: 137.68 | K13: ='Z-BW'!K14 -> 149.03 | N13: ja | O13: ja | P13: ja | Q13: ja
B14: Brabant Altijd Vrij Senior | C14: 8020 | D14: 8024 | E14: 118.9 | F14: 126.91 | G14: 131.01 | H14: 133.52 | J14: 137.68 | K14: ='Z-BW'!K15 -> 149.03 | N14: ja | O14: ja | P14: ja | Q14: ja
B15: ='Z-BW'!B18 -> BARABANT Reisproducten OV-chipkaart jaar of onbepaalde tijd
B16: Brabant Dalkorting Kind | C16: 1580 | D16: 1582 | E16: 11.95 | F16: 12.74 | G16: 13.15 | H16: 13.4 | J16: 13.82 | K16: ='Z-BW'!K19 -> 14.96 | N16: ja | O16: ja | P16: ja | Q16: ja
B17: Brabant Dalkorting Jeugd | C17: 1580 | D17: 1583 | E17: 11.95 | F17: 12.74 | G17: 13.15 | H17: 13.4 | J17: 13.82 | K17: ='Z-BW'!K20 -> 14.96 | N17: ja | O17: ja | P17: ja | Q17: ja
B18: Brabant Dalkorting Volwassen | C18: 1580 | D18: 1584 | E18: 11.95 | F18: 12.74 | G18: 13.15 | H18: 13.4 | J18: 13.82 | K18: ='Z-BW'!K21 -> 14.96 | N18: ja | O18: ja | P18: ja | Q18: ja
B19: Brabant Dalkorting Senior | C19: 1580 | D19: 1585 | E19: 11.95 | F19: 12.74 | G19: 13.15 | H19: 13.4 | J19: 13.82 | K19: ='Z-BW'!K22 -> 14.96 | N19: ja | O19: ja | P19: ja | Q19: ja
B20: Brabant Altijd Vrij Anoniem | C20: 8025 | D20: 8025 | E20: 1189 | F20: 1269.1 | G20: 1310.14 | H20: 1335.17 | J20: 1376.82 | K20: ='Z-BW'!K23 -> 1490.27 | N20: ja | O20: ja | P20: ja | Q20: nee
B21: Brabant Altijd Vrij Kind | C21: 8025 | D21: 8026 | E21: 1189 | F21: 1269.1 | G21: 1310.14 | H21: 1335.17 | J21: 1376.82 | K21: ='Z-BW'!K24 -> 1490.27 | N21: ja | O21: ja | P21: ja | Q21: ja
B22: Brabant Altijd Vrij jeugd | C22: 8025 | D22: 8027 | E22: 1189 | F22: 1269.1 | G22: 1310.14 | H22: 1335.17 | J22: 1376.82 | K22: ='Z-BW'!K25 -> 1490.27 | N22: ja | O22: ja | P22: ja | Q22: ja
B23: Brabant Altijd Vrij Volwassen | C23: 8025 | D23: 8028 | E23: 1189 | F23: 1269.1 | G23: 1310.14 | H23: 1335.17 | J23: 1376.82 | K23: ='Z-BW'!K26 -> 1490.27 | N23: ja | O23: ja | P23: ja | Q23: ja
B24: Brabant Altijd Vrij Senior | C24: 8025 | D24: 8029 | E24: 1189 | F24: 1269.1 | G24: 1310.14 | H24: 1335.17 | J24: 1376.82 | K24: ='Z-BW'!K27 -> 1490.27 | N24: ja | O24: ja | P24: ja | Q24: ja
B25: ='Z-BW'!B28 -> BRABANT Wagenverkoopassortiment
B26: Ritkaartje | C26: nvt | D26: nvt | E26: 3.98 | F26: 4.24 | G26: 4.38 | H26: 4.46 | J26: 4.59 | K26: ='Z-BW'!K29 -> 4.8
B27: Ritkaartje (CT voorverkoop) | E27: 6.22 | F27: 4.24 | G27: 4.38 | H27: 4.46 | J27: 4.59 | K27: ='Z-BW'!K32 -> 4.8 | N27: ja | O27: ja
B28: Dalurendagkaartje | C28: nvt | D28: nvt | E28: 6.22 | F28: 6.63 | G28: 6.84 | H28: 6.97 | J28: 7.18 | K28: ='Z-BW'!K33 -> 7.55
B29: Dalurendagkaartje (CT voorverkoop) | C29: 8046 | D29: 8046 | E29: 6.22 | F29: 6.63 | G29: 6.84 | H29: 6.97 | J29: 7.18 | K29: ='Z-BW'!K36 -> 7.55 | N29: ja | O29: ja
B30: Stadskaartje (CT voorverkoop) | C30: 8160 | D30: 8160 | G30: nvt | J30: 4.59 | K30: ='Z-BW'!K37 -> 4.97 | N30: ja
B31: Stadskaartje | C31: nvt | D31: nvt | G31: 4.38 | H31: 4.46 | J31: 4.59 | K31: ='Z-BW'!K38 -> 4.97
B32: Ritkaartje Nightliner | C32: nvt | D32: nvt | E32: 6.22 | F32: 6.63 | G32: 6.84 | H32: 7 | J32: 7 | K32: ='Z-BW'!K39 -> 7.58
B33: Retourkaartje Nightliner | C33: nvt | D33: nvt | E33: 6.22 | F33: 6.63 | G33: 6.84 | H33: 10 | J33: 10.3 | K33: ='Z-BW'!K40 -> 11.37
B34: ='Z-BW'!B42 -> BRABANT E-ticket assortiment
B35: OV-Schoolticket voor groepen (max 26 incl. 1 begeleider) | C35: nvt | D35: nvt | E35: nvt | F35: 35 | G35: 35 | H35: 35 | J35: 35 | K35: ='Z-BW'!K43 -> 35
B36: BRENG lijn 99
B37: acceptatie alle BRENG produkten
B38: KM tarief Breng (gewogen gemiddeld lijn 99 bpalen) | K38: 0.186
B39: DC Breng ritkaartje 1* | K39: 2.6
B40: DC Breng ritkaartje 2* | K40: 5.2
B41: DC Breng ritkaartje 3* | K41: 7.8

Sheet ZZ-LB
B2: Regionale tarieven Limburg
B3: Productnaam | C3: Productnr | D3: Contract Tariff Id | E3: 2018 | F3: 2019 | G3: 2020 | H3: 01-07-2020 | I3: 44197 | J3: 44378 | K3: 2022 | L3: 2023 | M3: DEF | N3: Acceptatie OVC | O3: Verkoop POS/quarto | P3: Verkoop ASSIST | Q3: Verkoop Webshop
B4: Kilometertarief OV-chipkaart
B5: Kilometertarief bus | C5: nvt | D5: nvt | E5: 0.171 | F5: 0.181 | G5: 0.185 | I5: 0.186 | K5: 0.19040154 | L5: 0.204 | N5: ja | O5: nee | P5: ja | Q5: nee
B6: Kilometertarief trein regionaal 2e klas | C6: nvt | D6: nvt | E6: 0.187 | F6: 0.198 | G6: 0.202 | I6: 0.205 | K6: 0.20596075 | L6: 0.22 | N6: ja | O6: nee | P6: ja | Q6: nee
B7: Kilometertarief trein regionaal 1e klas | C7: nvt | D7: nvt | E7: 0.317 | F7: 0.335 | G7: 0.343 | I7: 0.346 | K7: 0.34880449 | L7: 0.373 | N7: ja | O7: nee | P7: ja | Q7: nee
B8: Kilometertarief trein samenloop 2e klas | C8: nvt | D8: nvt | E8: 0.187 | F8: nvt | G8: nvt | H8: nvt | I8: nvt | J8: nvt | K8: nvt | L8: nvt | N8: ja | O8: nee | P8: ja | Q8: nee
B9: Kilometertarief trein samenloop 1e klas | C9: nvt | D9: nvt | E9: 0.317 | F9: nvt | G9: nvt | H9: nvt | I9: nvt | J9: nvt | K9: nvt | L9: nvt | N9: ja | O9: nee | P9: ja | Q9: nee
B10: Kilometertarief SAN lijn 83 (Breng) naar Milsbeek Helweg | C10: nvt | D10: nvt | F10: 0.168 | G10: 0.17 | H10: 0.168 | I10: 0.17 | J10: 0.169 | L10: 0.186 | N10: ja | O10: nee | P10: nee | Q10: nee
B11: Reisproducten OV-chipkaart maand (doorlopend)
B12: Sterabonnement Limburg Maand (vol tarief) 1-ster* | C12: 8705 | E12: 48.74 | F12: 51.55 | G12: 52.7 | I12: 53.18 | K12: 54.303872 | L12: 58.235472 | N12: ja | O12: ja | P12: ja | Q12: ja
B13: Sterabonnement Limburg Maand (vol tarief) 2-ster* | C13: 8705 | E13: 79.99383 | F13: 84.59 | G13: 86.48 | I13: 87.27 | K13: 89.116935 | L13: 95.569001 | N13: ja | O13: ja | P13: ja | Q13: ja
B14: Sterabonnement Limburg Maand (vol tarief) 3-ster* | C14: 8705 | E14: 118.92888 | F14: 125.77 | G14: 128.57 | I14: 129.74 | K14: 132.49243 | L14: 142.08489 | N14: ja | O14: ja | P14: ja | Q14: ja
B15: Sterabonnement Limburg Maand (vol tarief) 4-ster* | C15: 8705 | E15: 158.26845 | F15: 167.37 | G15: 171.1 | I15: 172.66 | K15: 176.31859 | L15: 189.08405 | N15: ja | O15: ja | P15: ja | Q15: ja
B16: Sterabonnement Limburg Maand (vol tarief) 5-ster* | C16: 8705 | E16: 197.2035 | F16: 208.54 | G16: 213.19 | I16: 215.13 | K16: 219.69409 | L16: 235.59994 | N16: ja | O16: ja | P16: ja | Q16: ja
B17: Sterabonnement Limburg Maand (vol tarief) 6-ster* | C17: 8705 | E17: 236.23968 | F17: 249.82 | G17: 255.39 | I17: 257.72 | K17: 263.18225 | L17: 282.23664 | N17: ja | O17: ja | P17: ja | Q17: ja
B18: Sterabonnement Limburg Maand (reductietarief) 1-ster* | C18: 8705 | E18: 32.15934 | F18: 34.01 | G18: 34.77 | I18: 35.08 | K18: 35.827036 | L18: 38.420913 | N18: ja | O18: ja | P18: ja | Q18: ja
B19: Sterabonnement Limburg Maand (reductietarief) 2-ster* | C19: 8705 | E19: 52.78986 | F19: 55.83 | G19: 57.07 | I19: 57.59 | K19: 58.810417 | L19: 63.068291 | N19: ja | O19: ja | P19: ja | Q19: ja
B20: Sterabonnement Limburg Maand (reductietarief) 3-ster* | C20: 8705 | E20: 78.47688 | F20: 82.99 | G20: 84.84 | I20: 85.61 | K20: 87.42698 | L20: 93.756694 | N20: ja | O20: ja | P20: ja | Q20: ja
B21: Sterabonnement Limburg Maand (reductietarief) 4-ster* | C21: 8705 | E21: 104.46729 | F21: 110.47 | G21: 112.94 | I21: 113.97 | K21: 116.38153 | L21: 124.80756 | N21: ja | O21: ja | P21: ja | Q21: ja
B22: Sterabonnement Limburg Maand (reductietarief) 5-ster* | C22: 8705 | E22: 130.15431 | F22: 137.64 | G22: 140.71 | I22: 141.99 | K22: 144.9981 | L22: 155.49596 | N22: ja | O22: ja | P22: ja | Q22: ja
B23: Sterabonnement Limburg Maand (reductietarief) 6-ster* | C23: 8705 | E23: 155.94246 | F23: 164.91 | G23: 168.59 | I23: 170.12 | K23: 173.72732 | L23: 186.30518 | N23: ja | O23: ja | P23: ja | Q23: ja
B24: Dal Vrij Senioren (65+) Bus | C24: 8065 | D24: 8069 | E24: vervalt per 1-1-2018 | G24: 0 | H24: 0 | I24: 0 | J24: 0 | K24: 0 | L24: 0 | N24: nvt | O24: nvt | P24: nvt | Q24: nvt
B25: Dal Vrij Senioren (65+) Trein en Bus | C25: 8070 | D25: 8074 | E25: vervalt per 1-1-2018 | G25: 0 | H25: 0 | I25: 0 | J25: 0 | K25: 0 | L25: 0 | N25: nvt | O25: nvt | P25: nvt | Q25: nvt
B26: Dal Vrij Afgestudeerden Bus | C26: 8065 | D26: 8068 | E26: vervalt per 1-1-2018 | G26: 0 | H26: 0 | I26: 0 | J26: 0 | K26: 0 | L26: 0 | N26: nvt | O26: nvt | P26: nvt | Q26: nvt
B27: Dal Vrij Afgestudeerden Trein en Bus | C27: 8070 | D27: 8073 | E27: vervalt per 1-1-2018 | G27: 0 | H27: 0 | I27: 0 | J27: 0 | K27: 0 | L27: 0 | N27: nvt | O27: nvt | P27: nvt | Q27: nvt
B28: P&R Maastricht Altijd Vrij | C28: 8105 | E28: 25 | F28: 25 | G28: 27.05 | I28: 27.25 | K28: 27.85 | L28: 29.85 | N28: ja | O28: ja | P28: ja | Q28: ja
B29: Arriva Traject Vrij Maand | C29: 8090 | D29: 8090 | E29: prijs afhankelijk van traject | F29: prijs afhankelijk van traject | G29: prijs afhankelijk van traject | H29: prijs afhankelijk van traject | I29: prijs afhankelijk van traject | J29: prijs afhankelijk van traject | K29: prijs afhankelijk van traject | L29: prijs afhankelijk van traject | N29: ja | O29: ja | P29: ja | Q29: ja
B30: Reisproducten OV-chipkaart jaar of onbepaalde tijd
B31: Dal Voordeel Limburg (a-kaart) | C31: 8700 | D31: 8700 | E31: 18 | F31: 17 | G31: 18 | I31: 18 | K31: nvt | L31: 19 | N31: ja | O31: ja | P31: ja | Q31: ja
B32: Dal Voordeel Limburg (kind) | C32: 8700 | D32: 8701 | E32: 18 | F32: 17 | G32: 18 | I32: 18 | K32: nvt | L32: 19 | N32: ja | O32: ja | P32: ja | Q32: ja
B33: Dal Voordeel Limburg (tiener) | C33: 8700 | D33: 8702 | E33: 18 | F33: 17 | G33: 18 | I33: 18 | K33: nvt | L33: 19 | N33: ja | O33: ja | P33: ja | Q33: ja
B34: Dal Voordeel Limburg (volwassen) | C34: 8700 | D34: 8703 | E34: 18 | F34: 17 | G34: 18 | I34: 18 | K34: nvt | L34: 19 | N34: ja | O34: ja | P34: ja | Q34: ja
B35: Dal Voordeel Limburg (senior) | C35: 8700 | D35: 8704 | E35: 18 | F35: 17 | G35: 18 | I35: 18 | K35: nvt | L35: 19 | N35: ja | O35: ja | P35: ja | Q35: ja
B36: Sterabonnement Limburg Jaar (vol tarief) 1-ster* | C36: 8710 | E36: 487.4466 | F36: 515.47 | G36: 526.97 | I36: 531.77 | K36: 543.03872 | L36: 582.35472 | N36: ja | O36: ja | P36: ja | Q36: ja
B37: Sterabonnement Limburg Jaar (vol tarief) 2-ster* | C37: 8710 | E37: 799.9383 | F37: 845.93 | G37: 864.8 | I37: 872.67 | K37: 891.16935 | L37: 955.69001 | N37: ja | O37: ja | P37: ja | Q37: ja
B38: Sterabonnement Limburg Jaar (vol tarief) 3-ster* | C38: 8710 | E38: 1189.2888 | F38: 1257.67 | G38: 1285.72 | I38: 1297.42 | K38: 1324.9243 | L38: 1420.8489 | N38: ja | O38: ja | P38: ja | Q38: ja
B39: Sterabonnement Limburg Jaar (vol tarief) 4-ster* | C39: 8710 | E39: 1582.6845 | F39: 1673.69 | G39: 1711.01 | I39: 1726.58 | K39: 1763.1859 | L39: 1890.8405 | N39: ja | O39: ja | P39: ja | Q39: ja
B40: Sterabonnement Limburg Jaar (vol tarief) 5-ster* | C40: 8710 | E40: 1972.035 | F40: 2085.43 | G40: 2131.93 | I40: 2151.33 | K40: 2196.9409 | L40: 2355.9994 | N40: ja | O40: ja | P40: ja | Q40: ja
B41: Sterabonnement Limburg Jaar (vol tarief) 6-ster* | C41: 8710 | E41: 2362.3968 | F41: 2498.23 | G41: 2553.95 | I41: 2577.19 | K41: 2631.8225 | L41: 2822.3664 | N41: ja | O41: ja | P41: ja | Q41: ja
B42: Sterabonnement Limburg Jaar (reductietarief) 1-ster* | C42: 8710 | E42: 321.5934 | F42: 340.09 | G42: 347.67 | I42: 350.83 | K42: 358.27036 | L42: 384.20913 | N42: ja | O42: ja | P42: ja | Q42: ja
B43: Sterabonnement Limburg Jaar (reductietarief) 2-ster* | C43: 8710 | E43: 527.8986 | F43: 558.25 | G43: 570.7 | I43: 575.9 | K43: 588.10417 | L43: 630.68291 | N43: ja | O43: ja | P43: ja | Q43: ja
B44: Sterabonnement Limburg Jaar (reductietarief) 3-ster* | C44: 8710 | E44: 784.7688 | F44: 829.89 | G44: 848.4 | I44: 856.12 | K44: 874.2698 | L44: 937.56694 | N44: ja | O44: ja | P44: ja | Q44: ja
B45: Sterabonnement Limburg Jaar (reductietarief) 4-ster* | C45: 8710 | E45: 1044.6729 | F45: 1104.74 | G45: 1129.38 | I45: 1139.65 | K45: 1163.8153 | L45: 1248.0756 | N45: ja | O45: ja | P45: ja | Q45: ja
B46: Sterabonnement Limburg Jaar (reductietarief) 5-ster* | C46: 8710 | E46: 1301.5431 | F46: 1376.38 | G46: 1407.08 | I46: 1419.88 | K46: 1449.981 | L46: 1554.9596 | N46: ja | O46: ja | P46: ja | Q46: ja
B47: Sterabonnement Limburg Jaar (reductietarief) 6-ster* | C47: 8710 | E47: 1559.4246 | F47: 1649.09 | G47: 1685.87 | I47: 1701.21 | K47: 1737.2732 | L47: 1863.0518 | N47: ja | O47: ja | P47: ja | Q47: ja
B48: Arriva Traject Vrij Jaar | C48: 8092 | D48: 8092 | E48: prijs afhankelijk van traject | F48: prijs afhankelijk van traject | G48: prijs afhankelijk van traject | N48: ja | O48: nee | P48: ja | Q48: ja
B49: Arriva Samen Voor Groen (a-kaart) | C49: 8035 | E49: 0.176 | F49: 0.186 | G49: 0.19 | I49: 0.191 | K49: 0.195 | L49: 0.20918661 | N49: ja | O49: ja | P49: ja | Q49: ja
B50: Arriva Samen Voor Groen (kind) | C50: 8036 | E50: 0.11616 | F50: 0.123 | G50: 0.1254 | I50: 0.126 | K50: =K49*0.66 -> 0.1287 | L50: 0.13976316 | N50: ja | O50: ja | P50: ja | Q50: ja
B51: Arriva Samen Voor Groen (tiener) | C51: 8037 | E51: 0.11616 | F51: 0.123 | G51: 0.19 | I51: 0.191 | K51: 0.195 | L51: 0.13976316 | N51: ja | O51: ja | P51: ja | Q51: ja
B52: Arriva Samen Voor Groen (volwassenen) | C52: 8038 | E52: 0.176 | F52: 0.186 | G52: 0.19 | I52: 0.191 | K52: 0.195 | L52: 0.20918661 | N52: ja | O52: ja | P52: ja | Q52: ja
B53: Arriva Samen Voor Groen (senior) | C53: 8039 | E53: 0.11616 | F53: 0.123 | G53: 0.125 | I53: 0.126 | K53: =K50 -> 0.1287 | L53: 0.13976316 | N53: ja | O53: ja | P53: ja | Q53: ja
B54: Wagenverkoopassortiment
B55: Avondvlinder | C55: nvt | D55: nvt | E55: 1.5 | F55: 1.6 | G55: 1.6 | I55: 1.65 | K55: 1.65 | L55: 1.75 | N55: nvt | O55: nvt | P55: nvt | Q55: nvt
B56: Ritkaart Limburg Stad | C56: nvt | D56: nvt | E56: 3.25 | F56: 3.55 | G56: 3.7 | I56: 3.75 | K56: 3.8 | L56: 4.1 | N56: nvt | O56: ja | P56: nvt | Q56: nvt
B57: Ritkaart Limburg Stad (CT wederverkoop) | C57: 8077 | D57: nvt | E57: 3.25 | F57: 3.55 | G57: 3.7 | I57: 3.75 | K57: 3.8 | L57: 4.1 | N57: ja | O57: ja | P57: nvt | Q57: nvt
B58: Ritkaart Limburg Streek | C58: nvt | D58: nvt | E58: 4.8 | F58: 5.15 | G58: 5.45 | I58: 5.5 | K58: 5.6 | L58: 6 | N58: nvt | O58: ja | P58: nvt | Q58: nvt
B59: Ritkaart Limburg Streek (CT wederverkoop) | C59: 8078 | D59: nvt | E59: 4.8 | F59: 5.15 | G59: 5.45 | I59: 5.5 | K59: 5.6 | L59: 6 | N59: ja | O59: ja | P59: nvt | Q59: nvt
B60: Dagkaart Limburg Bus | C60: nvt | D60: nvt | E60: 8.5 | F60: 9.25 | G60: 9.85 | I60: 9.95 | K60: 10.15 | L60: 10.9 | N60: nvt | O60: ja | P60: nvt | Q60: nvt
B61: Dagkaart Limburg Bus (CT wederverkoop) | C61: 8079 | D61: nvt | E61: 8.5 | F61: 9.25 | G61: 9.85 | I61: 9.95 | K61: 10.15 | L61: 10.9 | N61: ja | O61: ja | P61: nvt | Q61: nvt
B62: Dal Dagkaart Limburg Bus | C62: nvt | D62: nvt | E62: 6.5 | F62: 7.1 | G62: 7.4 | I62: 7.4 | K62: 7.55 | L62: 8.1 | N62: nvt | O62: ja | P62: nvt | Q62: nvt
B63: Dal Dagkaart Limburg Bus (CT wederverkoop) | C63: 8075 | D63: nvt | E63: 6.5 | F63: 7.1 | G63: 7.4 | I63: 7.4 | K63: 7.55 | L63: 8.1 | N63: ja | O63: ja | P63: nvt | Q63: nvt
B64: Dal Dagkaart Zuid Limburg Trein en Bus | C64: 8730 | D64: nvt | E64: 12.5 | F64: 13.45 | G64: 13.75 | I64: 13.9 | K64: 14.15 | L64: 15.1 | N64: ja | O64: ja | P64: nvt | Q64: nvt
B65: Dal Dagkaart Noord en Midden Limburg Trein en Bus | C65: 8720 | D65: nvt | E65: 20 | F65: 21.35 | G65: 21.85 | I65: 22.05 | K65: 22.45 | L65: 23.9 | N65: ja | O65: ja | P65: nvt | Q65: nvt
B66: Dal Dagkaart Limburg Trein en Bus | C66: 8740 | D66: nvt | E66: 25 | F66: 26.65 | G66: 27.25 | I66: 27.55 | K66: 28 | L66: 29.8 | N66: ja | O66: ja | P66: nvt | Q66: nvt
B67: Dagkaart Fiets Bus | C67: 8750 | D67: nvt | E67: 4 | F67: 4.25 | G67: 4.3 | I67: 4.35 | K67: 4.45 | L67: 4.75 | N67: ja | O67: ja | P67: nvt | Q67: nvt
B68: Dagkaart Fiets Bus en Trein | C68: 8760 | D68: nvt | E68: 6 | F68: 6.35 | G68: 6.5 | I68: 6.55 | K68: 6.7 | L68: 7.15 | N68: ja | O68: ja | P68: nvt | Q68: nvt
B69: Nachtlijn rit binnen de stad Maastricht | C69: nvt | D69: nvt | E69: 5 | F69: 5 | G69: nvt | H69: nvt | I69: nvt | J69: nvt | K69: nvt | L69: nvt | N69: ja | O69: nvt | P69: nvt | Q69: nvt
B70: Nachtlijn rit buiten de stad Maastricht | C70: nvt | D70: nvt | E70: 7.5 | F70: 7.5 | G70: nvt | H70: nvt | I70: nvt | J70: nvt | K70: nvt | L70: nvt | N70: ja | O70: nvt | P70: nvt | Q70: nvt
B71: OV-shuttle tarief korte rit | C71: nvt | D71: nvt | E71: 1 | F71: 1.05 | G71: 1.1 | I71: 1.1 | K71: nvt | L71: nvt | N71: nvt | O71: nvt | P71: nvt | Q71: nvt
B72: OV-shuttle tarief lange rit | C72: nvt | D72: nvt | E72: 2 | F72: 2.1 | G72: 2.15 | I72: 2.2 | K72: nvt | L72: nvt | N72: nvt | O72: nvt | P72: nvt | Q72: nvt
B73: OV-shuttle 'voordeurservice' | C73: nvt | D73: nvt | E73: 2.5 | F73: 2.65 | G73: 2.7 | I73: 2.75 | K73: nvt | L73: nvt | N73: nvt | O73: nvt | P73: nvt | Q73: nvt
B74: euregioticket | C74: 427 | D74: nvt | E74: 18.5 | F74: 19 | G74: 19 | I74: 19 | K74: 19 | L74: 20 | N74: ja | O74: ja | P74: nvt | Q74: nvt
B75: euregioticket Fahrrad | C75: 428 | D75: nvt | F75: nvt | G75: nvt | I75: 4 | K75: 4 | L75: 4
B76: Kidskaart Breng | D76: nvt | I76: 1.15 | K76: 1.2 | L76: 1.25
B77: Ritkaart Breng €2,- | D77: nvt | E77: 2 | F77: 2.3 | G77: 2.35 | I77: 2.4 | K77: 2.45 | L77: 2.6 | N77: nvt | O77: nvt | P77: nvt | Q77: nvt
B78: Ritkaart Breng €4,- | D78: nvt | E78: 4 | F78: 4.6 | G78: 4.7 | I78: 4.8 | K78: 4.9 | L78: 5.2 | N78: nvt | O78: nvt | P78: nvt | Q78: nvt
B79: Dagkaart Breng | D79: nvt | E79: 10 | F79: 11.5 | G79: 11.75 | I79: 12 | K79: 12 | L79: 13 | N79: nvt | O79: nvt | P79: nvt | Q79: nvt
B80: Ritkaart P+R Maastricht | C80: 8043 | D80: nvt | E80: 2 | F80: 2 | G80: 2.15 | I80: 2.2 | K80: 2.25 | L80: 2.4 | N80: ja | O80: nvt | P80: nvt | Q80: nvt
B81: P+R groepsticket Maastricht | C81: 8044 | D81: nvt | E81: 5 | F81: 5 | G81: 5.4 | I81: 5.45 | K81: 5.55 | L81: 5.95 | N81: ja | O81: nvt | P81: nvt | Q81: nvt
B82: Einzel-Ticket Kinder Preisstufe H2 | D82: nvt | E82: 1.9 | F82: 1.9 | G82: 1.9 | I82: 1.9 | J82: * | K82: 1.9 | L82: 1.9 | N82: nvt | O82: nvt | P82: nvt | Q82: nvt
B83: Einzel-Ticket Erwachsene Preisstufe H2 | D83: nvt | E83: 3.6 | F83: 3.7 | G83: 3.7 | I83: 3.7 | J83: * | K83: 3.9 | L83: 4.1 | N83: nvt | O83: nvt | P83: nvt | Q83: nvt
B84: Einzel-Ticket Kinder Preisstufe H3 | D84: nvt | E84: 2.8 | F84: 2.8 | G84: 2.8 | I84: 2.8 | J84: * | K84: 2.8 | L84: 2.8 | N84: nvt | O84: nvt | P84: nvt | Q84: nvt
B85: Einzel-Ticket Erwachsene Preisstufe H3 | D85: nvt | E85: 5.4 | F85: 5.6 | G85: 5.6 | I85: 5.6 | J85: * | K85: 5.8 | L85: 6.1 | N85: nvt | O85: nvt | P85: nvt | Q85: nvt
B86: Wochen-Ticket Preisstufe H2 | D86: nvt | E86: 30.5 | F86: 31.3 | G86: 31.9 | I86: 31.9 | J86: 32.6 | K86: 32.6 | L86: 34 | N86: nvt | O86: nvt | P86: nvt | Q86: nvt
B87: Wochen-Ticket Preisstufe H3 | D87: nvt | E87: 39.6 | F87: 40.6 | G87: 41.4 | I87: 41.4 | J87: 49 | K87: 49 | L87: 51 | N87: nvt | O87: nvt | P87: nvt | Q87: nvt
B88: Wochen-Ticket Preisstufe H4 | D88: nvt | E88: 59.3 | F88: 60.8 | G88: 62 | I88: 62 | J88: 63.7 | K88: 63.7 | L88: 66.3 | N88: nvt | O88: nvt | P88: nvt | Q88: nvt
B89: Monats-Ticket Preisstufe H2 | D89: nvt | E89: 93.4 | F89: 96 | G89: 97.7 | I89: 97.7 | J89: 99.5 | K89: 101.6 | L89: 106.2 | N89: nvt | O89: nvt | P89: nvt | Q89: nvt
B90: Monats-Ticket Preisstufe H3 | D90: nvt | E90: 115.3 | F90: 118.5 | G90: 120.6 | I90: 120.6 | J90: 137.2 | K90: 123.2 | L90: 150.4 | N90: nvt | O90: nvt | P90: nvt | Q90: nvt
B91: Monats-Ticket Preisstufe H4 | D91: nvt | E91: 179.9 | F91: 184.5 | G91: 186.5 | I91: 186.5 | J91: 190 | K91: 144 | L91: 199.9 | N91: nvt | O91: nvt | P91: nvt | Q91: nvt
B92: Einzel-Ticket Erwachsene City-XL Aachen | D92: nvt | E92: 1.7 | F92: 1.8 | G92: 1.8 | I92: 1.8 | J92: * | K92: 1.9 | L92: 2 | N92: nvt | O92: nvt | P92: nvt | Q92: nvt
B93: Einzel-Ticket Kinder Flugs-Ticket | D93: nvt | E93: 1 | F93: 1 | G93: 1 | I93: 1 | J93: * | K93: 1 | L93: 1 | N93: nvt | O93: nvt | P93: nvt | Q93: nvt
B94: Einzel-Ticket Erwachsene Flugs-Ticket | D94: nvt | E94: 1.6 | F94: 1.6 | G94: 1.6 | I94: 1.6 | J94: * | K94: 1.7 | L94: 1.8 | N94: nvt | O94: nvt | P94: nvt | Q94: nvt
B95: Wochen-Ticket Preisstufe 1 | D95: nvt | E95: 23 | F95: 23.6 | G95: 24 | I95: 24 | J95: 24.6 | K95: 24.6 | L95: 25.6 | N95: nvt | O95: nvt | P95: nvt | Q95: nvt
B96: Wochen-Ticket Preisstufe 2 | D96: nvt | E96: 30.5 | F96: 31.3 | G96: 31.9 | I96: 31.9 | J96: 32.6 | K96: 32.6 | L96: 34 | N96: nvt | O96: nvt | P96: nvt | Q96: nvt
B97: Wochen-Ticket Preisstufe 3 | D97: nvt | E97: 45.7 | F97: 46.9 | G97: 47.8 | I97: 47.8 | J97: 49 | K97: 49 | L97: 51 | N97: nvt | O97: nvt | P97: nvt | Q97: nvt
B98: Wochen-Ticket Preisstufe 4 | D98: nvt | E98: 59.3 | F98: 60.8 | G98: 62 | I98: 62 | J98: 63.7 | K98: 63.7 | L98: 66.3 | N98: nvt | O98: nvt | P98: nvt | Q98: nvt
B99: 24-Stunden-Ticket 5 Personen Kreis Heinsberg | D99: nvt | E99: 15.6 | F99: 15.9 | G99: 16.2 | I99: 16.2 | J99: 16.5 | K99: 17.3 | L99: 18.2 | N99: nvt | O99: nvt | P99: nvt | Q99: nvt
B100: 24-Stunden-Ticket 5 Personen Preisstufe 1 | D100: nvt | E100: 10.4 | F100: 10.6 | G100: 10.8 | I100: 11 | J100: * | K100: 11.5 | L100: 12 | N100: nvt | O100: nvt | P100: nvt | Q100: nvt
B101: 24-Stunden-Ticket 5 Personen Preisstufe 2 | D101: nvt | E101: 15.6 | F101: 15.9 | G101: 16.2 | I101: 16.2 | J101: * | K101: 17.3 | L101: 18.2 | N101: nvt | O101: nvt | P101: nvt | Q101: nvt
...

Sheet O-VD
B2: Regionale tarieven Vechtdal
B3: Productnaam | C3: Productnr | D3: Contract Tariff Id | E3: 2018 | F3: 2019 | G3: 2020 | H3: 2021 | I3: 2022 | J3: 2023 | K3: DEF | L3: Acceptatie OVC | M3: Verkoop POS/quarto | N3: Verkoop Backoffice | O3: Verkoop Webshop
B4: Kilometertarief OV-chipkaart
B5: KM-tarief trein (2e klas) | C5: nvt | D5: nvt | E5: 0.174 | F5: 0.184 | G5: 0.188 | H5: 0.19 | I5: 0.194 | J5: 0.208 | L5: ja | M5: nee | N5: nee | O5: nee
B6: KM-tarief trein (1e klas) | C6: nvt | D6: nvt | E6: 0.297 | F6: 0.315 | G6: 0.322 | H6: 0.325 | I6: 0.331 | J6: 0.355 | L6: ja | M6: nee | N6: nee | O6: nee
B7: ROR 1e klas | C7: nvt | D7: nvt | J7: =J5*1.6 -> 0.3328
B8: Reisproducten OV-chipkaart maand (doorlopend)
B9: Altijd Voordeel Oost Bus & Trein (4-11) | C9: 7240 | D9: 7241 | E9: 25 | F9: 26 | G9: 27 | H9: 27 | I9: 28 | J9: 30 | L9: ja | M9: ja | N9: ja | O9: ja
B10: Altijd Voordeel Oost Bus & Trein (12-18) | C10: 7240 | D10: 7242 | E10: 25 | F10: 26 | G10: 27 | H10: 27 | I10: 28 | J10: 30 | L10: ja | M10: ja | N10: ja | O10: ja
B11: Altijd Voordeel Oost Bus & Trein (19-64) | C11: 7240 | D11: 7243 | E11: 25 | F11: 26 | G11: 27 | H11: 27 | I11: 28 | J11: 30 | L11: ja | M11: ja | N11: ja | O11: ja
B12: Altijd Voordeel Oost Bus & Trein (65+) | C12: 7240 | D12: 7244 | E12: 25 | F12: 26 | G12: 27 | H12: 27 | I12: 28 | J12: 30 | L12: ja | M12: ja | N12: ja | O12: ja
B13: Dal Vrij Oost Bus & Trein (4-11) | C13: 7260 | D13: 7261 | E13: 75 | F13: 79 | G13: 81 | H13: 81 | I13: 83 | J13: 89 | L13: ja | M13: ja | N13: ja | O13: ja
B14: Dal Vrij Oost Bus & Trein (12-18) | C14: 7260 | D14: 7262 | E14: 75 | F14: 79 | G14: 81 | H14: 81 | I14: 83 | J14: 89 | L14: ja | M14: ja | N14: ja | O14: ja
B15: Dal Vrij Oost Bus & Trein (19-64) | C15: 7260 | D15: 7263 | E15: 75 | F15: 79 | G15: 81 | H15: 81 | I15: 83 | J15: 89 | L15: ja | M15: ja | N15: ja | O15: ja
B16: Dal Vrij Oost Bus & Trein (65+) | C16: 7260 | D16: 7264 | E16: 75 | F16: 79 | G16: 81 | H16: 81 | I16: 83 | J16: 89 | L16: ja | M16: ja | N16: ja | O16: ja
B17: Reisproducten OV-chipkaart jaar of onbepaalde tijd
B18: Altijd Voordeel Oost Bus & Trein (4-11) | C18: 7245 | D18: 7246 | E18: 250 | F18: 260 | G18: 270 | H18: 270 | I18: 280 | J18: 300 | L18: ja | M18: ja | N18: ja | O18: ja
B19: Altijd Voordeel Oost Bus & Trein (12-18) | C19: 7245 | D19: 7247 | E19: 250 | F19: 260 | G19: 270 | H19: 270 | I19: 280 | J19: 300 | L19: ja | M19: ja | N19: ja | O19: ja
B20: Altijd Voordeel Oost Bus & Trein (19-64) | C20: 7245 | D20: 7248 | E20: 250 | F20: 260 | G20: 270 | H20: 270 | I20: 280 | J20: 300 | L20: ja | M20: ja | N20: ja | O20: ja
B21: Altijd Voordeel Oost Bus & Trein (65+) | C21: 7245 | D21: 7249 | E21: 250 | F21: 260 | G21: 270 | H21: 270 | I21: 280 | J21: 300 | L21: ja | M21: ja | N21: ja | O21: ja
B22: Dal Voordeel Oost Bus & Trein (4-11) | C22: 7225 | D22: 7226 | E22: 20 | F22: 21 | G22: 22 | H22: 22 | I22: 22 | J22: 24 | L22: ja | M22: ja | N22: ja | O22: ja
B23: Dal Voordeel Oost Bus & Trein (12-18) | C23: 7225 | D23: 7227 | E23: 20 | F23: 21 | G23: 22 | H23: 22 | I23: 22 | J23: 24 | L23: ja | M23: ja | N23: ja | O23: ja
B24: Dal Voordeel Oost Bus & Trein (19-64) | C24: 7225 | D24: 7228 | E24: 20 | F24: 21 | G24: 22 | H24: 22 | I24: 22 | J24: 24 | L24: ja | M24: ja | N24: ja | O24: ja
B25: Dal Voordeel Oost Bus & Trein (65+) | C25: 7225 | D25: 7229 | E25: 20 | F25: 21 | G25: 22 | H25: 22 | I25: 22 | J25: 24 | L25: ja | M25: ja | N25: ja | O25: ja
B26: Dal Vrij Oost Bus & Trein (4-11) | C26: 7265 | D26: 7266 | E26: 750 | F26: 790 | G26: 810 | H26: 810 | I26: 830 | J26: 890 | L26: ja | M26: ja | N26: ja | O26: ja
B27: Dal Vrij Oost Bus & Trein (12-18) | C27: 7265 | D27: 7267 | E27: 750 | F27: 790 | G27: 810 | H27: 810 | I27: 830 | J27: 890 | L27: ja | M27: ja | N27: ja | O27: ja
B28: Dal Vrij Oost Bus & Trein (19-64) | C28: 7265 | D28: 7268 | E28: 750 | F28: 790 | G28: 810 | H28: 810 | I28: 830 | J28: 890 | L28: ja | M28: ja | N28: ja | O28: ja
B29: Dal Vrij Oost Bus & Trein (65+) | C29: 7265 | D29: 7269 | E29: 750 | F29: 790 | G29: 810 | H29: 810 | I29: 830 | J29: 890 | L29: ja | M29: ja | N29: ja | O29: ja
... B33: Weekend Vrij Oost Bus & Trein (65+) | C33: 7275 | D33: 7279 | E33: 200 | F33: 212 | G33: 216 | H33: 216 | I33: 221 | J33: 237 | L33: ja | M33: ja | N33: ja | O33: ja
B34: Wagenverkoopassortiment
B35: Voorverkoopassortiment
B36: Regio abonnementen (Interoperabel)

Sheet O-GLD
B2: Regionale tarieven Gelderland | T2: Voorwaarden
B3: Productnaam | C3: Productnr | D3: Contract Tariff Id | E3: 2018 | F3: 43466 | G3: 43647 | H3: 43831 | I3: 44013 | J3: 44197 | K3: 2022 | L3: 2023 | M3: DEF | N3: Acceptatie OVC | O3: Verkoop POS/Quarto | P3: Verkoop Backoffice | Q3: Verkoop Webshop | T3: Geldigheid (dal/spits) | U3: Modaliteit (trein/(buurtbus)/HOV) | V3: Leeftijd (65+/kind/etc) | W3: Gebied (landelijk/1 regio of meer) | X3: Uitzonderingen
B4: Kilometertarief OV-chipkaart
B5: KM-tarief bus | C5: nvt | D5: nvt | E5: 0.163 | F5: 0.172 | G5: 0.171 | H5: 0.175 | I5: 0.174 | J5: 0.175 | K5: 0.179 | L5: 0.192 | N5: ja | O5: nee | P5: nee | Q5: nee | T5: KM tarief wijzigd per 01-07-2019 naar 0,171
B6: KM-tarief trein (2e klas) | C6: nvt | D6: nvt | E6: 0.192 | F6: 0.204 | G6: 0.204 | H6: 0.209 | I6: 0.207 | J6: 0.209 | K6: 0.213 | L6: 0.228 | N6: ja | O6: nee | P6: nee | Q6: nee
B7: KM-tarief trein (1e klas) | C7: nvt | D7: nvt | E7: 0.326 | F7: 0.346 | G7: 0.346 | H7: 0.355 | I7: 0.35216 | J7: 0.355 | K7: 0.363 | L7: 0.388 | N7: ja | O7: nee | P7: nee | Q7: nee
B8: Flatfare Vlinder | C8: nvt | D8: nvt | E8: 1.5 | F8: 1.5 | G8: 1.5 | H8: 1.5 | I8: 1.5 | J8: 1.5 | K8: 2.45 | L8: 2.6 | N8: ja | O8: nee | P8: nee | Q8: nee
B9: Flatfare bus 440 | C9: nvt | D9: nvt | L9: 2.6 | N9: ja | O9: nee | P9: nee | Q9: nee
B10: Flatfare bus 450 | C10: nvt | D10: nvt | L10: 2.6 | N10: ja | O10: nee | P10: nee | Q10: nee
B11: Flatfare bus 458 | C11: nvt | D11: nvt | L11: 2.6 | N11: ja | O11: nee | P11: nee | Q11: nee
B12: Lijn 27/29 SAN-deel (Breng/Hermes) | C12: nvt | D12: nvt | L12: 0.186 | N12: ja | O12: nee | P12: nee | Q12: nee
B13: Lijn 53, 73 en 74 Twente-deel | C13: nvt | D13: nvt | L13: 0.223 | N13: ja | O13: nee | P13: nee | Q13: nee
B14: Lijn 85 SAN tarief | C14: nvt | D14: nvt | L14: 0.186 | N14: ja | O14: nee | P14: nee | Q14: nee
B15: Reisproducten OV-chipkaart maand (doorlopend)
B16: Altijd Korting Scholier (40%)* | C16: 8103 | D16: 8103 | E16: nvt | F16: nvt | N16: ja | O16: nee | P16: nee | Q16: nee
B17: Altijd Voordeel Oost Bus (4-11) | C17: 7230 | D17: 7231 | E17: 15 | F17: 16 | H17: 16 | I17: 16 | J17: 16 | K17: 17 | L17: 18 | N17: ja | O17: ja | P17: ja | Q17: ja
B18: Altijd Voordeel Oost Bus (12-18) | C18: 7230 | D18: 7232 | E18: 15 | F18: 16 | H18: 16 | I18: 16 | J18: 16 | K18: 17 | L18: 18 | N18: ja | O18: ja | P18: ja | Q18: ja
B19: Altijd Voordeel Oost Bus (19-64) | C19: 7230 | D19: 7233 | E19: 15 | F19: 16 | H19: 16 | I19: 16 | J19: 16 | K19: 17 | L19: 18 | N19: ja | O19: ja | P19: ja | Q19: ja
B20: Altijd Voordeel Oost Bus (65+) | C20: 7230 | D20: 7234 | E20: 15 | F20: 16 | H20: 16 | I20: 16 | J20: 16 | K20: 17 | L20: 18 | N20: ja | O20: ja | P20: ja | Q20: ja
B21: Altijd Voordeel Oost Bus & Trein (4-11) | C21: 7240 | D21: 7241 | E21: 25 | F21: 26 | H21: 27 | I21: 27 | J21: 27 | K21: 28 | L21: 30 | N21: ja | O21: ja | P21: ja | Q21: ja
B22: Altijd Voordeel Oost Bus & Trein (12-18) | C22: 7240 | D22: 7242 | E22: 25 | F22: 26 | H22: 27 | I22: 27 | J22: 27 | K22: 28 | L22: 30 | N22: ja | O22: ja | P22: ja | Q22: ja
B23: Altijd Voordeel Oost Bus & Trein (19-64) | C23: 7240 | D23: 7243 | E23: 25 | F23: 26 | H23: 27 | I23: 27 | J23: 27 | K23: 28 | L23: 30 | N23: ja | O23: ja | P23: ja | Q23: ja
B24: Altijd Voordeel Oost Bus & Trein (65+) | C24: 7240 | D24: 7244 | E24: 25 | F24: 26 | H24: 27 | I24: 27 | J24: 27 | K24: 28 | L24: 30 | N24: ja | O24: ja | P24: ja | Q24: ja
B25: Altijd Vrij Gelderland Bus (anoniem) | C25: 2870 | D25: 2870 | E25: 133.5 | F25: 131.72 | G25: 129.54 | H25: 129.54 | I25: 126.49 | J25: 126.49 | K25: 129.17 | L25: 138.24 | N25: ja | O25: ja | P25: ja | Q25: ja
B26: Altijd Vrij Gelderland Bus (4-11) | C26: 2870 | D26: 2871 | E26: 112.5 | F26: 117.32 | G26: 122.14 | H26: 122.14 | I26: 126.49 | J26: 126.49 | K26: 129.17 | L26: 138.24 | N26: ja | O26: ja | P26: ja | Q26: ja
B27: Altijd Vrij Gelderland Bus (12-18) | C27: 2870 | D27: 2872 | E27: 112.5 | F27: 117.32 | G27: 122.14 | H27: 122.14 | I27: 126.49 | J27: 126.49 | K27: 129.17 | L27: 138.24 | N27: ja | O27: ja | P27: ja | Q27: ja
B28: Altijd Vrij Gelderland Bus (19-64) | C28: 2870 | D28: 2873 | E28: 133.5 | F28: 131.72 | G28: 129.54 | H28: 129.54 | I28: 126.49 | J28: 126.49 | K28: 129.17 | L28: 138.24 | N28: ja | O28: ja | P28: ja | Q28: ja
B29: Altijd Vrij Gelderland Bus (65+) | C29: 2870 | D29: 2874 | E29: 133.5 | F29: 131.72 | G29: 129.54 | H29: 129.54 | I29: 126.49 | J29: 126.49 | K29: 129.17 | L29: 138.24 | N29: ja | O29: ja | P29: ja | Q29: ja
B30: Altijd Vrij Gelderland Trein+Bus (anoniem) | C30: 2450 | D30: 2450 | E30: 170 | F30: 164.66 | G30: 158.63 | H30: 158.63 | I30: 151.35 | J30: 151.35 | K30: 154.56 | L30: 165.41 | N30: ja | O30: ja | P30: ja | Q30: ja
B31: Altijd Vrij Gelderland Trein+Bus (4-11) | C31: 2450 | D31: 2451 | E31: 131.75 | F31: 138.41 | G31: 145.14 | H31: 145.14 | I31: 151.35 | J31: 151.35 | K31: 154.56 | L31: 165.41 | N31: ja | O31: ja | P31: ja | Q31: ja
B32: Altijd Vrij Gelderland Trein+Bus (12-18) | C32: 2450 | D32: 2452 | E32: 131.75 | F32: 138.41 | G32: 145.14 | H32: 145.14 | I32: 151.35 | J32: 151.35 | K32: 154.56 | L32: 165.41 | N32: ja | O32: ja | P32: ja | Q32: ja
B33: Altijd Vrij Gelderland Trein+Bus (19-64) | C33: 2450 | D33: 2453 | E33: 170 | F33: 164.66 | G33: 158.63 | H33: 158.63 | I33: 151.35 | J33: 151.35 | K33: 154.56 | L33: 165.41 | N33: ja | O33: ja | P33: ja | Q33: ja
B34: Altijd Vrij Gelderland Trein+Bus (65+) | C34: 2450 | D34: 2454 | E34: 170 | F34: 164.66 | G34: 158.63 | H34: 158.63 | I34: 151.35 | J34: 151.35 | K34: 154.56 | L34: 165.41 | N34: ja | O34: ja | P34: ja | Q34: ja
B35: 10 Dagen Vrij Arriva Gelderland Bus (anoniem) | C35: 8445 | D35: 8447 | K35: 71.04 | L35: =K35*1.0724 -> 76.183296 | N35: ja | O35: ja | P35: ja | Q35: ja
B36: Dal Vrij Oost Bus (4-11) | C36: 7250 | D36: 7251 | E36: 50 | F36: 53 | H36: 54 | I36: 54 | J36: 54 | K36: 55 | L36: 59 | N36: ja | O36: ja | P36: ja | Q36: ja
B37: Dal Vrij Oost Bus (12-18) | C37: 7250 | D37: 7252 | E37: 50 | F37: 53 | H37: 54 | I37: 54 | J37: 54 | K37: 55 | L37: 59 | N37: ja | O37: ja | P37: ja | Q37: ja
B38: Dal Vrij Oost Bus (19-64) | C38: 7250 | D38: 7253 | E38: 50 | F38: 53 | H38: 54 | I38: 54 | J38: 54 | K38: 55 | L38: 59 | N38: ja | O38: ja | P38: ja | Q38: ja
B39: Dal Vrij Oost Bus (65+) | C39: 7250 | D39: 7254 | E39: 50 | F39: 53 | H39: 54 | I39: 54 | J39: 54 | K39: 55 | L39: 59 | N39: ja | O39: ja | P39: ja | Q39: ja
B40: Dal Vrij Oost Bus & Trein (4-11) | C40: 7260 | D40: 7261 | E40: 75 | F40: 79 | H40: 81 | I40: 81 | J40: 81 | K40: 83 | L40: 89 | N40: ja | O40: ja | P40: ja | Q40: ja
B41: Dal Vrij Oost Bus & Trein (12-18) | C41: 7260 | D41: 7262 | E41: 75 | F41: 79 | H41: 81 | I41: 81 | J41: 81 | K41: 83 | L41: 89 | N41: ja | O41: ja | P41: ja | Q41: ja
B42: Dal Vrij Oost Bus & Trein (19-64) | C42: 7260 | D42: 7263 | E42: 75 | F42: 79 | H42: 81 | I42: 81 | J42: 81 | K42: 83 | L42: 89 | N42: ja | O42: ja | P42: ja | Q42: ja
B43: Dal Vrij Oost Bus & Trein (65+) | C43: 7260 | D43: 7264 | E43: 75 | F43: 79 | H43: 81 | I43: 81 | J43: 81 | K43: 83 | L43: 89 | N43: ja | O43: ja | P43: ja | Q43: ja
B44: Reisproducten OV-chipkaart kwartaal
B45: Altijd Vrij Gelderland Bus (anoniem) | C45: 2875 | D45: 2875 | E45: 360.23 | F45: 355.5 | G45: 349.69 | H45: 349.69 | I45: 341.51 | J45: 341.51 | K45: 348.75 | L45: 373.23 | N45: ja | O45: ja | P45: ja | Q45: ja
B46: Altijd Vrij Gelderland Bus (4-11) | C46: 2875 | D46: 2876 | E46: 304.35 | F46: 317.17 | G46: 329.99 | H46: 329.99 | I46: 341.51 | J46: 341.51 | K46: 348.75 | L46: 373.23 | N46: ja | O46: ja | P46: ja | Q46: ja
B47: Altijd Vrij Gelderland Bus (12-18) | C47: 2875 | D47: 2877 | E47: 304.35 | F47: 317.17 | G47: 329.99 | H47: 329.99 | I47: 341.51 | J47: 341.51 | K47: 348.75 | L47: 373.23 | N47: ja | O47: ja | P47: ja | Q47: ja
B48: Altijd Vrij Gelderland Bus (19-64) | C48: 2875 | D48: 2878 | E48: 360.23 | F48: 355.5 | G48: 349.69 | H48: 349.69 | I48: 341.51 | J48: 341.51 | K48: 348.75 | L48: 373.23 | N48: ja | O48: ja | P48: ja | Q48: ja
B49: Altijd Vrij Gelderland Bus (65+) | C49: 2875 | D49: 2879 | E49: 360.23 | F49: 355.5 | G49: 349.69 | H49: 349.69 | I49: 341.51 | J49: 341.51 | K49: 348.75 | L49: 373.23 | N49: ja | O49: ja | P49: ja | Q49: ja
B50: Altijd Vrij Gelderland Trein+Bus (anoniem) | C50: 2885 | D50: 2885 | E50: 445.5 | F50: 435.31 | G50: 423.53 | H50: 423.53 | I50: 408.65 | J50: 408.65 | K50: 417.31 | L50: 446.61 | N50: ja | O50: ja | P50: ja | Q50: ja
B51: Altijd Vrij Gelderland Trein+Bus (4-11) | C51: 2885 | D51: 2886 | E51: 343.88 | F51: 365.59 | G51: 387.71 | H51: 387.71 | I51: 408.65 | J51: 408.65 | K51: 417.31 | L51: 446.61 | N51: ja | O51: ja | P51: ja | Q51: ja
B52: Altijd Vrij Gelderland Trein+Bus (12-18) | C52: 2885 | D52: 2887 | E52: 343.88 | F52: 365.59 | G52: 387.71 | H52: 387.71 | I52: 408.65 | J52: 408.65 | K52: 417.31 | L52: 446.61 | N52: ja | O52: ja | P52: ja | Q52: ja
B53: Altijd Vrij Gelderland Trein+Bus (19-64) | C53: 2885 | D53: 2888 | E53: 445.5 | F53: 435.31 | G53: 423.53 | H53: 423.53 | I53: 408.65 | J53: 408.65 | K53: 417.31 | L53: 446.61 | N53: ja | O53: ja | P53: ja | Q53: ja
B54: Altijd Vrij Gelderland Trein+Bus (65+) | C54: 2885 | D54: 2889 | E54: 445.5 | F54: 435.31 | G54: 423.53 | H54: 423.53 | I54: 408.65 | J54: 408.65 | K54: 417.31 | L54: 446.61 | N54: ja | O54: ja | P54: ja | Q54: ja
B55: Reisproducten OV-chipkaart jaar of onbepaalde tijd
B56: Altijd Voordeel Oost Bus (4-11) | C56: 7235 | D56: 7236 | E56: 150 | F56: 160 | H56: 160 | I56: 160 | J56: 160 | K56: 170 | L56: 180 | N56: ja | O56: ja | P56: ja | Q56: ja
B57: Altijd Voordeel Oost Bus (12-18) | C57: 7235 | D57: 7237 | E57: 150 | F57: 160 | H57: 160 | I57: 160 | J57: 160 | K57: 170 | L57: 180 | N57: ja | O57: ja | P57: ja | Q57: ja
B58: Altijd Voordeel Oost Bus (19-64) | C58: 7235 | D58: 7238 | E58: 150 | F58: 160 | H58: 160 | I58: 160 | J58: 160 | K58: 170 | L58: 180 | N58: ja | O58: ja | P58: ja | Q58: ja
B59: Altijd Voordeel Oost Bus (65+) | C59: 7235 | D59: 7239 | E59: 150 | F59: 160 | H59: 160 | I59: 160 | J59: 160 | K59: 170 | L59: 180 | N59: ja | O59: ja | P59: ja | Q59: ja
B60: Altijd Voordeel Oost Bus & Trein (4-11) | C60: 7245 | D60: 7246 | E60: 250 | F60: 260 | H60: 270 | I60: 270 | J60: 270 | K60: 280 | L60: 300 | N60: ja | O60: ja | P60: ja | Q60: ja
B61: Altijd Voordeel Oost Bus & Trein (12-18) | C61: 7245 | D61: 7247 | E61: 250 | F61: 260 | H61: 270 | I61: 270 | J61: 270 | K61: 280 | L61: 300 | N61: ja | O61: ja | P61: ja | Q61: ja
B62: Altijd Voordeel Oost Bus & Trein (19-64) | C62: 7245 | D62: 7248 | E62: 250 | F62: 260 | H62: 270 | I62: 270 | J62: 270 | K62: 280 | L62: 300 | N62: ja | O62: ja | P62: ja | Q62: ja
B63: Altijd Voordeel Oost Bus & Trein (65+) | C63: 7245 | D63: 7249 | E63: 250 | F63: 260 | H63: 270 | I63: 270 | J63: 270 | K63: 280 | L63: 300 | N63: ja | O63: ja | P63: ja | Q63: ja
B64: Altijd Korting Scholier (40%)* | C64: 8102 | D64: 8102 | E64: nvt | F64: nvt | N64: ja | O64: ja | P64: ja | Q64: ja
B65: Breng Vrij Plus (4-11) | C65: 1630 | D65: 1631 | N65: ja | O65: nee
B66: Breng Vrij Plus (12-18) | C66: 1630 | D66: 1632 | N66: ja | O66: nee
B67: Breng Vrij Plus (19-64) | C67: 1630 | D67: 1633 | N67: ja | O67: nee
B68: Breng Vrij Plus (65+) | C68: 1630 | D68: 1634 | N68: ja | O68: nee
B69: Altijd Vrij Gelderland Bus (anoniem) | C69: 2880 | D69: 2880 | E69: 1186.75 | F69: 1221.28 | G69: 1184.27 | H69: 1184.27 | I69: 1138.38 | J69: 1138.38 | K69: 1162.51 | L69: 1244.12 | N69: ja | O69: ja | P69: ja | Q69: ja
B70: Altijd Vrij Gelderland Bus (4-11) | C70: 2880 | D70: 2881 | E70: 1055.25 | F70: 1085.19 | G70: 1114.34 | H70: 1114.34 | I70: 1138.38 | J70: 1138.38 | K70: 1162.51 | L70: 1244.12 | N70: ja | O70: ja | P70: ja | Q70: ja
B71: Altijd Vrij Gelderland Bus (12-18) | C71: 2880 | D71: 2882 | E71: 1055.25 | F71: 1085.19 | G71: 1114.34 | H71: 1114.34 | I71: 1138.38 | J71: 1138.38 | K71: 1162.51 | L71: 1244.12 | N71: ja | O71: ja | P71: ja | Q71: ja
B72: Altijd Vrij Gelderland Bus (19-64) | C72: 2880 | D72: 2883 | E72: 1253.63 | F72: 1221.28 | G72: 1184.27 | H72: 1184.27 | I72: 1138.38 | J72: 1138.38 | K72: 1162.51 | L72: 1244.12 | N72: ja | O72: ja | P72: ja | Q72: ja
B73: Altijd Vrij Gelderland Bus (65+) | C73: 2880 | D73: 2884 | E73: 1253.63 | F73: 1221.28 | G73: 1184.27 | H73: 1184.27 | I73: 1138.38 | J73: 1138.38 | K73: 1162.51 | L73: 1244.12 | N73: ja | O73: ja | P73: ja | Q73: ja
B74: Altijd Vrij Gelderland Trein+Bus (anoniem) | C74: 2455 | D74: 2455 | E74: 1565 | F74: 1553.94 | G74: 1538.66 | H74: 1538.66 | I74: 1513.52 | J74: 1513.52 | K74: 1545.61 | L74: 1654.11 | N74: ja | O74: ja | P74: ja | Q74: ja
B75: Altijd Vrij Gelderland Trein+Bus (4-11) | C75: 2455 | D75: 2456 | E75: 1244.38 | F75: 1333.97 | G75: 1425.64 | H75: 1425.64 | I75: 1513.52 | J75: 1513.52 | K75: 1545.61 | L75: 1654.11 | N75: ja | O75: ja | P75: ja | Q75: ja
B76: Altijd Vrij Gelderland Trein+Bus (12-18) | C76: 2455 | D76: 2457 | E76: 1244.38 | F76: 1333.97 | G76: 1425.64 | H76: 1425.64 | I76: 1513.52 | J76: 1513.52 | K76: 1545.61 | L76: 1654.11 | N76: ja | O76: ja | P76: ja | Q76: ja
B77: Altijd Vrij Gelderland Trein+Bus (19-64) | C77: 2455 | D77: 2458 | E77: 1565 | F77: 1553.94 | G77: 1538.66 | H77: 1538.66 | I77: 1513.52 | J77: 1513.52 | K77: 1545.61 | L77: 1654.11 | N77: ja | O77: ja | P77: ja | Q77: ja
B78: Altijd Vrij Gelderland Trein+Bus (65+) | C78: 2455 | D78: 2459 | E78: 1565 | F78: 1553.94 | G78: 1538.66 | H78: 1538.66 | I78: 1513.52 | J78: 1513.52 | K78: 1545.61 | L78: 1654.11 | N78: ja | O78: ja | P78: ja | Q78: ja
B79: 100 Dagen Vrij Arriva Gelderland Bus (anoniem) | C79: 8455 | D79: 8457 | K79: 639.38 | L79: =K79*1.0724 -> 685.67111 | N79: ja | O79: ja | P79: ja | Q79: ja
B80: Dal Voordeel Oost Bus (4-11) | C80: 7220 | D80: 7221 | E80: 15 | F80: 16 | H80: 16 | I80: 16 | J80: 16 | K80: 17 | L80: 18 | N80: ja | O80: ja | P80: ja | Q80: ja
B81: Dal Voordeel Oost Bus (12-18) | C81: 7220 | D81: 7222 | E81: 15 | F81: 16 | H81: 16 | I81: 16 | J81: 16 | K81: 17 | L81: 18 | N81: ja | O81: ja | P81: ja | Q81: ja
B82: Dal Voordeel Oost Bus (19-64) | C82: 7220 | D82: 7223 | E82: 15 | F82: 16 | H82: 16 | I82: 16 | J82: 16 | K82: 17 | L82: 18 | N82: ja | O82: ja | P82: ja | Q82: ja
B83: Dal Voordeel Oost Bus (65+) | C83: 7220 | D83: 7224 | E83: 15 | F83: 16 | H83: 16 | I83: 16 | J83: 16 | K83: 17 | L83: 18 | N83: ja | O83: ja | P83: ja | Q83: ja
B84: Dal Voordeel Oost Bus & Trein (4-11) | C84: 7225 | D84: 7226 | E84: 20 | F84: 21 | H84: 22 | I84: 22 | J84: 22 | K84: 22 | L84: 24 | N84: ja | O84: ja | P84: ja | Q84: ja
B85: Dal Voordeel Oost Bus & Trein (12-18) | C85: 7225 | D85: 7227 | E85: 20 | F85: 21 | H85: 22 | I85: 22 | J85: 22 | K85: 22 | L85: 24 | N85: ja | O85: ja | P85: ja | Q85: ja
B86: Dal Voordeel Oost Bus & Trein (19-64) | C86: 7225 | D86: 7228 | E86: 20 | F86: 21 | H86: 22 | I86: 22 | J86: 22 | K86: 22 | L86: 24 | N86: ja | O86: ja | P86: ja | Q86: ja
B87: Dal Voordeel Oost Bus & Trein (65+) | C87: 7225 | D87: 7229 | E87: 20 | F87: 21 | H87: 22 | I87: 22 | J87: 22 | K87: 22 | L87: 24 | N87: ja | O87: ja | P87: ja | Q87: ja
B88: Dal Vrij Oost Bus (4-11) | C88: 7255 | D88: 7256 | E88: 500 | F88: 530 | H88: 540 | I88: 540 | J88: 540 | K88: 550 | L88: 590 | N88: ja | O88: ja | P88: ja | Q88: ja
B89: Dal Vrij Oost Bus (12-18) | C89: 7255 | D89: 7257 | E89: 500 | F89: 530 | H89: 540 | I89: 540 | J89: 540 | K89: 550 | L89: 590 | N89: ja | O89: ja | P89: ja | Q89: ja
B90: Dal Vrij Oost Bus (19-64) | C90: 7255 | D90: 7258 | E90: 500 | F90: 530 | H90: 540 | I90: 540 | J90: 540 | K90: 550 | L90: 590 | N90: ja | O90: ja | P90: ja | Q90: ja
B91: Dal Vrij Oost Bus (65+) | C91: 7255 | D91: 7259 | E91: 500 | F91: 530 | H91: 540 | I91: 540 | J91: 540 | K91: 550 | L91: 590 | N91: ja | O91: ja | P91: ja | Q91: ja
... B103: Weekend Vrij Oost Bus & Trein (65+) | C103: 7275 | D103: 7279 | E103: 200 | F103: 212 | H103: 216 | I103: 216 | J103: 216 | K103: 221 | L103: 237 | N103: ja | O103: ja | P103: ja | Q103: ja
B104: Wagenverkoopassortiment
B105: Kidskaart | C105: nvt | D105: nvt | E105: 1 | F105: 1.1 | H105: 1.15 | I105: 1.15 | J105: 1.15 | K105: 1.2 | L105: 1.25 | N105: nee | O105: nvt | P105: nvt | Q105: nvt
B106: Meermanskaart | C106: nvt | D106: nvt | E106: 16.5 | F106: 17.5 | H106: 18 | I106: 18 | J106: 18 | K106: 18.5 | L106: 20 | N106: nee | O106: nvt | P106: nvt | Q106: nvt
B107: Dagkaart Oost | C107: nvt | D107: nvt | E107: 10 | F107: 11.5 | H107: 12 | I107: 11.75 | J107: 12 | K107: 12 | L107: 13 | N107: nee | O107: nvt | P107: nvt | Q107: nvt
B108: Ritkaart | C108: nvt | D108: nvt | E108: 2 | F108: 2.3 | H108: 2.35 | I108: 2.35 | J108: 2.4 | K108: 2.45 | L108: 2.6 | N108: nee | O108: nvt | P108: nvt | Q108: nvt
B109: Arriva Vlinder - flat fare | C109: nvt | D109: nvt | F109: 1.5 | H109: 1.5 | I109: 1.5 | J109: 1.5 | K109: 2.45 | L109: 2.6 | N109: nee | O109: nvt | P109: nvt | Q109: nvt
B110: Buurtbus enkele reis (vol tarief) | C110: nvt | D110: nvt | E110: 2.5 | F110: 2.3 | H110: 2.35 | I110: 2.35 | J110: 2.4 | K110: 2.45 | L110: 2.6 | N110: nee | O110: nvt | P110: nvt | Q110: nvt
B111: Buurtbus enkele reis (reductie tarief) | C111: nvt | D111: nvt | E111: 1.6 | F111: 1.7 | H111: 1.75 | I111: 1.75 | J111: 1.75 | K111: 1.8 | L111: 1.9 | N111: nee | O111: nvt | P111: nvt | Q111: nvt
B112: Buurtbus 10-ritten (vol tarief) | C112: nvt | D112: nvt | E112: 20 | F112: 21.15 | H112: 21.6 | I112: 21.6 | J112: 21.8 | K112: nvt | L112: nvt | N112: nee | O112: nvt | P112: nvt | Q112: nvt
...

Sheet W-ZHN
B2: Indexatie waar we hieronder van uitgaan is (over onafgeronde bedragen): | C2: 0.0724
B3: Nog te bepalen Is geel gemarkeerd of bij Chipoffice bekend
B7: Regionale tarieven 2023 Zuid-Holland Noord | M7: X= per 1 januari 2017 niet meer in de webshop verkrijgbaar maar via aanvraagformulier op arriva.nl/regioabonnement | O7: Voorwaarden
B8: Productnaam | C8: Productnr | D8: Contract Tariff Id | E8: 2022 Vaststelling (afgerond) | F8: 2022 Toegepast (afgerond) | G8: 2023 aanvraag (afgerond) | H8: 2023 Toegepast (afgerond) | I8: Acceptatie OVC | J8: Verkoop POS/quarto | K8: Verkoop Backoffice | L8: Verkoop Webshop | M8: assist productie | O8: Geldigheid (dal/spits) | P8: Modaliteit (trein/(buurtbus)/HOV) | Q8: Leeftijd (65+/kind/etc) | R8: Gebied (landelijk/1 regio of meer) | S8: Uitzonderingen
B9: Kilometertarief OV-chipkaart | C9: Productnr | D9: Contract Tariff Id | E9: 2022 Vaststelling | F9: 2022 Toegepast | G9: 2023 Aanvraag | H9: 2023 Toegepast
B10: Kilometertarief ZHN Buurtbussen | C10: nvt | D10: nvt | E10: 0.113 | F10: 0.113 | G10: 0.121 | H10: 0.121 | I10: ja | J10: nee | K10: nee | L10: nee
B11: Kilometertarief ZHN streek/stad/Vlinder | C11: nvt | D11: nvt | E11: 0.145 | F11: 0.145 | G11: 0.156 | H11: 0.156 | I11: ja | J11: nee | K11: nee | L11: nee
B12: Kilometertarief lijn 295 (trajectdeel Rotterdam - Schoonhoven Lopikerplein - Arriva) | C12: nvt | D12: nvt | E12: 0.145 | F12: 0.145 | G12: 0.156 | H12: 0.156 | I12: ja | J12: nee | K12: nee | L12: nee
B13: Kilometertarief lijn 295 (trajectdeel Utrecht - Schoonhoven Lopikerplein- Keolis) | C13: nvt | D13: nvt | E13: 0.175 | F13: 0.175 | G13: 0.187 | H13: tbd (0,187 aangevraagd) | I13: ja | J13: nee | K13: nee | L13: nee
B14: Kilometertarief ZHN HOV (Qiliners en Rnet. LET OP: 430, 431 en 432 moet wel streektarief zijn) | C14: nvt | D14: nvt | E14: 0.186 | F14: 0.186 | G14: 0.2 | H14: 0.2 | I14: ja | J14: nee | K14: nee | L14: nee
B15: Keukenhof flatfare 852 | C15: nvt | D15: nvt | E15: 8 | F15: 8 | G15: 8.6 | H15: 8.6 | I15: ja | J15: nee | K15: nee | L15: nee | O15: Alleen geldig op lijn 852
B16: Keukenhof flatfare 854 | C16: nvt | D16: nvt | E16: 4.7 | F16: 4.7 | G16: 5 | H16: 5 | I16: ja | J16: nee | K16: nee | L16: nee | O16: Alleen geldig op lijn 854
B17: Keukenhof flatfare 858 | C17: nvt | D17: nvt | E17: 5.2 | F17: 5.2 | G17: 5.6 | H17: 5.6 | I17: ja | J17: nee | K17: nee | L17: nee | O17: Alleen geldig op lijn 858
B18: Reisproducten OV-chipkaart maand (doorlopend) | C18: Productnr | D18: Contract Tariff Id | E18: 2022 Vaststelling | F18: 2022 Toegepast | G18: 2023 Aanvraag | H18: 2023 Toegepast | O18: Reisproducten OV-chipkaart maand (doorlopend)
B19: Arriva Altijd Korting Scholier (55%) | C19: 1065 | D19: 1066 | E19: 26.6 | F19: 26.6 | G19: 31 | H19: 31 | I19: ja | J19: nee | K19: ja | L19: Niet zichtbaar | M19: x | O19: Tijdens de daluren van maandag t/m vrijdag van 9.00 - 16.00 uur en tussen 18.30 en 06.30 uur en in het weekend en op nationale feestdagen de hele dag. | P19: BQR | Q19: 12 t/m 18 jaar | R19: meer | S19: Niet geldig in de Nachtbus, buurtbus, Waterbus, Belbus, OV-taxi, lijn 45 (Den Haag – Leiden) en de buslijnen 195/295 die door Syntus gereden worden
B20: Arriva Dal Vrij RBMH (streekbus) maand (kind) | C20: 2400 | D20: 2401 | E20: 77 | F20: 77 | G20: 91 | H20: 91 | I20: ja | J20: nee | K20: ja | L20: Niet zichtbaar | M20: x | O20: Geldig tijdens de daluren op maandag t/m vrijdag van 9.00 - 16.00 uur en tussen 18.30 en 06.30 uur en in het weekend en op nationale feestdagen de hele dag | P20: B | Q20: n.v.t. | R20: regio | S20: Niet geldig in Qliners, R-net, de Nachtbus, buurtbus, Belbus, OV-taxi, lijn 45 (Den Haag-Leiden ) en 195/295 (Rotterdam-Utrecht) die door Syntus gereden worden
B21: Arriva Dal Vrij RBMH (streekbus) maand (tiener) | C21: 2400 | D21: 2402 | E21: 77 | F21: 77 | G21: 91 | H21: 91 | I21: ja | J21: nee | K21: ja | L21: Niet zichtbaar | M21: x | O21: Geldig tijdens de daluren op maandag t/m vrijdag van 9.00 - 16.00 uur en tussen 18.30 en 06.30 uur en in het weekend en op nationale feestdagen de hele dag | P21: B | Q21: 12 t/m 18 jaar | R21: regio | S21: Niet geldig in Qliners, R-net, de Nachtbus, buurtbus, Belbus, OV-taxi, lijn 45 (Den Haag-Leiden ) en 195/295 (Rotterdam-Utrecht) die door Syntus gereden worden
B22: Arriva Dal Vrij RBMH (streekbus) maand (volwassene) | C22: 2400 | D22: 2403 | E22: 77 | F22: 77 | G22: 91 | H22: 91 | I22: ja | J22: nee | K22: ja | L22: Niet zichtbaar | M22: x | O22: Geldig tijdens de daluren op maandag t/m vrijdag van 9.00 - 16.00 uur en tussen 18.30 en 06.30 uur en in het weekend en op nationale feestdagen de hele dag | P22: B | Q22: 19 tm 64 jaar | R22: regio | S22: Niet geldig in Qliners, R-net, de Nachtbus, buurtbus, Belbus, OV-taxi, lijn 45 (Den Haag-Leiden ) en 195/295 (Rotterdam-Utrecht) die door Syntus gereden worden
B23: Arriva Dal Vrij RBMH (streekbus) maand (senior) | C23: 2400 | D23: 2404 | E23: 77 | F23: 77 | G23: 91 | H23: 91 | I23: ja | J23: nee | K23: ja | L23: Niet zichtbaar | M23: x | O23: Geldig tijdens de daluren op maandag t/m vrijdag van 9.00 - 16.00 uur en tussen 18.30 en 06.30 uur en in het weekend en op nationale feestdagen de hele dag | P23: B | Q23: 65+ | R23: regio | S23: Niet geldig in Qliners, R-net, de Nachtbus, buurtbus, Belbus, OV-taxi, lijn 45 (Den Haag-Leiden ) en 195/295 (Rotterdam-Utrecht) die door Syntus gereden worden
B24: Arriva Dal Vrij RBMH (ook Qliner) maand (kind) | C24: 2590 | D24: 2591 | E24: 91.3 | F24: 91.3 | G24: 108 | H24: 108 | I24: ja | J24: nee | K24: ja | L24: Niet zichtbaar | M24: x | O24: Geldig tijdens de daluren op maandag t/m vrijdag van 9.00 - 16.00 uur en tussen 18.30 en 06.30 uur en in het weekend en op nationale feestdagen de hele dag | P24: BQR | Q24: n.v.t. | R24: regio | S24: Niet geldig in Qliners, R-net, de Nachtbus, buurtbus, Belbus, OV-taxi, lijn 45 (Den Haag-Leiden ) en 195/295 (Rotterdam-Utrecht) die door Syntus gereden worden
B25: Arriva Dal Vrij RBMH (ook Qliner) maand (tiener) | C25: 2590 | D25: 2592 | E25: 91.3 | F25: 91.3 | G25: 108 | H25: 108 | I25: ja | J25: nee | K25: ja | L25: Niet zichtbaar | M25: x | O25: Geldig tijdens de daluren op maandag t/m vrijdag van 9.00 - 16.00 uur en tussen 18.30 en 06.30 uur en in het weekend en op nationale feestdagen de hele dag | P25: BQR | Q25: 12 t/m 18 jaar | R25: regio | S25: Niet geldig in Qliners, R-net, de Nachtbus, buurtbus, Belbus, OV-taxi, lijn 45 (Den Haag-Leiden ) en 195/295 (Rotterdam-Utrecht) die door Syntus gereden worden
B26: Arriva Dal Vrij RBMH (ook Qliner) maand (volwassene) | C26: 2590 | D26: 2593 | E26: 91.3 | F26: 91.3 | G26: 108 | H26: 108 | I26: ja | J26: nee | K26: ja | L26: Niet zichtbaar | M26: x | O26: Geldig tijdens de daluren op maandag t/m vrijdag van 9.00 - 16.00 uur en tussen 18.30 en 06.30 uur en in het weekend en op nationale feestdagen de hele dag | P26: BQR | Q26: 19 tm 64 jaar | R26: regio | S26: Niet geldig in Qliners, R-net, de Nachtbus, buurtbus, Belbus, OV-taxi, lijn 45 (Den Haag-Leiden ) en 195/295 (Rotterdam-Utrecht) die door Syntus gereden worden
B27: Arriva Dal Vrij RBMH (ook Qliner) maand (senior) | C27: 2590 | D27: 2594 | E27: 91.3 | F27: 91.3 | G27: 108 | H27: 108 | I27: ja | J27: nee | K27: ja | L27: Niet zichtbaar | M27: x | O27: Geldig tijdens de daluren op maandag t/m vrijdag van 9.00 - 16.00 uur en tussen 18.30 en 06.30 uur en in het weekend en op nationale feestdagen de hele dag | P27: BQR | Q27: 65+ | R27: regio | S27: Niet geldig in Qliners, R-net, de Nachtbus, buurtbus, Belbus, OV-taxi, lijn 45 (Den Haag-Leiden ) en 195/295 (Rotterdam-Utrecht) die door Syntus gereden worden
B28: Arriva Altijd Vrij ZHN Bus Streek (kind) | C28: 2530 | D28: 2531 | E28: 223.5 | F28: 223.5 | G28: 264 | H28: 264 | I28: ja | J28: nee | K28: ja | L28: Niet zichtbaar | M28: x | O28: Voor een vast bedrag altijd onbeperkt vrij reizen met de stads-en streekbussen van Arriva in de regio in de regio Duin- en Bollenstreek, Leiden, Rijnstreek en Midden-Holland. | P28: B | Q28: n.v.t. | R28: regio | S28: Niet geldig in Qliners, R-net, de Nachtbus, buurtbus, Belbus, OV-taxi, lijn 45 (Den Haag-Leiden ) en 195/295 (Rotterdam-Utrecht) die door Syntus gereden worden
B29: Arriva Altijd Vrij ZHN Bus Streek (12-18 jaar) | C29: 2530 | D29: 2532 | E29: 123.2 | F29: 123.2 | G29: 145 | H29: 145 | I29: ja | J29: nee | K29: ja | L29: Niet zichtbaar | M29: x | O29: Voor een vast bedrag altijd onbeperkt vrij reizen met de stads-en streekbussen van Arriva in de regio in de regio Duin- en Bollenstreek, Leiden, Rijnstreek en Midden-Holland. | P29: B | Q29: 12 t/m 18 jaar | R29: regio | S29: Niet geldig in Qliners, R-net, de Nachtbus, buurtbus, Belbus, OV-taxi, lijn 45 (Den Haag-Leiden ) en 195/295 (Rotterdam-Utrecht) die door Syntus gereden worden
B30: Arriva Altijd Vrij ZHN Bus Streek (volwassene) | C30: 2530 | D30: 2533 | E30: 223.5 | F30: 223.5 | G30: 264 | H30: 264 | I30: ja | J30: nee | K30: ja | L30: Niet zichtbaar | M30: x | O30: Voor een vast bedrag altijd onbeperkt vrij reizen met de stads-en streekbussen van Arriva in de regio in de regio Duin- en Bollenstreek, Leiden, Rijnstreek en Midden-Holland. | P30: B | Q30: 19 tm 64 jaar | R30: regio | S30: Niet geldig in Qliners, R-net, de Nachtbus, buurtbus, Belbus, OV-taxi, lijn 45 (Den Haag-Leiden ) en 195/295 (Rotterdam-Utrecht) die door Syntus gereden worden
... B35: Arriva Altijd Vrij ZHN Bus + Qliner + R-net (senior) | C35: 2520 | D35: 2524 | E35: 273.8 | F35: 273.8 | G35: 323 | H35: 323 | I35: ja | J35: nee | K35: ja | L35: Niet zichtbaar | M35: x | O35: Voor een vast bedrag altijd onbeperkt vrij reizen met de stads- en streekbussen en HOV-lijnen (Qliners en R-net) van Arriva in de regio in de regio Duin- en Bollenstreek, Leiden, Rijnstreek en Midden-Holland. | P35: BQR | Q35: 65+ | R35: regio | S35: Niet geldig in Qliners, R-net, de Nachtbus, buurtbus, Belbus, OV-taxi, lijn 45 (Den Haag-Leiden ) en 195/295 (Rotterdam-Utrecht) die door Syntus gereden worden
B36: Reisproducten OV-chipkaart jaar of onbepaalde tijd | C36: Productnr | D36: Contract Tariff Id | E36: 2022 Vaststelling | F36: 2022 Toegepast | G36: 2023 Aanvraag | H36: 2023 Toegepast | O36: Reisproducten OV-chipkaart jaar of onbepaalde tijd
B37: Arriva Samen voor Groen Anoniem | C37: 8035 | D37: 8035 | E37: € 0,005 p km | F37: € 0,005 p km | G37: € 0,005 p km | H37: € 0,005 p km | I37: ja | J37: nee | K37: ja | L37: ja | M37: x | O37: Met het Samen voor Groen-busabonnement spaar je, iedere keer als je incheckt, een halve cent (0,005 euro) per reiskilometer voor bomen. 100% van het gespaarde bedrag wordt gebruikt om bomen te planten en te onderhouden | P37: B | Q37: Alle | R37: Meer | S37: Niet geldig op de Nachtbus, OV-taxi, buslijn 45 (Den Haag - Leiden) en 195/295 (Rotterdam-Utrecht) die door Syntus gereden worden
B38: Arriva Samen voor Groen Kind | C38: 8035 | D38: 8036 | E38: € 0,005 p km | F38: € 0,005 p km | G38: € 0,005 p km | H38: € 0,005 p km | I38: ja | J38: nee | K38: ja | L38: ja | M38: x | O38: Met het Samen voor Groen-busabonnement spaar je, iedere keer als je incheckt, een halve cent (0,005 euro) per reiskilometer voor bomen. 100% van het gespaarde bedrag wordt gebruikt om bomen te planten en te onderhouden | P38: B | Q38: 4 t/m 11 jaar | R38: meer | S38: Niet geldig op de Nachtbus, Waterbus, OV-taxi, buslijn 45 (Den Haag - Leiden) en 195/295 (Rotterdam-Utrecht) die door Syntus gereden worden
B39: Arriva Samen voor Groen Tiener | C39: 8035 | D39: 8037 | E39: € 0,005 p km | F39: € 0,005 p km | G39: € 0,005 p km | H39: € 0,005 p km | I39: ja | J39: nee | K39: ja | L39: ja | M39: x | O39: Met het Samen voor Groen-busabonnement spaar je, iedere keer als je incheckt, een halve cent (0,005 euro) per reiskilometer voor bomen. 100% van het gespaarde bedrag wordt gebruikt om bomen te planten en te onderhouden | P39: B | Q39: 12 t/m 18 jaar | R39: meer | S39: Niet geldig op de Nachtbus, Waterbus, OV-taxi, buslijn 45 (Den Haag - Leiden) en 195/295 (Rotterdam-Utrecht) die door Syntus gereden worden
B40: Arriva Samen voor GroenVolwassene | C40: 8035 | D40: 8038 | E40: € 0,005 p km | F40: € 0,005 p km | G40: € 0,005 p km | H40: € 0,005 p km | I40: ja | J40: nee | K40: ja | L40: ja | M40: x | O40: Met het Samen voor Groen-busabonnement spaar je, iedere keer als je incheckt, een halve cent (0,005 euro) per reiskilometer voor bomen. 100% van het gespaarde bedrag wordt gebruikt om bomen te planten en te onderhouden | P40: B | Q40: 19 tm 64 jaar | R40: meer | S40: Niet geldig op de Nachtbus, Waterbus, OV-taxi, buslijn 45 (Den Haag - Leiden) en 195/295 (Rotterdam-Utrecht) die door Syntus gereden worden
B41: Arriva Samen voor Groen Senior | C41: 8035 | D41: 8039 | E41: € 0,005 p km | F41: € 0,005 p km | G41: € 0,005 p km | H41: € 0,005 p km | I41: ja | J41: nee | K41: ja | L41: ja | M41: x | O41: Met het Samen voor Groen-busabonnement spaar je, iedere keer als je incheckt, een halve cent (0,005 euro) per reiskilometer voor bomen. 100% van het gespaarde bedrag wordt gebruikt om bomen te planten en te onderhouden | P41: B | Q41: 65+ | R41: meer | S41: Niet geldig op de Nachtbus, Waterbus, OV-taxi, buslijn 45 (Den Haag - Leiden) en 195/295 (Rotterdam-Utrecht) die door Syntus gereden worden
B42: Arriva Altijd Korting Scholier (55%) | C42: 1067 | D42: 1068 | E42: 266.2 | F42: 266.2 | G42: 314 | H42: 314 | I42: ja | J42: nee | K42: ja | L42: Niet zichtbaar | M42: x | O42: Tijdens de daluren van maandag t/m vrijdag van 9.00 - 16.00 uur en tussen 18.30 en 06.30 uur en in het weekend en op nationale feestdagen de hele dag. | P42: BQR | Q42: 12 t/m 18 jaar | R42: meer | S42: Niet geldig in de Nachtbus, buurtbus, Waterbus, Belbus, OV-taxi, lijn 45 (Den Haag – Leiden) en de buslijnen 195/295 die door Syntus gereden worden
B43: Arriva Dal Vrij RBMH (streekbus) jaar (kind) | C43: 2405 | D43: 2406 | E43: 769.8 | F43: 769.8 | G43: 908 | H43: 908 | I43: ja | J43: nee | K43: ja | L43: Niet zichtbaar | M43: x | O43: Geldig tijdens de daluren op maandag t/m vrijdag van 9.00 - 16.00 uur en tussen 18.30 en 06.30 uur en in het weekend en op nationale feestdagen de hele dag | P43: B | Q43: n.v.t. | R43: regio | S43: Niet geldig in Qliners, R-net, de Nachtbus, buurtbus, Belbus, OV-taxi, lijn 45 (Den Haag-Leiden ) en 195/295 (Rotterdam-Utrecht) die door Syntus gereden worden
B44: Arriva Dal Vrij RBMH (streekbus) jaar (tiener) | C44: 2405 | D44: 2407 | E44: 769.8 | F44: 769.8 | G44: 908 | H44: 908 | I44: ja | J44: nee | K44: ja | L44: Niet zichtbaar | M44: x | O44: Geldig tijdens de daluren op maandag t/m vrijdag van 9.00 - 16.00 uur en tussen 18.30 en 06.30 uur en in het weekend en op nationale feestdagen de hele dag | P44: B | Q44: 12 t/m 18 jaar | R44: regio | S44: Niet geldig in Qliners, R-net, de Nachtbus, buurtbus, Belbus, OV-taxi, lijn 45 (Den Haag-Leiden ) en 195/295 (Rotterdam-Utrecht) die door Syntus gereden worden
B45: Arriva Dal Vrij RBMH (streekbus) jaar (volwassene) | C45: 2405 | D45: 2408 | E45: 769.8 | F45: 769.8 | G45: 908 | H45: 908 | I45: ja | J45: nee | K45: ja | L45: Niet zichtbaar | M45: x | O45: Geldig tijdens de daluren op maandag t/m vrijdag van 9.00 - 16.00 uur en tussen 18.30 en 06.30 uur en in het weekend en op nationale feestdagen de hele dag | P45: B | Q45: 19 tm 64 jaar | R45: regio | S45: Niet geldig in Qliners, R-net, de Nachtbus, buurtbus, Belbus, OV-taxi, lijn 45 (Den Haag-Leiden ) en 195/295 (Rotterdam-Utrecht) die door Syntus gereden worden
B46: Arriva Dal Vrij RBMH (streekbus) jaar (senior) | C46: 2405 | D46: 2409 | E46: 769.8 | F46: 769.8 | G46: 908 | H46: 908 | I46: ja | J46: nee | K46: ja | L46: Niet zichtbaar | M46: x | O46: Geldig tijdens de daluren op maandag t/m vrijdag van 9.00 - 16.00 uur en tussen 18.30 en 06.30 uur en in het weekend en op nationale feestdagen de hele dag | P46: B | Q46: 65+ | R46: regio | S46: Niet geldig in Qliners, R-net, de Nachtbus, buurtbus, Belbus, OV-taxi, lijn 45 (Den Haag-Leiden ) en 195/295 (Rotterdam-Utrecht) die door Syntus gereden worden
B47: Arriva Dal Vrij RBMH (ook Qliner) jaar (kind) | C47: 2595 | D47: 2596 | E47: 912.8 | F47: 912.8 | G47: 1077 | H47: 1077 | I47: ja | J47: nee | K47: ja | L47: Niet zichtbaar | M47: x | O47: Geldig tijdens de daluren op maandag t/m vrijdag van 9.00 - 16.00 uur en tussen 18.30 en 06.30 uur en in het weekend en op nationale feestdagen de hele dag | P47: BQR | Q47: n.v.t. | R47: regio | S47: Niet geldig in Qliners, R-net, de Nachtbus, buurtbus, Belbus, OV-taxi, lijn 45 (Den Haag-Leiden ) en 195/295 (Rotterdam-Utrecht) die door Syntus gereden worden
B48: Arriva Dal Vrij RBMH (ook Qliner) jaar (tiener) | C48: 2595 | D48: 2597 | E48: 912.8 | F48: 912.8 | G48: 1077 | H48: 1077 | I48: ja | J48: nee | K48: ja | L48: Niet zichtbaar | M48: x | O48: Geldig tijdens de daluren op maandag t/m vrijdag van 9.00 - 16.00 uur en tussen 18.30 en 06.30 uur en in het weekend en op nationale feestdagen de hele dag | P48: BQR | Q48: 12 t/m 18 jaar | R48: regio | S48: Niet geldig in Qliners, R-net, de Nachtbus, buurtbus, Belbus, OV-taxi, lijn 45 (Den Haag-Leiden ) en 195/295 (Rotterdam-Utrecht) die door Syntus gereden worden
B49: Arriva Dal Vrij RBMH (ook Qliner) jaar (volwassene) | C49: 2595 | D49: 2598 | E49: 912.8 | F49: 912.8 | G49: 1077 | H49: 1077 | I49: ja | J49: nee | K49: ja | L49: Niet zichtbaar | M49: x | O49: Geldig tijdens de daluren op maandag t/m vrijdag van 9.00 - 16.00 uur en tussen 18.30 en 06.30 uur en in het weekend en op nationale feestdagen de hele dag | P49: BQR | Q49: 19 tm 64 jaar | R49: regio | S49: Niet geldig in Qliners, R-net, de Nachtbus, buurtbus, Belbus, OV-taxi, lijn 45 (Den Haag-Leiden ) en 195/295 (Rotterdam-Utrecht) die door Syntus gereden worden
B50: Arriva Dal Vrij RBMH (ook Qliner) jaar (senior) | C50: 2595 | D50: 2599 | E50: 912.8 | F50: 912.8 | G50: 1077 | H50: 1077 | I50: ja | J50: nee | K50: ja | L50: Niet zichtbaar | M50: x | O50: Geldig tijdens de daluren op maandag t/m vrijdag van 9.00 - 16.00 uur en tussen 18.30 en 06.30 uur en in het weekend en op nationale feestdagen de hele dag | P50: BQR | Q50: 65+ | R50: regio | S50: Niet geldig in Qliners, R-net, de Nachtbus, buurtbus, Belbus, OV-taxi, lijn 45 (Den Haag-Leiden ) en 195/295 (Rotterdam-Utrecht) die door Syntus gereden worden
B51: Arriva Dal Korting ZH Bus (kind) | C51: 2610 | D51: 2611 | E51: 23 | F51: 23 | G51: 27 | H51: 27 | I51: ja | J51: nee | K51: ja | L51: Niet zichtbaar | M51: x | O51: Tijdens de daluren van maandag t/m vrijdag van 9.00 - 16.00 uur en tussen 18.30 en 06.30 uur en in het weekend en op nationale feestdagen de hele dag. | P51: BTQR | Q51: n.v.t. | R51: meer | S51: Niet geldig in de Nachtbus, buurtbus, Waterbus, Belbus, OV-taxi, lijn 45 (Den Haag – Leiden) en de buslijnen 195/295 (Rotterdam - Utrecht) die door Syntus gereden worden.
B52: Arriva Dal Korting ZH Bus (12-18 jaar) | C52: 2610 | D52: 2612 | E52: 23 | F52: 23 | G52: 27 | H52: 27 | I52: ja | J52: nee | K52: ja | L52: Niet zichtbaar | M52: x | O52: Tijdens de daluren van maandag t/m vrijdag van 9.00 - 16.00 uur en tussen 18.30 en 06.30 uur en in het weekend en op nationale feestdagen de hele dag. | P52: BTQR | Q52: 12 t/m 18 jaar | R52: meer | S52: Niet geldig in de Nachtbus, buurtbus, Waterbus, Belbus, OV-taxi, lijn 45 (Den Haag – Leiden) en de buslijnen 195/295 (Rotterdam - Utrecht) die door Syntus gereden worden.
B53: Arriva Dal Korting ZH Bus (volwassene) | C53: 2610 | D53: 2613 | E53: 23 | F53: 23 | G53: 27 | H53: 27 | I53: ja | J53: nee | K53: ja | L53: Niet zichtbaar | M53: x | O53: Tijdens de daluren van maandag t/m vrijdag van 9.00 - 16.00 uur en tussen 18.30 en 06.30 uur en in het weekend en op nationale feestdagen de hele dag. | P53: BTQR | Q53: 19 tm 64 jaar | R53: meer | S53: Niet geldig in de Nachtbus, buurtbus, Waterbus, Belbus, OV-taxi, lijn 45 (Den Haag – Leiden) en de buslijnen 195/295 (Rotterdam - Utrecht) die door Syntus gereden worden.
... B63: Arriva Kids Vrij Meereizen jaar (4 t/m 11 jaar) | C63: 1349 | D63: 1349 | E63: 16.7 | F63: 16.7 | G63: 20 | H63: 20 | I63: ja | J63: nee | K63: ja | L63: Niet zichtbaar | M63: x | O63: Onbeperkt vrij reizen onder begeleiding van een reiziger van 18 jaar of ouder. | P63: BQRT | Q63: 4 t/m 11 jaar | R63: meer | S63: Niet geldig in de Nachtbus, Waterbus, buurtbus, Belbus, OV-taxi, lijn 45 (Den Haag-Leiden) en de buslijnen 195/295 (Rotterdam-Utrecht) die door Syntus gereden worden
B64: Wagenverkoopassortiment | C64: Productnr | D64: Contract Tariff Id | E64: 2022 Vaststelling | F64: 2022 Toegepast | G64: 2023 Aanvraag | H64: 2023 Toegepast | O64: Wagenverkoopassortiment
B65: Kinderritkaart (4 t/m 11 jaar, alleen Telexis) | C65: (8986 Telexis) | D65: nvt | E65: 0 | F65: 0 | G65: 0 | H65: 0 | I65: nvt | J65: nvt | K65: n.v.t. | L65: n.v.t. | M65: x | O65: Geldig in alle stads- en streekbussen en HOV-lijnen (Qliners en R-net van Arriva in Zuid-Holland. Volwassenen kunnen per volwassene (maximaal) drie kinderen in de leeftijd van 4 t/m 11 jaar gratis meenemen! Kids4Nix geldt voor een groep van (maximaal) acht personen, bijvoorbeeld twee volwassenen met zes kinderen. Kinderen kunnen twee uur op een Kinderritkaart gratis met de volwassene meereizen (zonder overstap). In het weekend en op officiële feestdagen geldt de gratis Kinderritkaart de hele dag, doordeweeks vanaf 9.00 uur. Reist men vóór 9.00 uur? Dan koopt men gewoon voor elk kind een Gemakskaart van € 2,20-. Daarmee kunnen ze twee uur binnen de regio reizen, waarbij ook mag worden overgestapt. De maximale groepsgrootte is 8 personen. Voor meer kinderen geldt het reguliere tarief van de Gemakskaart voor de rit | P65: B | Q65: 4 t/m 11 jaar | R65: regio | S65: De Kinderritkaart geldt niet in de Nachtbus, Buurtbus, Keukenhof Express, OV taxi en de buslijnen 195/295 (Utrecht - Rotterdam) die door Syntus gereden worden en 45 die door EBS wordt gereden
B66: Gemakskaartje 1 t/m 2 zones (CT als Telexis) | C66: 8136 (8990 Telexis) | D66: nvt | E66: 2.3 | F66: 2.3 | G66: 2.5 | H66: 2.5 | I66: Ja, bij CT | J66: nvt | K66: n.v.t. | L66: n.v.t. | M66: x | O66: Aantal zones 1-2; enkele reis; max. geldigheidsduur 45 minuten; overstappen toegestaan; meer informatie arriva.nl/buskaartenzh | P66: B | Q66: alle | R66: regio | S66: De Gemakskaart geldt niet in de Nachtbus, Buurtbus Keukenhof Express, OV-taxi en lijn 45* en de buslijnen 195/295 (Utrecht - Rotterdam) die door Syntus gereden worden. *Geldig voor een enkele rit op buslijn 45. Zie voor meer informatie arriva.nl/buskaartenzh
B67: Gemakskaartje 3 t/m 5 zones (CT als Telexis) | C67: 8137 (8991 Telexis) | D67: nvt | E67: 4.6 | F67: 4.6 | G67: 4.9 | H67: 4.9 | I67: Ja, bij CT | J67: nvt | K67: n.v.t. | L67: n.v.t. | M67: x | O67: Aantal zones 3-5; enkele reis; max. geldigheidsduur 60 minuten; overstappen toegestaan; meer informatie arriva.nl/buskaartenzh | P67: B | Q67: alle | R67: regio | S67: De Gemakskaart geldt niet in de Nachtbus, Buurtbus Keukenhof Express, OV-taxi en lijn 45* en de buslijnen 195/295 (Utrecht - Rotterdam) die door Syntus gereden worden. *Geldig voor een enkele rit op buslijn 45. Zie voor meer informatie arriva.nl/buskaartenzh
B68: Gemakskaartje 6 t/m 8 zones (CT als Telexis) | C68: 8138 (8992 Telexis) | D68: nvt | E68: 7.4 | F68: 7.4 | G68: 8 | H68: 8 | I68: Ja, bij CT | J68: nvt | K68: n.v.t. | L68: n.v.t. | M68: x | O68: Aantal zones 6-8; enkele reis; max. geldigheidsduur 105 minuten; overstappen toegestaan; meer informatie arriva.nl/buskaartenzh | P68: B | Q68: alle | R68: regio | S68: De Gemakskaart geldt niet in de Nachtbus, Buurtbus, OV-taxi en lijn 45 en de buslijnen 195/295 (Utrecht - Rotterdam) die door Syntus gereden worden. Zie voor meer informatie arriva.nl/buskaartenzh
B69: Gemakskaartje 9 t/m 11 zones (CT, als Telexis) | C69: 8139 (8993 (Telexis) | D69: nvt | E69: 9.7 | F69: 9.7 | G69: 10.4 | H69: 10.4 | I69: Ja, bij CT | J69: nvt | K69: n.v.t. | L69: n.v.t. | M69: x | O69: Aantal zones 9-11; enkele reis; max. geldigheidsduur 135 minuten; overstappen toegestaan; meer informatie arriva.nl/buskaartenzh | P69: B | Q69: alle | R69: regio | S69: De Gemakskaart geldt niet in de Nachtbus, Buurtbus, Keukenhof Express, OV-taxi en lijn 45 en de buslijnen 195/295 (Utrecht - Rotterdam) die door Syntus gereden worden. Zie voor meer informatie arriva.nl/buskaartenzh
B70: Gemakskaartje > 11 zones (Geen CT, alleen Telexis) | C70: (8995 Telexis) | D70: nvt | E70: 12 | F70: 12 | G70: 12.9 | H70: 12.9 | I70: nvt | J70: nvt | K70: n.v.t. | L70: n.v.t. | M70: x | O70: Aantal zones > 11; enkele reis; max. geldigheidsduur 135 minuten; overstappen toegestaan; meer informatie arriva.nl/buskaartenzh | P70: B | Q70: alle | R70: regio | S70: De Gemakskaart geldt niet in de Nachtbus, Buurtbus, Keukenhof Express, OV-taxi en lijn 45 en de buslijnen 195/295 (Utrecht - Rotterdam) die door Syntus gereden worden. Zie voor meer informatie arriva.nl/buskaartenzh
B71: Deur-haltevervoer (binnen de grenzen van een plaats): | C71: nvt | D71: nvt | E71: 2.3 | F71: 2.3 | G71: 2.5 | H71: 2.5 | I71: nvt | J71: nvt | K71: n.v.t. | L71: n.v.t. | M71: x | O71: ritkaart OV-taxi binnen de grenzen van een plaats | P71: B | Q71: alle | R71: regio
B72: Deur-haltevervoer (buiten de grenzen van een plaats) | C72: nvt | D72: nvt | E72: 4.6 | F72: 4.6 | G72: 4.9 | H72: 4.9 | I72: nvt | J72: nvt | K72: n.v.t. | L72: n.v.t. | M72: x | O72: ritkaart OV-taxi buiten de grezen van een plaats | P72: B | Q72: alle | R72: regio
B73: Buurtbus Ritkaart | C73: (Nr OnbekendTelexis) | D73: nvt | E73: 1.3 | F73: 1.3 | G73: 1.4 | H73: 1.4 | I73: Ja, bij CT | J73: nvt | K73: n.v.t. | L73: n.v.t. | M73: x | P73: B | Q73: alle | R73: regio
B74: Voorverkoopassortiment | C74: Productnr | D74: Contract Tariff Id | E74: 2022 Vaststelling | F74: 2022 Toegepast | G74: 2023 Aanvraag | H74: 2023 Toegepast | O74: Voorverkoopassortiment
B75: Keukenhof Combiticket Overig t.b.v. 854, 858, 859 en 50 | C75: nvt | D75: nvt | G75: Volgt later | H75: Volgt later | I75: nvt | J75: nvt | K75: n.v.t. | L75: n.v.t. | M75: x | O75: Arriva lijnen 854, 858, 859, 50 en 90 | P75: B | Q75: 18+
B76: Keukenhof Combiticket Amsterdam t.b.v. 852 | C76: nvt | D76: nvt | G76: Volgt later | H76: Volgt later | I76: nvt | J76: nvt | K76: n.v.t. | L76: n.v.t. | M76: x | O76: Arriva lijnen 852, 854, 858, 859, 50 en 90 en Connexxion lijnen 300, 340. 341 en 397 | P76: B | Q76: 18+
B77: Keukenhof combiticket Kind 4 t/m 17 | C77: nvt | D77: nvt | G77: Volgt later | H77: Volgt later | I77: nvt | J77: nvt | K77: n.v.t. | L77: n.v.t. | M77: x | O77: Arriva lijnen 852, 854, 858, 859, 50 en 90 en Connexxion lijnen 300, 340, 341 en 397 | P77: B | Q77: 4 t/m 17 jaar
B78: Keukenhof dagkaart Volwassene vanaf Rai (852), incl. alle lijnen ZHN | C78: nvt | D78: nvt | E78: 16 | F78: 16 | H78: 17.2 | I78: nvt | J78: nvt | K78: n.v.t. | L78: n.v.t. | M78: x | O78: 852 + alle lijnen ZHN | P78: B | Q78: 12 >
B79: Keukenhof dagkaart Volwassene vanaf Leiden (854), Schiphol (858), Hoofddorp (859) incl. alle lijnen ZHN | C79: nvt | D79: nvt | E79: 11.5 | F79: 11.5 | H79: 12.3 | I79: nvt | J79: nvt | K79: n.v.t. | L79: n.v.t. | M79: x | O79: 854, 858, 859 + allle lijnen ZHN | P79: B | Q79: 12 >
B80: Keukenhof dagkaart Kind (4 t/m 11) vanaf Rai (852), Leiden (854), Schiphol (858), Hoofddorp (859) incl. alle lijnen ZHN | C80: nvt | D80: nvt | E80: 7.5 | F80: 7.5 | H80: 8 | I80: nvt | J80: nvt | K80: n.v.t. | L80: n.v.t. | M80: x | O80: Alle Arriva ZHN | P80: B | Q80: 4 t/m 11
B81: ARTT Ticket (CT-kaart Noordvleugel)** | C81: 471 t/m 474 | D81: n.v.t. | E81: n.v.t. | F81: n.v.t. | G81: Chip office | H81: Chipofffice | I81: ja | J81: nvt | K81: n.v.t. | L81: n.v.t. | M81: x | O81: dagkaart geldig op de lijn 852, 854, 858, 859, 50 en 470 | P81: BTM | Q81: alle | R81: meer | S81: Niet geldig op de andere lijnen
B82: Holland Travel Ticket | C82: 440 | D82: 440 | E82: nvt | F82: nvt | G82: n.v.t. | H82: n.v.t. | I82: ja | J82: nvt | K82: nvt | L82: nvt | M82: X | O82: dagkaart geldig op alle arriva lijnen | P82: BTM | Q82: alle | R82: meer
B83: Tourist Day Ticket | C83: 1740 | D83: n.v.t. | E83: 14.942147 | F83: 14.5 | G83: 16 | H83: 15.5 | I83: ja | J83: ja | K83: n.v.t. | L83: n.v.t. | M83: x | O83: Geldig in de bussen, trams en metro’s van Arriva, Connexxion, HTM, HTMBuzz, RET en Waterbus (boot) in Zuid-Holland. | P83: BTMW | Q83: alle | R83: meer | S83: Het ticket is niet geldig in de trein, Fast Ferry Hoek van Holland, Driehoeksveer Ferry, buurtbus, nachtbus, OV taxi en op buslijn 195/295.
B84: Groepsticket 3 volwassenen en 15 kind 4 t/m 11 jaar | C84: nvt | D84: nvt | E84: 28.6 | F84: 28.6 | G84: 30.7 | H84: 30.7 | I84: nvt | J84: nvt | K84: ja | L84: n.v.t. | M84: x | O84: Geldig als dagkaart: op doordeweekse dagen vanaf 9.00 uur, en in het weekend en tijdens officiële schoolvakanties de hele dag, met (max.) vijftien kinderen en (max.) drie begeleidende volwassenen. | P84: B | Q84: 4 t/m 11 en 19 t/m 64 jaar | R84: regio | S84: Niet geldig in de Nachtbus, buurtbus, Belbus, Keukenhof Express, OV-taxi, trein (MerwedeLingelijn) en op buslijn 45 en de buslijnen 195/295 (Utrecht - Rotterdam) die door Syntus gereden worden.
B85: Groepsticket 3 volwassenen en 15 kind 12 t/m 18 | C85: nvt | D85: nvt | E85: 28.6 | F85: 43.5 | G85: 46.6 | H85: 46.6 | I85: nvt | J85: nvt | K85: ja | L85: n.v.t. | M85: x | O85: Geldig als dagkaart: op doordeweekse dagen vanaf 9.00 uur, en in het weekend en tijdens officiële schoolvakanties de hele dag, met (max.) vijftien kinderen en (max.) drie begeleidende volwassenen. | P85: B | Q85: 12 t/m 18 en 19 t/m 64 jaar | R85: regio | S85: Niet geldig in de Nachtbus, buurtbus, Belbus, Keukenhof Express, OV-taxi, trein (MerwedeLingelijn) en op buslijn 45 en de buslijnen 195/295 (Utrecht - Rotterdam) die door Syntus gereden worden.
B86: Samenreisdagkaart (Eticket en soms als DC-light ticket) | C86: nvt | D86: nvt | E86: 9.95 | F86: 9.95 | G86: 10.7 | H86: 10.7 | I86: nvt | J86: nvt | K86: nvt | L86: nvt | M86: x | O86: • Dagkaart voor min. 2 en max. 5 personen, waarvan max. 2 volwassenen en max. 3 kinderen (4 t/m 17 jaar). • Uitsluitend geldig op de vermelde datum. Doordeweeks na 9.00 uur; op feestdagen en in het weekend de hele dag. • Geldig in alle Arriva-bussen in Zuid-Holland | P86: B | Q86: alle | R86: regio
B87: Dagkaart streek (wordt alleen verkocht via Tiqets platform i.c.m. met uitje) | C87: nvt | D87: nvt | E87: 4.95 | F87: 4.95 | G87: 5.3 | H87: 5.3 | I87: nvt | J87: nvt | K87: nvt | L87: nvt | M87: x | O87: Geldig als dagkaart op alle Arriva buslijnen in Zuid-Holland. Op werkdagen na 9:00 en op weekend- en feestdagen de hele dag. | S87: Niet geldig op Keukenhof Express lijnen
B88: Dagkaart stad (wordt alleen verkocht via Tiqets platform i.c.m. met uitje) | C88: nvt | D88: nvt | E88: 2.95 | F88: 2.95 | G88: 3.2 | H88: 3.2 | I88: nvt | J88: nvt | K88: nvt | L88: nvt | M88: x | O88: Geldig als dagkaart op alle Arriva buslijnen binnen de stadsgrenzen van Leiden, Alphen en Gouda in Zuid-Holland. Op werkdagen na 9:00 en op weekend- en feestdagen de hele dag. | S88: Niet geldig op Keukenhof Express lijnen
B89: Dagkaart Kind (wordt alleen verkocht via Tiqets platform i.c.m. met uitje) | C89: nvt | D89: nvt | E89: 2.3 | F89: 2.3 | G89: 2.5 | H89: 2.5 | I89: nvt | J89: nvt | K89: nvt | L89: nvt | M89: x | O89: Geldig als dagkaart op alle Arriva buslijnen (streek- stads- en buurtbussen) in Zuid-Holland. Op werkdagen na 9:00 en op weekend- en feestdagen de hele dag. | S89: Niet geldig op Keukenhof Express lijnen
B90: Regio Abonnementen maand (Interoperabel) | C90: Productnr | D90: Contract Tariff Id | E90: 2022 Vaststelling | F90: 2022 Toegepast | G90: 2023 Aanvraag | H90: 2023 Toegepast | O90: Regio abonnementen maand (Interoperabel)
B91: Regio Maandabonnement 1 ster - kind (gereduceerd tarief) | C91: 6375 | D91: 6376 | E91: 36 | F91: 36 | G91: 39 | H91: 39 | I91: ja | J91: ja | K91: ja | L91: ja | O91: In het geldigheidsgebied kan je onbeperkt reizen met de bus, de tram en de metro in Zuid-Holland. Van Arriva, Connexxion, EBS, HTM, HTMbuzz, Qbuzz en RET. Het is ook geldig op de Utrechtse buslijnen 195 en 295 (Utrecht- Rotterdam) die worden gereden door Arriva en Syntus gezamenlijk, én op de R-net treinverbinding Gouda-Alphen aan den Rijn. Je hoeft alleen maar in en uit te checken | P91: BTM +Trein (Rnet) | Q91: 4 t/m11 jaar | R91: meer | S91: Het Regio Abonnement is niet geldig in de Nachtbus 800 van Arriva, de OV-taxi, de RET BOB-bus, de nachtbussen van HTMbuzz en de Waterbus, en niet op de RET Fast Ferry
B92: Regio Maandabonnement 1 ster - 12 t/m 18 jr (gereduceerd tarief) | C92: 6375 | D92: 6377 | E92: 36 | F92: 36 | G92: 39 | H92: 39 | I92: ja | J92: ja | K92: ja | L92: ja | O92: In het geldigheidsgebied kan je onbeperkt reizen met de bus, de tram en de metro in Zuid-Holland. Van Arriva, Connexxion, EBS, HTM, HTMbuzz, Qbuzz en RET. Het is ook geldig op de Utrechtse buslijnen 195 en 295 (Utrecht- Rotterdam) die worden gereden door Arriva en Syntus gezamenlijk, én op de R-net treinverbinding Gouda-Alphen aan den Rijn. Je hoeft alleen maar in en uit te checken | P92: BTM +Trein (Rnet) | Q92: 12 t/m 18 jaar | R92: meer | S92: Het Regio Abonnement is niet geldig in de Nachtbus 800 van Arriva, de OV-taxi, de RET BOB-bus, de nachtbussen van HTMbuzz en de Waterbus, en niet op de RET Fast Ferry
B93: Regio Maandabonnement 1 ster - volwassen (vol tarief) | C93: 6375 | D93: 6378 | E93: 55 | F93: 55 | G93: 59 | H93: 59 | I93: ja | J93: ja | K93: ja | L93: ja | O93: In het geldigheidsgebied kan je onbeperkt reizen met de bus, de tram en de metro in Zuid-Holland. Van Arriva, Connexxion, EBS, HTM, HTMbuzz, Qbuzz en RET. Het is ook geldig op de Utrechtse buslijnen 195 en 295 (Utrecht- Rotterdam) die worden gereden door Arriva en Syntus gezamenlijk, én op de R-net treinverbinding Gouda-Alphen aan den Rijn. Je hoeft alleen maar in en uit te checken | P93: BTM +Trein (Rnet) | Q93: 19 tm 64 jaar | R93: meer | S93: Het Regio Abonnement is niet geldig in de Nachtbus 800 van Arriva, de OV-taxi, de RET BOB-bus, de nachtbussen van HTMbuzz en de Waterbus, en niet op de RET Fast Ferry
B94: Regio Maandabonnement 1 ster - senior (gereduceerd tarief) | C94: 6375 | D94: 6379 | E94: 36 | F94: 36 | G94: 39 | H94: 39 | I94: ja | J94: ja | K94: ja | L94: ja | O94: In het geldigheidsgebied kan je onbeperkt reizen met de bus, de tram en de metro in Zuid-Holland. Van Arriva, Connexxion, EBS, HTM, HTMbuzz, Qbuzz en RET. Het is ook geldig op de Utrechtse buslijnen 195 en 295 (Utrecht- Rotterdam) die worden gereden door Arriva en Syntus gezamenlijk, én op de R-net treinverbinding Gouda-Alphen aan den Rijn. Je hoeft alleen maar in en uit te checken | P94: BTM +Trein (Rnet) | Q94: 65+ | R94: meer | S94: Het Regio Abonnement is niet geldig in de Nachtbus 800 van Arriva, de OV-taxi, de RET BOB-bus, de nachtbussen van HTMbuzz en de Waterbus, en niet op de RET Fast Ferry
B95: Regio Maandabonnement 2 ster - kind (gereduceerd tarief) | C95: 6375 | D95: 6376 | E95: 59 | F95: 59 | G95: 63 | H95: 63 | I95: ja | J95: ja | K95: ja | L95: ja | O95: In het geldigheidsgebied kan je onbeperkt reizen met de bus, de tram en de metro in Zuid-Holland. Van Arriva, Connexxion, EBS, HTM, HTMbuzz, Qbuzz en RET. Het is ook geldig op de Utrechtse buslijnen 195 en 295 (Utrecht- Rotterdam) die worden gereden door Arriva en Syntus gezamenlijk, én op de R-net treinverbinding Gouda-Alphen aan den Rijn. Je hoeft alleen maar in en uit te checken | P95: BTM +Trein (Rnet) | Q95: 4 t/m11 jaar | R95: meer | S95: Het Regio Abonnement is niet geldig in de Nachtbus 800 van Arriva, de OV-taxi, de RET BOB-bus, de nachtbussen van HTMbuzz en de Waterbus, en niet op de RET Fast Ferry
B96: Regio Maandabonnement 2 ster - 12 t/m 18 jr (gereduceerd tarief) | C96: 6375 | D96: 6377 | E96: 59 | F96: 59 | G96: 63 | H96: 63 | I96: ja | J96: ja | K96: ja | L96: ja | O96: In het geldigheidsgebied kan je onbeperkt reizen met de bus, de tram en de metro in Zuid-Holland. Van Arriva, Connexxion, EBS, HTM, HTMbuzz, Qbuzz en RET. Het is ook geldig op de Utrechtse buslijnen 195 en 295 (Utrecht- Rotterdam) die worden gereden door Arriva en Syntus gezamenlijk, én op de R-net treinverbinding Gouda-Alphen aan den Rijn. Je hoeft alleen maar in en uit te checken | P96: BTM +Trein (Rnet) | Q96: 12 t/m 18 jaar | R96: meer | S96: Het Regio Abonnement is niet geldig in de Nachtbus 800 van Arriva, de OV-taxi, de RET BOB-bus, de nachtbussen van HTMbuzz en de Waterbus, en niet op de RET Fast Ferry
B97: Regio Maandabonnement 2 ster - volwassen (vol tarief) | C97: 6375 | D97: 6378 | E97: 89 | F97: 89 | G97: 96 | H97: 96 | I97: ja | J97: ja | K97: ja | L97: ja | O97: In het geldigheidsgebied kan je onbeperkt reizen met de bus, de tram en de metro in Zuid-Holland. Van Arriva, Connexxion, EBS, HTM, HTMbuzz, Qbuzz en RET. Het is ook geldig op de Utrechtse buslijnen 195 en 295 (Utrecht- Rotterdam) die worden gereden door Arriva en Syntus gezamenlijk, én op de R-net treinverbinding Gouda-Alphen aan den Rijn. Je hoeft alleen maar in en uit te checken | P97: BTM +Trein (Rnet) | Q97: 19 tm 64 jaar | R97: meer | S97: Het Regio Abonnement is niet geldig in de Nachtbus 800 van Arriva, de OV-taxi, de RET BOB-bus, de nachtbussen van HTMbuzz en de Waterbus, en niet op de RET Fast Ferry
B98: Regio Maandabonnement 2 ster - senior (gereduceerd tarief) | C98: 6375 | D98: 6379 | E98: 59 | F98: 59 | G98: 63 | H98: 63 | I98: ja | J98: ja | K98: ja | L98: ja | O98: In het geldigheidsgebied kan je onbeperkt reizen met de bus, de tram en de metro in Zuid-Holland. Van Arriva, Connexxion, EBS, HTM, HTMbuzz, Qbuzz en RET. Het is ook geldig op de Utrechtse buslijnen 195 en 295 (Utrecht- Rotterdam) die worden gereden door Arriva en Syntus gezamenlijk, én op de R-net treinverbinding Gouda-Alphen aan den Rijn. Je hoeft alleen maar in en uit te checken | P98: BTM +Trein (Rnet) | Q98: 65+ | R98: meer | S98: Het Regio Abonnement is niet geldig in de Nachtbus 800 van Arriva, de OV-taxi, de RET BOB-bus, de nachtbussen van HTMbuzz en de Waterbus, en niet op de RET Fast Ferry
B99: Regio Maandabonnement 3 ster - kind (gereduceerd tarief) | C99: 6375 | D99: 6376 | E99: 88 | F99: 88 | G99: 94 | H99: 94 | I99: ja | J99: ja | K99: ja | L99: ja | O99: In het geldigheidsgebied kan je onbeperkt reizen met de bus, de tram en de metro in Zuid-Holland. Van Arriva, Connexxion, EBS, HTM, HTMbuzz, Qbuzz en RET. Het is ook geldig op de Utrechtse buslijnen 195 en 295 (Utrecht- Rotterdam) die worden gereden door Arriva en Syntus gezamenlijk, én op de R-net treinverbinding Gouda-Alphen aan den Rijn. Je hoeft alleen maar in en uit te checken | P99: BTM +Trein (Rnet) | Q99: 4 t/m11 jaar | R99: meer | S99: Het Regio Abonnement is niet geldig in de Nachtbus 800 van Arriva, de OV-taxi, de RET BOB-bus, de nachtbussen van HTMbuzz en de Waterbus, en niet op de RET Fast Ferry
B100: Regio Maandabonnement 3 ster - 12 t/m 18 jr (gereduceerd tarief) | C100: 6375 | D100: 6377 | E100: 88 | F100: 88 | G100: 94 | H100: 94 | I100: ja | J100: ja | K100: ja | L100: ja | O100: In het geldigheidsgebied kan je onbeperkt reizen met de bus, de tram en de metro in Zuid-Holland. Van Arriva, Connexxion, EBS, HTM, HTMbuzz, Qbuzz en RET. Het is ook geldig op de Utrechtse buslijnen 195 en 295 (Utrecht- Rotterdam) die worden gereden door Arriva en Syntus gezamenlijk, én op de R-net treinverbinding Gouda-Alphen aan den Rijn. Je hoeft alleen maar in en uit te checken | P100: BTM +Trein (Rnet) | Q100: 12 t/m 18 jaar | R100: meer | S100: Het Regio Abonnement is niet geldig in de Nachtbus 800 van Arriva, de OV-taxi, de RET BOB-bus, de nachtbussen van HTMbuzz en de Waterbus, en niet op de RET Fast Ferry
B101: Regio Maandabonnement 3 ster - volwassen (vol tarief) | C101: 6375 | D101: 6378 | E101: 133 | F101: 133 | G101: 142 | H101: 142 | I101: ja | J101: ja | K101: ja | L101: ja | O101: In het geldigheidsgebied kan je onbeperkt reizen met de bus, de tram en de metro in Zuid-Holland. Van Arriva, Connexxion, EBS, HTM, HTMbuzz, Qbuzz en RET. Het is ook geldig op de Utrechtse buslijnen 195 en 295 (Utrecht- Rotterdam) die worden gereden door Arriva en Syntus gezamenlijk, én op de R-net treinverbinding Gouda-Alphen aan den Rijn. Je hoeft alleen maar in en uit te checken | P101: BTM +Trein (Rnet) | Q101: 19 tm 64 jaar | R101: meer | S101: Het Regio Abonnement is niet geldig in de Nachtbus 800 van Arriva, de OV-taxi, de RET BOB-bus, de nachtbussen van HTMbuzz en de Waterbus, en niet op de RET Fast Ferry
B102: Regio Maandabonnement 3 ster - senior (gereduceerd tarief) | C102: 6375 | D102: 6379 | E102: 88 | F102: 88 | G102: 94 | H102: 94 | I102: ja | J102: ja | K102: ja | L102: ja | O102: In het geldigheidsgebied kan je onbeperkt reizen met de bus, de tram en de metro in Zuid-Holland. Van Arriva, Connexxion, EBS, HTM, HTMbuzz, Qbuzz en RET. Het is ook geldig op de Utrechtse buslijnen 195 en 295 (Utrecht- Rotterdam) die worden gereden door Arriva en Syntus gezamenlijk, én op de R-net treinverbinding Gouda-Alphen aan den Rijn. Je hoeft alleen maar in en uit te checken | P102: BTM +Trein (Rnet) | Q102: 65+ | R102: meer | S102: Het Regio Abonnement is niet geldig in de Nachtbus 800 van Arriva, de OV-taxi, de RET BOB-bus, de nachtbussen van HTMbuzz en de Waterbus, en niet op de RET Fast Ferry
... B114: Regio Maandabonnement 6 ster - senior (gereduceerd tarief) | C114: 6375 | D114: 6379 | E114: 174 | F114: 174 | G114: 187 | H114: 187 | I114: ja | J114: ja | K114: ja | L114: ja | O114: In het geldigheidsgebied kan je onbeperkt reizen met de bus, de tram en de metro in Zuid-Holland. Van Arriva, Connexxion, EBS, HTM, HTMbuzz, Qbuzz en RET. Het is ook geldig op de Utrechtse buslijnen 195 en 295 (Utrecht- Rotterdam) die worden gereden door Arriva en Syntus gezamenlijk, én op de R-net treinverbinding Gouda-Alphen aan den Rijn. Je hoeft alleen maar in en uit te checken | P114: BTM +Trein (Rnet) | Q114: 65+ | R114: meer | S114: Het Regio Abonnement is niet geldig in de Nachtbus 800 van Arriva, de OV-taxi, de RET BOB-bus, de nachtbussen van HTMbuzz en de Waterbus, en niet op de RET Fast Ferry
B115: Randstad Noord 2022 maand | C115: 8300 | D115: 8303 | I115: ja | J115: nee | K115: nee | L115: nee | O115: AHS 37080 en AHS 38958. Niet geldig op lijn 800. ALLE LIJNEN ZHN,m.u.v. nachtnetlijnen
B116: UW-OV sterabonnement maand 2022 | C116: 7970 | D116: 7973 | I116: ja | J116: nee | K116: nee | L116: nee | O116: Alleen geldig op 295
B117: Regio Abonnementen jaar (Interoperabel) Is 10 maal maandabonnement. | C117: Productnr | D117: Contract Tariff Id | E117: 2022 Vaststelling | F117: 2022 Toegepast | G117: 2023 Aanvraag | H117: 2023 Toegepast | O117: Regio abonnementen jaar (Interoperabel)
B118: Regio Jaarabonnement 1 ster - kind (gereduceerd tarief) | C118: 6380 | D118: 6381 | E118: =E91*10 -> 360 | F118: 360 | G118: 390 | H118: =H91*10 -> 390 | I118: ja | J118: ja | K118: ja | L118: ja | O118: In het geldigheidsgebied kan je onbeperkt reizen met de bus, de tram en de metro in Zuid-Holland. Van Arriva, Connexxion, EBS, HTM, HTMbuzz, Qbuzz en RET. Het is ook geldig op de Utrechtse buslijnen 195 en 295 (Utrecht- Rotterdam) die worden gereden door Arriva en Syntus gezamenlijk, én op de R-net treinverbinding Gouda-Alphen aan den Rijn. Je hoeft alleen maar in en uit te checken | P118: BTM +Trein (Rnet) | Q118: 4 t/m11 jaar | R118: meer | S118: Het Regio Abonnement is niet geldig in de Nachtbus 800 van Arriva, de OV-taxi, de RET BOB-bus, de nachtbussen van HTMbuzz en de Waterbus, en niet op de RET Fast Ferry
B119: Regio Jaarabonnement 1 ster - 12 t/m 18 jaar (gereduceerd tarief) | C119: 6380 | D119: 6382 | E119: =E92*10 -> 360 | F119: 360 | G119: 390 | H119: =H92*10 -> 390 | I119: ja | J119: ja | K119: ja | L119: ja | O119: In het geldigheidsgebied kan je onbeperkt reizen met de bus, de tram en de metro in Zuid-Holland. Van Arriva, Connexxion, EBS, HTM, HTMbuzz, Qbuzz en RET. Het is ook geldig op de Utrechtse buslijnen 195 en 295 (Utrecht- Rotterdam) die worden gereden door Arriva en Syntus gezamenlijk, én op de R-net treinverbinding Gouda-Alphen aan den Rijn. Je hoeft alleen maar in en uit te checken | P119: BTM +Trein (Rnet) | Q119: 12 t/m 18 jaar | R119: meer | S119: Het Regio Abonnement is niet geldig in de Nachtbus 800 van Arriva, de OV-taxi, de RET BOB-bus, de nachtbussen van HTMbuzz en de Waterbus, en niet op de RET Fast Ferry
B120: Regio Jaarabonnement 1 ster - volwassene (vol tarief) | C120: 6380 | D120: 6383 | E120: =E93*10 -> 550 | F120: 550 | G120: 590 | H120: =H93*10 -> 590 | I120: ja | J120: ja | K120: ja | L120: ja | O120: In het geldigheidsgebied kan je onbeperkt reizen met de bus, de tram en de metro in Zuid-Holland. Van Arriva, Connexxion, EBS, HTM, HTMbuzz, Qbuzz en RET. Het is ook geldig op de Utrechtse buslijnen 195 en 295 (Utrecht- Rotterdam) die worden gereden door Arriva en Syntus gezamenlijk, én op de R-net treinverbinding Gouda-Alphen aan den Rijn. Je hoeft alleen maar in en uit te checken | P120: BTM +Trein (Rnet) | Q120: 19 tm 64 jaar | R120: meer | S120: Het Regio Abonnement is niet geldig in de Nachtbus 800 van Arriva, de OV-taxi, de RET BOB-bus, de nachtbussen van HTMbuzz en de Waterbus, en niet op de RET Fast Ferry
B121: Regio Jaarabonnement 1 ster - senior (gereduceerd tarief) | C121: 6380 | D121: 6384 | E121: =E94*10 -> 360 | F121: 360 | G121: 390 | H121: =H94*10 -> 390 | I121: ja | J121: ja | K121: ja | L121: ja | O121: In het geldigheidsgebied kan je onbeperkt reizen met de bus, de tram en de metro in Zuid-Holland. Van Arriva, Connexxion, EBS, HTM, HTMbuzz, Qbuzz en RET. Het is ook geldig op de Utrechtse buslijnen 195 en 295 (Utrecht- Rotterdam) die worden gereden door Arriva en Syntus gezamenlijk, én op de R-net treinverbinding Gouda-Alphen aan den Rijn. Je hoeft alleen maar in en uit te checken | P121: BTM +Trein (Rnet) | Q121: 65+ | R121: meer | S121: Het Regio Abonnement is niet geldig in de Nachtbus 800 van Arriva, de OV-taxi, de RET BOB-bus, de nachtbussen van HTMbuzz en de Waterbus, en niet op de RET Fast Ferry
B122: Regio Jaarabonnement 2 ster - kind (gereduceerd tarief) | C122: 6380 | D122: 6381 | E122: =E95*10 -> 590 | F122: 590 | G122: 630 | H122: =H95*10 -> 630 | I122: ja | J122: ja | K122: ja | L122: ja | O122: In het geldigheidsgebied kan je onbeperkt reizen met de bus, de tram en de metro in Zuid-Holland. Van Arriva, Connexxion, EBS, HTM, HTMbuzz, Qbuzz en RET. Het is ook geldig op de Utrechtse buslijnen 195 en 295 (Utrecht- Rotterdam) die worden gereden door Arriva en Syntus gezamenlijk, én op de R-net treinverbinding Gouda-Alphen aan den Rijn. Je hoeft alleen maar in en uit te checken | P122: BTM +Trein (Rnet) | Q122: 4 t/m11 jaar | R122: meer | S122: Het Regio Abonnement is niet geldig in de Nachtbus 800 van Arriva, de OV-taxi, de RET BOB-bus, de nachtbussen van HTMbuzz en de Waterbus, en niet op de RET Fast Ferry
B123: Regio Jaarabonnement 2 ster - 12 t/m 18 jaar (gereduceerd tarief) | C123: 6380 | D123: 6382 | E123: =E96*10 -> 590 | F123: 590 | G123: 630 | H123: =H96*10 -> 630 | I123: ja | J123: ja | K123: ja | L123: ja | O123: In het geldigheidsgebied kan je onbeperkt reizen met de bus, de tram en de metro in Zuid-Holland. Van Arriva, Connexxion, EBS, HTM, HTMbuzz, Qbuzz en RET. Het is ook geldig op de Utrechtse buslijnen 195 en 295 (Utrecht- Rotterdam) die worden gereden door Arriva en Syntus gezamenlijk, én op de R-net treinverbinding Gouda-Alphen aan den Rijn. Je hoeft alleen maar in en uit te checken | P123: BTM +Trein (Rnet) | Q123: 12 t/m 18 jaar | R123: meer | S123: Het Regio Abonnement is niet geldig in de Nachtbus 800 van Arriva, de OV-taxi, de RET BOB-bus, de nachtbussen van HTMbuzz en de Waterbus, en niet op de RET Fast Ferry
B124: Regio Jaarabonnement 2 ster - volwassene (vol tarief) | C124: 6380 | D124: 6383 | E124: =E97*10 -> 890 | F124: 890 | G124: 960 | H124: =H97*10 -> 960 | I124: ja | J124: ja | K124: ja | L124: ja | O124: In het geldigheidsgebied kan je onbeperkt reizen met de bus, de tram en de metro in Zuid-Holland. Van Arriva, Connexxion, EBS, HTM, HTMbuzz, Qbuzz en RET. Het is ook geldig op de Utrechtse buslijnen 195 en 295 (Utrecht- Rotterdam) die worden gereden door Arriva en Syntus gezamenlijk, én op de R-net treinverbinding Gouda-Alphen aan den Rijn. Je hoeft alleen maar in en uit te checken | P124: BTM +Trein (Rnet) | Q124: 19 tm 64 jaar | R124: meer | S124: Het Regio Abonnement is niet geldig in de Nachtbus 800 van Arriva, de OV-taxi, de RET BOB-bus, de nachtbussen van HTMbuzz en de Waterbus, en niet op de RET Fast Ferry
B125: Regio Jaarabonnement 2 ster - senior (gereduceerd tarief) | C125: 6380 | D125: 6384 | E125: =E98*10 -> 590 | F125: 590 | G125: 630 | H125: =H98*10 -> 630 | I125: ja | J125: ja | K125: ja | L125: ja | O125: In het geldigheidsgebied kan je onbeperkt reizen met de bus, de tram en de metro in Zuid-Holland. Van Arriva, Connexxion, EBS, HTM, HTMbuzz, Qbuzz en RET. Het is ook geldig op de Utrechtse buslijnen 195 en 295 (Utrecht- Rotterdam) die worden gereden door Arriva en Syntus gezamenlijk, én op de R-net treinverbinding Gouda-Alphen aan den Rijn. Je hoeft alleen maar in en uit te checken | P125: BTM +Trein (Rnet) | Q125: 65+ | R125: meer | S125: Het Regio Abonnement is niet geldig in de Nachtbus 800 van Arriva, de OV-taxi, de RET BOB-bus, de nachtbussen van HTMbuzz en de Waterbus, en niet op de RET Fast Ferry
B126: Regio Jaarabonnement 3 ster - kind (gereduceerd tarief) | C126: 6380 | D126: 6381 | E126: =E99*10 -> 880 | F126: 880 | G126: 940 | H126: =H99*10 -> 940 | I126: ja | J126: ja | K126: ja | L126: ja | O126: In het geldigheidsgebied kan je onbeperkt reizen met de bus, de tram en de metro in Zuid-Holland. Van Arriva, Connexxion, EBS, HTM, HTMbuzz, Qbuzz en RET. Het is ook geldig op de Utrechtse buslijnen 195 en 295 (Utrecht- Rotterdam) die worden gereden door Arriva en Syntus gezamenlijk, én op de R-net treinverbinding Gouda-Alphen aan den Rijn. Je hoeft alleen maar in en uit te checken | P126: BTM +Trein (Rnet) | Q126: 4 t/m11 jaar | R126: meer | S126: Het Regio Abonnement is niet geldig in de Nachtbus 800 van Arriva, de OV-taxi, de RET BOB-bus, de nachtbussen van HTMbuzz en de Waterbus, en niet op de RET Fast Ferry
B127: Regio Jaarabonnement 3 ster - 12 t/m 18 jaar (gereduceerd tarief) | C127: 6380 | D127: 6382 | E127: =E100*10 -> 880 | F127: 880 | G127: 940 | H127: =H100*10 -> 940 | I127: ja | J127: ja | K127: ja | L127: ja | O127: In het geldigheidsgebied kan je onbeperkt reizen met de bus, de tram en de metro in Zuid-Holland. Van Arriva, Connexxion, EBS, HTM, HTMbuzz, Qbuzz en RET. Het is ook geldig op de Utrechtse buslijnen 195 en 295 (Utrecht- Rotterdam) die worden gereden door Arriva en Syntus gezamenlijk, én op de R-net treinverbinding Gouda-Alphen aan den Rijn. Je hoeft alleen maar in en uit te checken | P127: BTM +Trein (Rnet) | Q127: 12 t/m 18 jaar | R127: meer | S127: Het Regio Abonnement is niet geldig in de Nachtbus 800 van Arriva, de OV-taxi, de RET BOB-bus, de nachtbussen van HTMbuzz en de Waterbus, en niet op de RET Fast Ferry
B128: Regio Jaarabonnement 3 ster - volwassene (vol tarief) | C128: 6380 | D128: 6383 | E128: =E101*10 -> 1330 | F128: 1330 | G128: 1420 | H128: =H101*10 -> 1420 | I128: ja | J128: ja | K128: ja | L128: ja | O128: In het geldigheidsgebied kan je onbeperkt reizen met de bus, de tram en de metro in Zuid-Holland. Van Arriva, Connexxion, EBS, HTM, HTMbuzz, Qbuzz en RET. Het is ook geldig op de Utrechtse buslijnen 195 en 295 (Utrecht- Rotterdam) die worden gereden door Arriva en Syntus gezamenlijk, én op de R-net treinverbinding Gouda-Alphen aan den Rijn. Je hoeft alleen maar in en uit te checken | P128: BTM +Trein (Rnet) | Q128: 19 tm 64 jaar | R128: meer | S128: Het Regio Abonnement is niet geldig in de Nachtbus 800 van Arriva, de OV-taxi, de RET BOB-bus, de nachtbussen van HTMbuzz en de Waterbus, en niet op de RET Fast Ferry
...

Sheet N-WAD
B2: Regionale tarieven Waddeneilanden
B3: Productnaam | C3: Productnr | D3: Contract Tariff Id | E3: 2018 | F3: 2019 | G3: 2020 | H3: 2021 | I3: 2022 | J3: 2023 | K3: DEF | L3: Acceptatie OVC | M3: Verkoop POS/quarto | N3: Verkoop Backoffice | O3: Verkoop Webshop
B4: OVC tarieven Waddeneilanden
B5: Ameland - Ritkaart 1 zone | C5: nvt | D5: nvt | E5: 1.5 | F5: 1.6 | G5: 1.65 | H5: 1.67 | I5: 1.7 | J5: 1.82 | L5: ja | M5: nee | N5: nee | O5: nee
B6: Ameland - Ritkaart 2 zone | C6: nvt | D6: nvt | E6: 2.25 | F6: 2.5 | G6: 2.55 | H6: 2.57 | I6: 2.63 | J6: 2.82 | L6: ja | M6: nee | N6: nee | O6: nee
B7: Terschelling - Ritkaart 1 zone | C7: nvt | D7: nvt | E7: 1.5 | F7: 1.6 | G7: 1.65 | H7: 1.67 | I7: 1.7 | J7: 1.82 | L7: ja | M7: nee | N7: nee | O7: nee
B8: Terschelling - Ritkaart 2 zone | C8: nvt | D8: nvt | E8: 2.25 | F8: 2.5 | G8: 2.55 | H8: 2.57 | I8: 2.63 | J8: 2.82 | L8: ja | M8: nee | N8: nee | O8: nee
B9: Vlieland - Ritkaart 1 zone | C9: nvt | D9: nvt | E9: 1.5 | F9: 1.6 | G9: 1.65 | H9: 1.67 | I9: 1.7 | J9: 1.82 | L9: ja | M9: nee | N9: nee | O9: nee
B10: Schiermonnikoog fare enkele reis | C10: nvt | D10: nvt | E10: nvt | F10: 2 | G10: 2.05 | H10: 2.07 | I10: 2.11 | J10: 2.27 | L10: ja | M10: nee | N10: nee | O10: nee
B11: Reisproducten OV-chipkaart maand (doorlopend)
B12: Arriva Altijd Korting Scholier (50%) | C12: 3100 | D12: 3100 | E12: 17.5 | F12: 19 | G12: 19.5 | H12: 19.5 | I12: 20 | J12: 21.4 | L12: ja | M12: ja | N12: ja | O12: ja
B13: Arriva Altijd Vrij Fryslân Stad, Streek en Qliner (kind) | C13: 2460 | D13: 2461 | E13: 185 | F13: 196 | G13: 200 | H13: 201 | I13: 206 | J13: 220.91 | L13: ja | M13: ja | N13: ja | O13: ja
B14: Arriva Altijd Vrij Fryslân Stad, Streek en Qliner Scholier | C14: 2460 | D14: 2462 | E14: 100 | F14: 107 | G14: 110 | H14: 111 | I14: =139-25 -> 114 | J14: 124.4 | L14: ja | M14: ja | N14: ja | O14: ja
B15: Arriva Altijd Vrij Fryslân Stad, Streek en Qliner (volwassene) | C15: 2460 | D15: 2463 | E15: 185 | F15: 196 | G15: 200 | H15: 201 | I15: 206 | J15: 220.91 | L15: ja | M15: ja | N15: ja | O15: ja
B16: Arriva Altijd Vrij Fryslân Stad, Streek en Qliner (senior) | C16: 2460 | D16: 2464 | E16: 185 | F16: 196 | G16: 200 | H16: 201 | I16: 206 | J16: 220.91 | L16: ja | M16: ja | N16: ja | O16: ja
B17: Arriva Altijd Vrij Fryslân Stad en Streek (anoniem) | C17: 2315 | D17: 2315 | E17: 159 | F17: nvt | G17: nvt | H17: nvt | I17: nvt | J17: nvt | L17: nee | M17: nee | N17: nee | O17: nee
B18: Arriva Altijd Vrij Fryslân Stad en Streek (kind) | C18: 2315 | D18: 2316 | E18: 159 | F18: 168 | G18: 172 | H18: 173 | I18: 177 | J18: 189.81 | L18: ja | M18: ja | N18: ja | O18: ja
B19: Arriva Altijd Vrij Fryslân Stad en Streek Scholier | C19: 2315 | D19: 2317 | E19: 79 | F19: 85 | G19: 88 | H19: 89 | I19: =116-25 -> 91 | J19: =124.4-25 -> 99.4 | L19: ja | M19: ja | N19: ja | O19: ja
B20: Arriva Altijd Vrij Fryslân Stad en Streek (volwassene) | C20: 2315 | D20: 2318 | E20: 159 | F20: 168 | G20: 172 | H20: 173 | I20: 177 | J20: 189.81 | L20: ja | M20: ja | N20: ja | O20: ja
B21: Arriva Altijd Vrij Fryslân Stad en Streek (senior) | C21: 2315 | D21: 2319 | E21: 159 | F21: 168 | G21: 172 | H21: 173 | I21: 177 | J21: 189.81 | L21: ja | M21: ja | N21: ja | O21: ja
B22: Reisproducten OV-chipkaart jaar of onbepaalde tijd
B23: Arriva Altijd Korting Scholier (50%) | C23: 3101 | D23: 3101 | E23: 175 | F23: 190 | G23: 195 | H23: 195 | I23: 200 | J23: 214 | L23: ja | M23: ja | N23: ja | O23: ja
B24: Arriva Altijd Vrij Fryslân Stad, Streek en Qliner (kind) | C24: 2465 | D24: 2466 | E24: 1850 | F24: 1960 | G24: 2000 | H24: 2018 | I24: 2061 | J24: 2210.22 | L24: ja | M24: ja | N24: ja | O24: ja
B25: Arriva Altijd Vrij Fryslân Stad, Streek en Qliner Scholier | C25: 2465 | D25: 2467 | E25: 1000 | F25: 1070 | G25: 1100 | H25: =1362-250 -> 1112 | I25: 1141 | J25: =1491.71-250 -> 1241.71 | L25: ja | M25: ja | N25: ja | O25: ja
B26: Arriva Altijd Vrij Fryslân Stad, Streek en Qliner (volwassene) | C26: 2465 | D26: 2468 | E26: 1850 | F26: 1960 | G26: 2000 | H26: 2018 | I26: 2061 | J26: 2210.22 | L26: ja | M26: ja | N26: ja | O26: ja
B27: Arriva Altijd Vrij Fryslân Stad, Streek en Qliner (senior) | C27: 2465 | D27: 2469 | E27: 1850 | F27: 1960 | G27: 2000 | H27: 2018 | I27: 2061 | J27: 2210.22 | L27: ja | M27: ja | N27: ja | O27: ja
B28: Arriva Altijd Vrij Fryslân Stad en Streek (anoniem) | C28: 2325 | D28: 2325 | E28: 1590 | F28: nvt | G28: nvt | H28: nvt | I28: nvt | J28: nvt | L28: nee | M28: nee | N28: nee | O28: nee
B29: Arriva Altijd Vrij Fryslân Stad en Streek (kind) | C29: 2325 | D29: 2326 | E29: 1590 | F29: 1680 | G29: 1720 | H29: 1736 | I29: 1773 | J29: 1901.37 | L29: ja | M29: ja | N29: ja | O29: ja
B30: Arriva Altijd Vrij Fryslân Stad en Streek Scholier | C30: 2325 | D30: 2327 | E30: 790 | F30: 850 | G30: 880 | H30: 890 | I30: 914 | J30: =1248.27-250 -> 998.27 | L30: ja | M30: ja | N30: ja | O30: ja
B31: Arriva Altijd Vrij Fryslân Stad en Streek (volwassene) | C31: 2325 | D31: 2328 | E31: 1590 | F31: 1680 | G31: 1720 | H31: 1736 | I31: 1773 | J31: =1901.37 -> 1901.37 | L31: ja | M31: ja | N31: ja | O31: ja
B32: Arriva Altijd Vrij Fryslân Stad en Streek (senior) | C32: 2325 | D32: 2329 | E32: 1590 | F32: 1680 | G32: 1720 | H32: 1736 | I32: 1773 | J32: =1901.37 -> 1901.37 | L32: ja | M32: ja | N32: ja | O32: ja
B33: Wagenverkoopassortiment Ameland
B34: Ameland - Ritkaart 1 zone | C34: nvt | D34: nvt | E34: 2 | F34: 2.2 | G34: 2.3 | H34: 2.3 | I34: 2.35 | J34: 2.5 | L34: nvt | M34: nvt | N34: nvt | O34: nvt
B35: Ameland - Retour eiland 1 zone | C35: nvt | D35: nvt | E35: 3 | F35: 3.2 | G35: 3.3 | H35: 3.35 | I35: 3.4 | J35: 3.65 | L35: nvt | M35: nvt | N35: nvt | O35: nvt
B36: Ameland - Ritkaart 2 zone | C36: nvt | D36: nvt | E36: 2.5 | F36: 2.7 | G36: 2.8 | H36: 2.85 | I36: 2.9 | J36: 3.1 | L36: nvt | M36: nvt | N36: nvt | O36: nvt
B37: Ameland - Retour eiland 2 zone | C37: nvt | D37: nvt | E37: 4.5 | F37: 5 | G37: 5 | H37: 5.05 | I37: 5.15 | J37: 5.64 | L37: nvt | M37: nvt | N37: nvt | O37: nvt
B38: Ameland - Dagkaart eiland | C38: nvt | D38: nvt | E38: 5 | F38: 5.5 | G38: 5.6 | H38: 5.65 | I38: 5.75 | J38: 6.15 | L38: nvt | M38: nvt | N38: nvt | O38: nvt
B39: Ameland - 10-rittenkaart 1 zone | C39: nvt | D39: nvt | E39: 15 | F39: 16 | G39: 16.4 | H39: 16.55 | I39: 16.9 | J39: 18.1 | L39: nvt | M39: nvt | N39: nvt | O39: nvt
B40: Ameland - 10-rittenkaart 2 zones | C40: nvt | D40: nvt | E40: 20 | F40: 21 | G40: 21.5 | H40: 21.7 | I40: 22.15 | J40: 23.75 | L40: nvt | M40: nvt | N40: nvt | O40: nvt
B41: Wagenverkoopassortiment Terschelling
B42: Terschelling - Ritkaart 1 zone | C42: nvt | D42: nvt | E42: 2 | F42: 2.2 | G42: 2.3 | H42: 2.3 | I42: 2.35 | J42: 2.5 | L42: nvt | M42: nvt | N42: nvt | O42: nvt
B43: Terschelling - Retour 1 zone | C43: nvt | D43: nvt | E43: 3 | F43: 3.2 | G43: 3.3 | H43: 3.35 | I43: 3.4 | J43: 3.65 | L43: nvt | M43: nvt | N43: nvt | O43: nvt
B44: Terschelling - Ritkaart 2 zone | C44: nvt | D44: nvt | E44: 2.5 | F44: 2.7 | G44: 2.8 | H44: 2.85 | I44: 2.9 | J44: 3.1 | L44: nvt | M44: nvt | N44: nvt | O44: nvt
B45: Terschelling - Retour 2 zone | C45: nvt | D45: nvt | E45: 4.5 | F45: 5 | G45: 5 | H45: 5.05 | I45: 5.15 | J45: 5.64 | L45: nvt | M45: nvt | N45: nvt | O45: nvt
B46: Terschelling - Dagkaart eiland | C46: nvt | D46: nvt | E46: 6 | F46: 6.5 | G46: 6.7 | H46: 6.75 | I46: 6.9 | J46: 7.4 | L46: nvt | M46: nvt | N46: nvt | O46: nvt
B47: Terschelling - 10-rittenkaart 1 zone | C47: nvt | D47: nvt | E47: 15 | F47: 16 | G47: 16.4 | H47: 16.55 | I47: 16.9 | J47: 18.1 | L47: nvt | M47: nvt | N47: nvt | O47: nvt
B48: Terschelling - 10-rittenkaart 2 zones | C48: nvt | D48: nvt | E48: 20 | F48: 21 | G48: 21.5 | H48: 21.7 | I48: 22.15 | J48: 23.75 | L48: nvt | M48: nvt | N48: nvt | O48: nvt
B49: Wagenverkoopassortiment Schiermonnikoog
B50: ritkaart eiland | C50: nvt | D50: nvt | E50: 2 | F50: 2.2 | G50: 2.3 | H50: 2.3 | I50: 2.35 | J50: 2.5 | L50: nvt | M50: nvt | N50: nvt | O50: nvt
B51: ritkaart Kids (4 t/m 11 jaar) | C51: nvt | D51: nvt | E51: 1.2 | F51: 1.5 | G51: 1.5 | H51: 1.5 | I51: 1.55 | J51: 1.65 | L51: nvt | M51: nvt | N51: nvt | O51: nvt
B52: retour eiland | C52: nvt | D52: nvt | E52: 3.5 | F52: 4 | G52: 4 | H52: 4.05 | I52: 4.15 | J52: 4.53
B53: retour Kids (4 t/m 11 jaar) | C53: nvt | D53: nvt | E53: 2.5 | F53: 2.5 | G53: 2.5 | H53: 2.5 | I53: 2.55 | J53: 2.75
B54: 10 rittenkaart | C54: nvt | D54: nvt | E54: 13 | F54: 14 | G54: 14.3 | H54: 14.45 | I54: 14.75 | J54: 15.8 | L54: nvt | M54: nvt | N54: nvt | O54: nvt
B55: Wagenverkoopassortiment Vlieland
B56: Vlieland - Enkele reis | C56: nvt | D56: nvt | E56: 2 | F56: 2.2 | G56: 2.3 | H56: 2.3 | I56: 2.35 | J56: 2.5 | L56: nvt | M56: nvt | N56: nvt | O56: nvt
B57: Vlieland - Retour | C57: nvt | D57: nvt | E57: 3 | F57: 3.2 | G57: 3.3 | H57: 3.35 | I57: 3.4 | J57: 3.65 | L57: nvt | M57: nvt | N57: nvt | O57: nvt
B58: Vlieland - 10-rittenkaart | C58: nvt | D58: nvt | E58: 15 | F58: 16 | G58: 16.4 | H58: 16.55 | I58: 16.9 | J58: 18.1 | L58: nvt | M58: nvt | N58: nvt | O58: nvt
B59: ritkaart Kids eiland (4 t/m 11 jaar) | C59: nvt | D59: nvt | F59: 1.5 | G59: 1.5 | H59: 1.5 | I59: 1.55 | J59: 1.65 | L59: nvt | M59: nvt | N59: nvt | O59: nvt
B60: retour Kids eiland (4 t/m 11 jaar) | C60: nvt | D60: nvt | F60: 2.5 | G60: 2.5 | H60: 2.5 | I60: 2.55 | J60: 2.75 | L60: nvt | M60: nvt | N60: nvt | O60: nvt
B61: Vlieland - Dagkaart | C61: nvt | D61: nvt | E61: 4 | F61: 4.2 | G61: 4.3 | H61: 4.35 | I61: 4.45 | J61: 4.75 | L61: nvt | M61: nvt | N61: nvt | O61: nvt
B62: DC Algemeen Waddeneilanden
B63: Meerpersoonkaarten enkele reis 1 zone 1 persoon | C63: nvt | D63: nvt | E63: 1.5 | F63: 1.6 | G63: 1.64 | H63: 1.66 | I63: =1.0212*H63 -> 1.695192 | J63: =J66/10 -> 1.81 | K63: * | L63: nvt | M63: nvt | N63: nvt | O63: nvt
B64: Meerpersoonkaarten enkele reis 1 zone 2 personen | C64: nvt | D64: nvt | E64: 3 | F64: 3.2 | G64: 3.28 | H64: 3.31 | I64: =1.0212*H64 -> 3.380172 | J64: =(J66/10)*2 -> 3.62 | K64: * | L64: nvt | M64: nvt | N64: nvt | O64: nvt
B65: Meerpersoonkaarten enkele reis 1 zone 5 personen | C65: nvt | D65: nvt | E65: 7.5 | F65: 8 | G65: 8.2 | H65: 8.28 | I65: =1.0212*H65 -> 8.455536 | J65: =(J66/10)*5 -> 9.05 | K65: * | L65: nvt | M65: nvt | N65: nvt | O65: nvt
B66: Meerpersoonkaarten enkele reis 1 zone 10 personen | C66: nvt | D66: nvt | E66: 15 | F66: 16 | G66: 16.4 | H66: 16.54924 | I66: =1.0212*H66 -> 16.900084 | J66: =J47 -> 18.1 | K66: * | L66: nvt | M66: nvt | N66: nvt | O66: nvt
B67: Meerpersoonkaarten enkele reis 2 zones 1 persoon | C67: nvt | D67: nvt | E67: 2 | F67: 2.2 | G67: 2.15 | H67: 2.169565 | I67: =1.0212*H67 -> 2.2155598 | J67: =(J70/10)*1 -> 2.375 | K67: * | L67: nvt | M67: nvt | N67: nvt | O67: nvt
B68: Meerpersoonkaarten enkele reis 2 zones 2 personen | C68: nvt | D68: nvt | E68: 4 | F68: 4.4 | G68: 4.3 | H68: 4.33913 | I68: =1.0212*H68 -> 4.4311196 | J68: =(J70/10)*2 -> 4.75 | K68: * | L68: nvt | M68: nvt | N68: nvt | O68: nvt
B69: Meerpersoonkaarten enkele reis 2 zones 5 personen | C69: nvt | D69: nvt | E69: 10 | F69: 11 | G69: 10.75 | H69: 10.847825 | I69: =1.0212*H69 -> 11.077799 | J69: =(J70/10)*5 -> 11.875 | K69: * | L69: nvt | M69: nvt | N69: nvt | O69: nvt
B70: Meerpersoonkaarten enkele reis 2 zones 10 personen | C70: nvt | D70: nvt | E70: 20 | F70: 22 | G70: 21.5 | H70: 21.69565 | I70: 22.15 | J70: =J48 -> 23.75 | K70: * | L70: nvt | M70: nvt | N70: nvt | O70: nvt
B72: * Afgeleide van de 10-rittenkaart, ingericht voor chauffeurs

Sheet N-NF
B2: Regionale tarieven FRYSLAN | Q2: Voorwaarden
B3: Productnaam | C3: Productnr | D3: Contract Tariff Id | E3: 2018 | F3: 2019 | G3: 2020 | H3: 2021 | I3: 2022 | J3: 2023 | K3: DEF | L3: Acceptatie OVC | M3: Verkoop POS/quarto | N3: Verkoop Backoffice | O3: Verkoop Webshop | Q3: Geldigheid (dal/spits) | R3: Modaliteit (trein/(buurtbus)/HOV) | S3: Leeftijd (65+/kind/etc) | T3: Gebied (landelijk/1 regio of meer) | U3: Uitzonderingen
B4: Kilometertarief OV-chipkaart
B5: Km-tarief Streek | C5: nvt | D5: nvt | E5: 0.157 | F5: 0.16596426 | G5: 0.17 | H5: 0.171 | I5: 0.175 | J5: 0.187 | L5: ja | M5: nee | N5: nee | O5: nee
B6: Km-tarief Stad Leeuwarden | C6: nvt | D6: nvt | E6: 0.157 | F6: 0.16596426 | G6: 0.17 | H6: 0.171 | I6: 0.175 | J6: 0.187 | L6: ja | M6: nee | N6: nee | O6: nee
B7: Km-tarief Qliner 315, 324 | C7: nvt | D7: nvt | E7: 0.179 | F7: 0.18949216 | G7: 0.193 | H7: 0.195 | I7: 0.199 | J7: 0.213 | L7: ja | M7: nee | N7: nee | O7: nee
B8: Km-tarief Qliner 350 | C8: nvt | D8: nvt | E8: 0.179 | F8: 0.18949216 | G8: 0.193 | H8: 0.195 | I8: 0.199 | J8: 0.213 | L8: ja | M8: nee | N8: nee | O8: nee
B9: Km-tarief Qliner 350 NH deel | C9: nvt | D9: nvt | E9: 0.143 | F9: 0.1537 | G9: 0.157 | H9: 0.159 | I9: 0.162 | J9: 0.179 | L9: ja | M9: nee | N9: nee | O9: nee
B10: Km-tarief Qliner 355 | C10: nvt | D10: nvt | E10: 0.179 | F10: 0.18949216 | G10: 0.193 | H10: 0.195 | I10: 0.199 | J10: 0.213 | L10: ja | M10: nee | N10: nee | O10: nee
B11: Km-tarief Qliner 356 | C11: nvt | D11: nvt | E11: 0.179 | F11: 0.18949216 | G11: 0.193 | H11: 0.195 | I11: 0.199 | J11: 0.213 | L11: ja | M11: nee | N11: nee | O11: nee
B12: Km-tarief Qliner 320 | C12: nvt | D12: nvt | E12: 0.179 | F12: 0.18949216 | G12: 0.193 | H12: 0.195 | I12: 0.199 | J12: 0.213 | L12: ja | M12: nee | N12: nee | O12: nee
B13: Km tarief buurtbussen NZW | C13: nvt | D13: nvt | E13: 0.07 | F13: 0.07 | G13: 0.07 | H13: 0.07 | I13: 0.074 | J13: 0.079 | L13: ja | M13: nee | N13: nee | O13: nee
B14: Km tarief buurtbussen ZOF | C14: nvt | D14: nvt | E14: 0.157 | F14: 0.16596426 | G14: 0.17 | H14: 0.171 | I14: 0.175 | J14: 0.187 | L14: ja | M14: nee | N14: nee | O14: nee
B15: Reisproducten OV-chipkaart maand (doorlopend)
B16: Arriva Altijd Korting Scholier (50%) | C16: 3100 | D16: 3100 | E16: 17.5 | F16: 19 | G16: 19.5 | H16: 19.5 | I16: 20 | J16: 21.4 | L16: ja | M16: ja | N16: ja | O16: ja
B17: Arriva Altijd Vrij Fryslân Stad, Streek en Qliner (4-11) | C17: 2460 | D17: 2461 | E17: 185 | F17: 196 | G17: 200 | H17: 201 | I17: 206 | J17: 220.91 | L17: ja | M17: ja | N17: ja | O17: ja
B18: Arriva Altijd Vrij Fryslân Stad, Streek en Qliner (12-18) | C18: 2460 | D18: 2462 | E18: 100 | F18: 107 | G18: 110 | H18: =136-25 -> 111 | I18: =139-25 -> 114 | J18: 124.4 | L18: ja | M18: ja | N18: ja | O18: ja
B19: Arriva Altijd Vrij Fryslân Stad, Streek en Qliner (19-64) | C19: 2460 | D19: 2463 | E19: 185 | F19: 196 | G19: 200 | H19: 201 | I19: 206 | J19: 220.91 | L19: ja | M19: ja | N19: ja | O19: ja
B20: Arriva Altijd Vrij Fryslân Stad, Streek en Qliner (65+) | C20: 2460 | D20: 2464 | E20: 185 | F20: 196 | G20: 200 | H20: 201 | I20: 206 | J20: 220.91 | L20: ja | M20: ja | N20: ja | O20: ja
B21: Arriva Altijd Vrij Fryslân Stad en Streek (anoniem) | C21: 2315 | D21: 2315 | E21: 159 | F21: nvt | G21: nvt | H21: nvt | I21: nvt | J21: nvt | L21: nee | M21: nee | N21: nee | O21: nee
B22: Arriva Altijd Vrij Fryslân Stad en Streek (4-11) | C22: 2315 | D22: 2316 | E22: 159 | F22: 168 | G22: 172 | H22: 173 | I22: 177 | J22: 189.81 | L22: ja | M22: ja | N22: ja | O22: ja
B23: Arriva Altijd Vrij Fryslân Stad en Streek (12-18) | C23: 2315 | D23: 2317 | E23: 79 | F23: 85 | G23: 88 | H23: 89 | I23: =116-25 -> 91 | J23: =124.4-25 -> 99.4 | L23: ja | M23: ja | N23: ja | O23: ja
B24: Arriva Altijd Vrij Fryslân Stad en Streek (19-64) | C24: 2315 | D24: 2318 | E24: 159 | F24: 168 | G24: 172 | H24: 173 | I24: 177 | J24: 189.81 | L24: ja | M24: ja | N24: ja | O24: ja
B25: Arriva Altijd Vrij Fryslân Stad en Streek (65+) | C25: 2315 | D25: 2319 | E25: 159 | F25: 168 | G25: 172 | H25: 173 | I25: 177 | J25: 189.81 | L25: ja | M25: ja | N25: ja | O25: ja
B26: Reisproducten OV-chipkaart jaar of onbepaalde tijd
B27: Arriva Altijd Korting Scholier (50%) | C27: 3101 | D27: 3101 | E27: 175 | F27: 190 | G27: 195 | H27: 195 | I27: 200 | J27: 214 | L27: ja | M27: ja | N27: ja | O27: ja
B28: Arriva Altijd Vrij Fryslân Stad, Streek en Qliner (4-11) | C28: 2465 | D28: 2466 | E28: 1850 | F28: 1960 | G28: 2000 | H28: 2018 | I28: 2061 | J28: 2210.22 | L28: ja | M28: ja | N28: ja | O28: ja
B29: Arriva Altijd Vrij Fryslân Stad, Streek en Qliner (12-18) | C29: 2465 | D29: 2467 | E29: 1000 | F29: 1070 | G29: 1100 | H29: =1362-250 -> 1112 | I29: =1391-250 -> 1141 | J29: =1491.71-250 -> 1241.71 | L29: ja | M29: ja | N29: ja | O29: ja
B30: Arriva Altijd Vrij Fryslân Stad, Streek en Qliner (19-64) | C30: 2465 | D30: 2468 | E30: 1850 | F30: 1960 | G30: 2000 | H30: 2018 | I30: 2061 | J30: 2210.22 | L30: ja | M30: ja | N30: ja | O30: ja
B31: Arriva Altijd Vrij Fryslân Stad, Streek en Qliner (65+) | C31: 2465 | D31: 2469 | E31: 1850 | F31: 1960 | G31: 2000 | H31: 2018 | I31: 2061 | J31: 2210.22 | L31: ja | M31: ja | N31: ja | O31: ja
B32: Arriva Altijd Vrij Fryslân Stad en Streek (anoniem) | C32: 2325 | D32: 2325 | E32: 1590 | F32: nvt | G32: nvt | H32: nvt | I32: nvt | J32: nvt | L32: nee | M32: nee | N32: nee | O32: nee
B33: Arriva Altijd Vrij Fryslân Stad en Streek (4-11) | C33: 2325 | D33: 2326 | E33: 1590 | F33: 1680 | G33: 1720 | H33: 1736 | I33: 1773 | J33: 1901.37 | L33: ja | M33: ja | N33: ja | O33: ja
B34: Arriva Altijd Vrij Fryslân Stad en Streek (12-18) | C34: 2325 | D34: 2327 | E34: 790 | F34: 850 | G34: 880 | H34: =1140-250 -> 890 | I34: =1164-250 -> 914 | J34: =1248.27-250 -> 998.27 | L34: ja | M34: ja | N34: ja | O34: ja
B35: Arriva Altijd Vrij Fryslân Stad en Streek (19-64) | C35: 2325 | D35: 2328 | E35: 1590 | F35: 1680 | G35: 1720 | H35: 1736 | I35: 1773 | J35: =1901.37 -> 1901.37 | L35: ja | M35: ja | N35: ja | O35: ja
B36: Arriva Altijd Vrij Fryslân Stad en Streek (65+) | C36: 2325 | D36: 2329 | E36: 1590 | F36: 1680 | G36: 1720 | H36: 1736 | I36: 1773 | J36: =1901.37 -> 1901.37 | L36: ja | M36: ja | N36: ja | O36: ja
B37: Wagenverkoopassortiment
B38: Ritkaart binnen plaats/kern of rit tot 2 km | C38: nvt | D38: nvt | E38: 2 | F38: 2.25 | G38: 2.3 | H38: 2.3 | I38: 2.35 | J38: 2.5 | L38: nvt | M38: nvt | N38: nvt | O38: nvt
B39: Ritkaart binnen plaats/kern of rit tot 2 km | C39: 8017 | E39: 2 | F39: 2.25 | G39: 2.3 | H39: 2.3 | I39: 2.35 | J39: 2.5 | L39: ja | M39: ja | N39: nvt | O39: nvt
B40: Ritkaart 2 <> 20 km | C40: nvt | D40: nvt | E40: 5 | F40: 5.25 | G40: 5.35 | H40: 5.4 | I40: 5.5 | J40: 5.9 | L40: nvt | M40: nvt | N40: nvt | O40: nvt
B41: Ritkaart 2 <> 20 km | C41: 8018 | E41: 5 | F41: 5.25 | G41: 5.35 | H41: 5.4 | I41: 5.5 | J41: 5.9 | L41: ja | M41: ja | N41: nvt | O41: nvt
B42: Ritkaart 20-30 km | C42: nvt | D42: nvt | E42: 7 | F42: 7.5 | G42: 7.65 | H42: 7.7 | I42: 7.85 | J42: 8.4 | L42: nvt | M42: nvt | N42: nvt | O42: nvt
B43: Ritkaart Qliner (DC) 30-40km | C43: nvt | D43: nvt | E43: 9 | F43: 9.5 | G43: 9.7 | H43: 9.8 | I43: 10 | J43: 10.7 | L43: nvt | M43: nvt | N43: nvt | O43: nvt
B44: Ritkaart Qliner (DC) 40-50km | C44: nvt | D44: nvt | E44: 11 | F44: 11.5 | G44: 11.75 | H44: 11.85 | I44: 12.1 | J44: 13 | L44: nvt | M44: nvt | N44: nvt | O44: nvt
B45: Ritkaart Qliner (DC) 50-60km | C45: nvt | D45: nvt | E45: 13 | F45: 14 | G45: 14.3 | H45: 14.45 | I45: 14.75 | J45: 15.8 | L45: nvt | M45: nvt | N45: nvt | O45: nvt
B46: Ritkaart Qliner (DC) 60-70km | C46: nvt | D46: nvt | E46: 15 | F46: 16 | G46: 16.35 | H46: 16.5 | I46: 16.85 | J46: 18.05 | L46: nvt | M46: nvt | N46: nvt | O46: nvt
B47: Ritkaart Qliner (DC) 70-80km | C47: nvt | D47: nvt | E47: 17 | F47: 18 | G47: 18.4 | H47: 18.55 | I47: 18.95 | J47: 20.3 | L47: nvt | M47: nvt | N47: nvt | O47: nvt
B48: Ritkaart Qliner (DC) >80km | C48: nvt | D48: nvt | E48: 19 | F48: 20 | G48: 20.45 | H48: 20.65 | I48: 21.1 | J48: 22.65 | L48: nvt | M48: nvt | N48: nvt | O48: nvt
B49: Dagkaart Fryslân bus dal | C49: nvt | D49: nvt | E49: 10 | F49: 11 | G49: 11.25 | H49: 11.35 | I49: 11.6 | J49: 12.45 | L49: nvt | M49: nvt | N49: nvt | O49: nvt
B50: Dal Dagkaart Fryslân Bus (CT wederverkoop) | C50: 8080 | E50: 10 | F50: 11 | G50: 11.25 | H50: 11.35 | I50: 11.6 | J50: 12.45 | L50: ja | M50: ja | N50: nvt | O50: nvt
B51: Dagkaart Fryslân bus | C51: nvt | D51: nvt | E51: 16 | F51: 17 | G51: 17.5 | H51: 17.65 | I51: 18 | J51: 19.3 | L51: nvt | M51: nvt | N51: nvt | O51: nvt
B52: Dagkaart Fryslân bus + trein (dal) | C52: nvt | D52: nvt | E52: 20 | F52: 21 | G52: 21.5 | H52: 21.7 | I52: 22.15 | J52: 23.75 | L52: nvt | M52: nvt | N52: nvt | O52: nvt
B53: Kids Vrij Fryslan | C53: nvt | D53: nvt | E53: 0 | F53: 0 | G53: 0 | H53: 0 | I53: 0 | J53: - | L53: nvt | M53: nvt | N53: nvt | O53: nvt
B54: Buurtbus ZOF 1 rit voltarief | C54: nvt | D54: nvt | E54: 2 | F54: 2.1 | G54: 2.15 | H54: 2.15 | I54: 2.2 | J54: 2.35 | L54: nvt | M54: nvt | N54: nvt | O54: nvt
B55: Buurtbus ZOF 1 rit reductietarief | C55: nvt | D55: nvt | E55: 1.2 | F55: 1.3 | G55: 1.35 | H55: 1.35 | I55: 1.4 | J55: 1.5 | L55: nvt | M55: nvt | N55: nvt | O55: nvt
B56: Buurtbus ZOF 10 ritten voltarief | C56: nvt | D56: nvt | E56: 15 | F56: 16 | G56: 16.35 | H56: 16.5 | I56: 16.85 | J56: 18.05 | L56: nvt | M56: nvt | N56: nvt | O56: nvt
B57: Buurtbus ZOF 10 ritten reductietarief | C57: nvt | D57: nvt | E57: 10 | F57: 11 | G57: 11.25 | H57: 11.35 | I57: 11.6 | J57: 12.45 | L57: nvt | M57: nvt | N57: nvt | O57: nvt
B58: Ritkaart buurtbussen NZWF (102 en 103) | C58: nvt | D58: nvt | E58: 1.5 | F58: 1.6 | G58: 1.65 | H58: 1.65 | I58: 1.7 | J58: 1.8 | L58: nvt | M58: nvt | N58: nvt | O58: nvt
B59: Enkele rit Sneekermeerbus | C59: nvt | D59: nvt | E59: 3 | F59: 3 | G59: ntb | H59: ntb | I59: ntb | J59: ntb | L59: nvt | M59: nvt | N59: nvt | O59: nvt
B60: 10-rittenkaart Sneekermeerbus | C60: nvt | D60: nvt | E60: 25 | F60: ntb | G60: ntb | H60: ntb | I60: ntb | J60: ntb | L60: nvt | M60: nvt | N60: nvt | O60: nvt
B61: Retourticket PC | C61: nvt | D61: nvt | E61: € 7,00 of € 9,00 | F61: ntb | G61: ntb | H61: ntb | I61: ntb | J61: ntb | L61: nvt | M61: nvt | N61: nvt | O61: nvt
B62: Ritkaart Opstapper | C62: nvt | D62: nvt | E62: 2.5 | F62: 2.5 | G62: 2.5 | H62: 2.5 | I62: 2.5 | J62: 2.5 | L62: nvt | M62: nvt | N62: nvt | O62: nvt
B63: Opstapper toeslag (bij voordeur ophalen/afzetten) | C63: nvt | D63: nvt | E63: 4 | F63: 4 | G63: 4 | H63: 4 | I63: 4 | J63: 4 | L63: nvt | M63: nvt | N63: nvt | O63: nvt
B64: Dal Dagkaart Leeuwarden Bus | C64: nvt | D64: nvt | F64: 3.5 | G64: 3.6 | H64: 3.65 | I64: 3.75 | J64: 4 | L64: nvt | M64: nvt | N64: nvt | O64: nvt
B65: Dagkaart Leeuwarden Bus | C65: nvt | D65: nvt | F65: nvt | G65: nieuw | H65: 4.65 | I65: 4.75 | J65: 5.1 | L65: nvt | M65: nvt | N65: nvt | O65: nvt
B66: Voorverkoopassortiment
B67: nvt | C67: nvt | D67: nvt | E67: nvt | I67: nvt | L67: nvt | M67: nvt | N67: nvt | O67: nvt
B68: nvt | C68: nvt | D68: nvt | E68: nvt | I68: nvt | L68: nvt | M68: nvt | N68: nvt | O68: nvt
B69: Regio abonnementen (Interoperabel)
B70: Arriva Dalvoordeel Noord-Nederland (anoniem) | C70: 2475 | D70: 2475 | E70: 25 | F70: 25 | G70: 25 | H70: 25 | I70: 25 | J70: 25 | L70: ja | M70: ja | N70: ja | O70: ja
B71: Arriva Dalvoordeel Noord-Nederland (4-11) | C71: 2475 | D71: 2476 | E71: 25 | F71: 25 | G71: 25 | H71: 25 | I71: 25 | J71: 25 | L71: ja | M71: ja | N71: ja | O71: ja
B72: Arriva Dalvoordeel Noord-Nederland (12-18) | C72: 2475 | D72: 2477 | E72: 25 | F72: 25 | G72: 25 | H72: 25 | I72: 25 | J72: 25 | L72: ja | M72: ja | N72: ja | O72: ja
B73: Arriva Dalvoordeel Noord-Nederland (19-64) | C73: 2475 | D73: 2478 | E73: 25 | F73: 25 | G73: 25 | H73: 25 | I73: 25 | J73: 25 | L73: ja | M73: ja | N73: ja | O73: ja
B74: Arriva Dalvoordeel Noord-Nederland (65+) | C74: 2475 | D74: 2479 | E74: 25 | F74: 25 | G74: 25 | H74: 25 | I74: 25 | J74: 25 | L74: ja | M74: ja | N74: ja | O74: ja
B75: Voorverkoopassortiment
B76: nvt | C76: nvt | D76: nvt | E76: nvt | F76: nvt | I76: nvt | J76: nvt | N76: nvt | O76: nvt
B77: nvt | C77: nvt | D77: nvt | E77: nvt | F77: nvt | I77: nvt | J77: nvt | N77: nvt | O77: nvt
B78: Regio abonnementen (Interoperabel)
B79: nvt | C79: nvt | D79: nvt | E79: nvt | F79: nvt | I79: nvt | J79: nvt | N79: nvt | O79: nvt
B80: nvt | C80: nvt | D80: nvt | E80: nvt | F80: nvt | I80: nvt | J80: nvt | N80: nvt | O80: nvt
A82: * | B82: Prijzen Altijd Vrij Fryslan stad streek (en Qliner) 2023 zijn inclusief korting van Provincie (€25 bij maand, €250 bij jaar)
B84: Sterabonnement alleen geldig in onze trein

Sheet N-NN
B2: Regionale tarieven Trein Noord
B3: Productnaam | C3: Productnr | D3: Contract Tariff Id | E3: 2018 | F3: 2019 | G3: 2020 | H3: 2021 | I3: 2022 | J3: 2023 | K3: DEF | L3: Acceptatie OVC | M3: Verkoop POS/quarto | N3: Verkoop Backoffice | O3: Verkoop Webshop
B4: Kilometertarief OV-chipkaart
B5: nvt | C5: nvt | D5: nvt | E5: nvt | F5: nvt | G5: nvt | L5: nvt | M5: nvt | N5: nvt | O5: nvt
B6: nvt | C6: nvt | D6: nvt | E6: nvt | F6: nvt | G6: nvt | L6: nvt | M6: nvt | N6: nvt | O6: nvt
B7: Reisproducten OV-chipkaart maand (doorlopend)
B8: Sterabonnement Noord Maand (vol tarief) 1-ster volw | C8: 7980 | D8: 7983 | E8: 48.95 | F8: 51.75 | G8: 52.9 | H8: 53.4 | I8: 42.7 | J8: 45.8 | L8: ja | M8: ja | N8: ja | O8: ja
B9: Sterabonnement Noord Maand (vol tarief) 2-ster volw | C9: 7980 | D9: 7983 | E9: 80.2 | F9: 84.8 | G9: 86.7 | H9: 87.5 | I9: 70 | J9: 75.05 | L9: ja | M9: ja | N9: ja | O9: ja
B10: Sterabonnement Noord Maand (vol tarief) 3-ster volw | C10: 7980 | D10: 7983 | E10: 119.2 | F10: 126.05 | G10: 128.9 | H10: 130.05 | I10: 104.05 | J10: 111.6 | L10: ja | M10: ja | N10: ja | O10: ja
B11: Sterabonnement Noord Maand (vol tarief) 4-ster volw | C11: 7980 | D11: 7983 | E11: 158.7 | F11: 167.8 | G11: 171.55 | H11: 173.1 | I11: 138.5 | J11: 148.5 | L11: ja | M11: ja | N11: ja | O11: ja
B12: Sterabonnement Noord Maand (vol tarief) 5-ster volw | C12: 7980 | D12: 7983 | E12: 197.55 | F12: 208.9 | G12: 213.6 | H12: 215.55 | I12: 172.45 | J12: 184.95 | L12: ja | M12: ja | N12: ja | O12: ja
B13: Sterabonnement Noord Maand (vol tarief) 6-ster volw | C13: 7980 | D13: 7983 | E13: 236.85 | F13: 250.45 | G13: 256.05 | H13: 258.4 | I13: 206.7 | J13: 221.65 | L13: ja | M13: ja | N13: ja | O13: ja
B14: Sterabonnement Noord Maand (reductie tarief) 1-ster kind | C14: 7980 | D14: 7981 | E14: 32.3 | F14: 34.15 | G14: 34.95 | H14: 35.25 | I14: =36 -> 36 | J14: 38.6 | L14: ja | M14: ja | N14: ja | O14: ja
B15: Sterabonnement Noord Maand (reductie tarief) 1-ster jeugd | C15: 7980 | D15: 7982 | F15: 34.15 | G15: 34.95 | H15: 35.25 | I15: 36 | J15: 38.6 | L15: ja | M15: ja | N15: ja | O15: ja
B16: Sterabonnement Noord Maand (reductie tarief) 1-ster senior | C16: 7980 | D16: 7984 | F16: 34.15 | G16: 34.95 | H16: 35.25 | I16: 36 | J16: 38.6 | L16: ja | M16: ja | N16: ja | O16: ja
B17: Sterabonnement Noord Maand (reductie tarief) 2-ster kind | C17: 7980 | D17: 7981 | E17: 53 | F17: 56.05 | G17: 57.3 | H17: 57.8 | I17: 59.05 | J17: 63.3 | L17: ja | M17: ja | N17: ja | O17: ja
B18: Sterabonnement Noord Maand (reductie tarief) 2-ster jeugd | C18: 7980 | D18: 7982 | F18: 56.05 | G18: 57.3 | H18: 57.8 | I18: 59.05 | J18: 63.3 | L18: ja | M18: ja | N18: ja | O18: ja
B19: Sterabonnement Noord Maand (reductie tarief) 2-ster senior | C19: 7980 | D19: 7984 | F19: 56.05 | G19: 57.3 | H19: 57.8 | I19: 59.05 | J19: 63.3 | L19: ja | M19: ja | N19: ja | O19: ja
B20: Sterabonnement Noord Maand (reductie tarief) 3-ster kind | C20: 7980 | D20: 7981 | E20: 78.7 | F20: 83.2 | G20: 85.1 | H20: 85.85 | I20: 87.65 | J20: 94 | L20: ja | M20: ja | N20: ja | O20: ja
B21: Sterabonnement Noord Maand (reductie tarief) 3-ster jeugd | C21: 7980 | D21: 7982 | F21: 83.2 | G21: 85.1 | H21: 85.85 | I21: 87.65 | J21: 94 | L21: ja | M21: ja | N21: ja | O21: ja
B22: Sterabonnement Noord Maand (reductie tarief) 3-ster senior | C22: 7980 | D22: 7984 | F22: 83.2 | G22: 85.1 | H22: 85.85 | I22: 87.65 | J22: 94 | L22: ja | M22: ja | N22: ja | O22: ja
B23: Sterabonnement Noord Maand (reductie tarief) 4-ster kind | C23: 7980 | D23: 7981 | E23: 104.7 | F23: 110.7 | G23: 113.2 | H23: 114.2 | I23: 116.6 | J23: 125.05 | L23: ja | M23: ja | N23: ja | O23: ja
B24: Sterabonnement Noord Maand (reductie tarief) 4-ster jeugd | C24: 7980 | D24: 7982 | F24: 110.7 | G24: 113.2 | H24: 114.2 | I24: 116.6 | J24: 125.05 | L24: ja | M24: ja | N24: ja | O24: ja
B25: Sterabonnement Noord Maand (reductie tarief) 4-ster senior | C25: 7980 | D25: 7984 | F25: 110.7 | G25: 113.2 | H25: 114.2 | I25: 116.6 | J25: 125.05 | L25: ja | M25: ja | N25: ja | O25: ja
B26: Sterabonnement Noord Maand (reductie tarief) 5-ster kind | C26: 7980 | D26: 7981 | E26: 130.35 | F26: 137.85 | G26: 140.95 | H26: 142.2 | I26: 145.2 | J26: 155.7 | L26: ja | M26: ja | N26: ja | O26: ja
B27: Sterabonnement Noord Maand (reductie tarief) 5-ster jeugd | C27: 7980 | D27: 7982 | F27: 137.85 | G27: 140.95 | H27: 142.2 | I27: 145.2 | J27: 155.7 | L27: ja | M27: ja | N27: ja | O27: ja
B28: Sterabonnement Noord Maand (reductie tarief) 5-ster senior | C28: 7980 | D28: 7984 | F28: 137.85 | G28: 140.95 | H28: 142.2 | I28: 145.2 | J28: 155.7 | L28: ja | M28: ja | N28: ja | O28: ja
B29: Sterabonnement Noord Maand (reductie tarief) 6-ster kind | C29: 7980 | D29: 7981 | E29: 156.35 | F29: 165.3 | G29: 169 | H29: 170.55 | I29: 174.15 | J29: 186.75 | L29: ja | M29: ja | N29: ja | O29: ja
B30: Sterabonnement Noord Maand (reductie tarief) 6-ster jeugd | C30: 7980 | D30: 7982 | F30: 165.3 | G30: 169 | H30: 170.55 | I30: 174.15 | J30: 186.75 | L30: ja | M30: ja | N30: ja | O30: ja
B31: Sterabonnement Noord Maand (reductie tarief) 6-ster senior | C31: 7980 | D31: 7984 | F31: 165.3 | G31: 169 | H31: 170.55 | I31: 174.15 | J31: 186.75 | L31: ja | M31: ja | N31: ja | O31: ja
B32: Arriva Traject Vrij Maand | C32: 8090 | D32: 8090 | E32: prijs afhankelijk van traject | F32: prijs afhankelijk van traject | L32: ja | M32: nee | N32: ja | O32: ja
B33: Reisproducten OV-chipkaart jaar of onbepaalde tijd
B34: Sterabonnement Noord Jaar (reductie tarief) 1-ster | C34: 7985 | D34: 7986 | E34: 323 | F34: 324.4 | G34: 332 | H34: 334.9 | I34: 342 | J34: 366.75 | L34: ja | M34: ja | N34: ja | O34: ja
B35: Sterabonnement Noord Jaar (reductie tarief) 1-ster | C35: 7985 | D35: 7987 | F35: 324.4 | G35: 332 | H35: 334.9 | I35: 342 | J35: 366.75 | L35: ja | M35: ja | N35: ja | O35: ja
B36: Sterabonnement Noord Jaar (reductie tarief) 1-ster | C36: 7985 | D36: 7989 | F36: 324.4 | G36: 332 | H36: 334.9 | I36: 342 | J36: 366.75 | L36: ja | M36: ja | N36: ja | O36: ja
B37: Sterabonnement Noord Jaar (reductie tarief) 2-ster | C37: 7985 | D37: 7986 | E37: 530 | F37: 532.4 | G37: 544.3 | H37: 549.1 | I37: 561 | J37: 601.35 | L37: ja | M37: ja | N37: ja | O37: ja
B38: Sterabonnement Noord Jaar (reductie tarief) 2-ster | C38: 7985 | D38: 7987 | F38: 532.4 | G38: 544.3 | H38: 549.1 | I38: 561 | J38: 601.35 | L38: ja | M38: ja | N38: ja | O38: ja
B39: Sterabonnement Noord Jaar (reductie tarief) 2-ster | C39: 7985 | D39: 7989 | F39: 532.4 | G39: 544.3 | H39: 549.1 | I39: 561 | J39: 601.35 | L39: ja | M39: ja | N39: ja | O39: ja
B40: Sterabonnement Noord Jaar (reductie tarief) 3-ster | C40: 7985 | D40: 7986 | E40: 787 | F40: 790.4 | G40: 808.4 | H40: 815.6 | I40: 832.7 | J40: 893 | L40: ja | M40: ja | N40: ja | O40: ja
B41: Sterabonnement Noord Jaar (reductie tarief) 3-ster | C41: 7985 | D41: 7987 | F41: 790.4 | G41: 808.4 | H41: 815.6 | I41: 832.7 | J41: 893 | L41: ja | M41: ja | N41: ja | O41: ja
B42: Sterabonnement Noord Jaar (reductie tarief) 3-ster | C42: 7985 | D42: 7989 | F42: 790.4 | G42: 808.4 | H42: 815.6 | I42: 832.7 | J42: 893 | L42: ja | M42: ja | N42: ja | O42: ja
B43: Sterabonnement Noord Jaar (reductie tarief) 4-ster | C43: 7985 | D43: 7986 | E43: 1047 | F43: 1051.6 | G43: 1075.4 | H43: 1084.9 | I43: 1107.7 | J43: 1188 | L43: ja | M43: ja | N43: ja | O43: ja
B44: Sterabonnement Noord Jaar (reductie tarief) 4-ster | C44: 7985 | D44: 7987 | F44: 1051.6 | G44: 1075.4 | H44: 1084.9 | I44: 1107.7 | J44: 1188 | L44: ja | M44: ja | N44: ja | O44: ja
B45: Sterabonnement Noord Jaar (reductie tarief) 4-ster | C45: 7985 | D45: 7989 | F45: 1051.6 | G45: 1075.4 | H45: 1084.9 | I45: 1107.7 | J45: 1188 | L45: ja | M45: ja | N45: ja | O45: ja
B46: Sterabonnement Noord Jaar (reductie tarief) 5-ster | C46: 7985 | D46: 7986 | E46: 1303.5 | F46: 1309.5 | G46: 1339 | H46: 1350.9 | I46: 1379.4 | J46: 1479.15 | L46: ja | M46: ja | N46: ja | O46: ja
B47: Sterabonnement Noord Jaar (reductie tarief) 5-ster | C47: 7985 | D47: 7987 | F47: 1309.5 | G47: 1339 | H47: 1350.9 | I47: 1379.4 | J47: 1479.15 | L47: ja | M47: ja | N47: ja | O47: ja
B48: Sterabonnement Noord Jaar (reductie tarief) 5-ster | C48: 7985 | D48: 7989 | F48: 1309.5 | G48: 1339 | H48: 1350.9 | I48: 1379.4 | J48: 1479.15 | L48: ja | M48: ja | N48: ja | O48: ja
B49: Sterabonnement Noord Jaar (reductie tarief) 6-ster | C49: 7985 | D49: 7986 | E49: 1563.5 | F49: 1570.3 | G49: 1605.5 | H49: 1620.2 | I49: 1654.4 | J49: 1774.15 | L49: ja | M49: ja | N49: ja | O49: ja
B50: Sterabonnement Noord Jaar (reductie tarief) 6-ster | C50: 7985 | D50: 7987 | F50: 1570.3 | G50: 1605.5 | H50: 1620.2 | I50: 1654.4 | J50: 1774.15 | L50: ja | M50: ja | N50: ja | O50: ja
B51: Sterabonnement Noord Jaar (reductie tarief) 6-ster | C51: 7985 | D51: 7989 | F51: 1570.3 | G51: 1605.5 | H51: 1620.2 | I51: 1654.4 | J51: 1774.15 | L51: ja | M51: ja | N51: ja | O51: ja
B52: Arriva Traject Vrij Jaar | C52: 8092 | D52: 8092 | E52: prijs afhankelijk van traject | F52: prijs afhankelijk van traject | L52: ja | M52: nee | N52: ja | O52: ja
B53: Voorverkoopassortiment
B54: Fiets Dag Mee | C54: 1438 | D54: 1438 | E54: 3.6 | F54: 3.8 | G54: 3.9 | H54: 4 | I54: 4 | J54: 4.15 | L54: ja | M54: ja | N54: nee | O54: nee
B55: Arriva Dagkaart Noord fiets mee (CT ticket KVA) | C55: 8012 | D55: 8012 | E55: 3.6 | F55: 3.8 | G55: 3.9 | H55: 4 | I55: 4 | J55: 4.15 | L55: ja | M55: ja | N55: nee | O55: nee
B56: Enkele reis Leer | C56: nvt | D56: nvt | E56: 11 | F56: 11.5 | G56: 11.5 | H56: 11.5 | I56: 11.5 | J56: 12 | L56: nee | M56: nee | N56: nee | O56: nee
B57: Retour Leer | C57: nvt | D57: nvt | E57: 17.5 | F57: 18.5 | G57: 18.5 | H57: 18.5 | I57: 18.5 | J57: 19.5 | L57: nee | M57: nee | N57: nee | O57: nee
B58: Niedersachsen-ticket plus Groningen 1 persoon | C58: nvt | D58: nvt | E58: 28 | F58: 29 | G58: € 30,00 | H58: € 30,00 | I58: 30 | J58: 31 | L58: nee | M58: nee | N58: nee | O58: nee
B59: Niedersachsen-ticket plus Groningen 2 personen | C59: nvt | D59: nvt | E59: 33 | F59: 35 | G59: € 36,50 | H59: € 36,50 | I59: 36.5 | J59: 37.5 | L59: nee | M59: nee | N59: nee | O59: nee
B60: Niedersachsen-ticket plus Groningen 3 personen | C60: nvt | D60: nvt | E60: 38 | F60: 41 | G60: € 43,00 | H60: € 43,00 | I60: 43 | J60: 44 | L60: nee | M60: nee | N60: nee | O60: nee
B61: Niedersachsen-ticket plus Groningen 4 personen | C61: nvt | D61: nvt | E61: 43 | F61: 47 | G61: € 49,50 | H61: € 49,50 | I61: 49.5 | J61: 50.5 | L61: nee | M61: nee | N61: nee | O61: nee
B62: Niedersachsen-ticket plus Groningen 5 personen | C62: nvt | D62: nvt | E62: 48 | F62: 53 | G62: € 56,00 | H62: € 56,00 | I62: 56 | J62: 57 | L62: nee | M62: nee | N62: nee | O62: nee
B63: Regio abonnementen (Interoperabel)
B64: Arriva Dalvoordeel Noord-Nederland (anoniem) | C64: 2475 | D64: 2475 | E64: 25 | F64: 25 | G64: 25 | H64: 25 | I64: 25 | J64: 25 | L64: ja | M64: ja | N64: ja | O64: ja
B65: Arriva Dalvoordeel Noord-Nederland (4-11) | C65: 2475 | D65: 2476 | E65: 25 | F65: 25 | G65: 25 | H65: 25 | I65: 25 | J65: 25 | L65: ja | M65: ja | N65: ja | O65: ja
B66: Arriva Dalvoordeel Noord-Nederland (12-18) | C66: 2475 | D66: 2477 | E66: 25 | F66: 25 | G66: 25 | H66: 25 | I66: 25 | J66: 25 | L66: ja | M66: ja | N66: ja | O66: ja
B67: Arriva Dalvoordeel Noord-Nederland (19-64) | C67: 2475 | D67: 2478 | E67: 25 | F67: 25 | G67: 25 | H67: 25 | I67: 25 | J67: 25 | L67: ja | M67: ja | N67: ja | O67: ja
B68: Arriva Dalvoordeel Noord-Nederland (65+) | C68: 2475 | D68: 2479 | E68: 25 | F68: 25 | G68: 25 | H68: 25 | I68: 25 | J68: 25 | L68: ja | M68: ja | N68: ja | O68: ja
B70: Sterabonnementen worden enkel geaccepteerd en verkocht op de Groninger treinlijnen (excl. Leeuwarden-Groningen)
B71: *Reductieabonnementen zijn te koop voor personen t/m 18 jaar of van 65 jaar en ouder.
B72: Provincie Groningen verstrekt sinds 1 juni 2017 5% extra korting op het reductietarief Jaar. Deze korting is reeds verwerkt in bovenstaande tarieven. In huidige situatie krijgen in onze webshop allleen scholieren deze extra korting. Per 1 januari 2019 graag ook openstellen voor 4 t/m 11 en 65+.
B73: Productnaam | C73: productnr | D73: CTID | E73: Leeftijd
E74: Kind
E75: Tiener
E76: Volwassene
E77: Senior
E78: Kind
E79: Tiener
E80: Volwassene
E81: Senior

Sheet N-LS
B2: Regionale tarieven Lelystad
B3: Productnaam | C3: Productnr | D3: Contract Tariff Id | E3: 2018 | F3: 2019 | G3: 2020 | H3: 2021 | I3: 2022 | J3: 2023 | K3: DEF | L3: Acceptatie OVC | M3: Verkoop POS/quarto | N3: Verkoop Backoffice | O3: Verkoop Webshop
B4: Kilometertarief OV-chipkaart
B5: Ritprijs binnen de ring | C5: nvt | D5: nvt | E5: 1.417 | F5: 1.5 | G5: 1.53 | H5: 1.54 | I5: 1.57 | J5: 1.68 | L5: ja | M5: nee | N5: nee | O5: nee
B6: Ritprijs buiten de ring | C6: nvt | D6: nvt | E6: 2.105 | F6: 2.23 | G6: 2.28 | H6: 2.3 | I6: 2.35 | J6: 2.52 | L6: ja | M6: nee | N6: nee | O6: nee
B7: Reisproducten OV-chipkaart maand (doorlopend)
B8: Arriva Altijd Vrij Lelystad (anoniem) | C8: 2850 | D8: 2850 | E8: 46.5 | F8: 49 | G8: 50 | H8: 50.5 | I8: 51.6 | J8: 55.34 | L8: ja | M8: ja | N8: ja | O8: nee
B9: Arriva Altijd Vrij Lelystad (kind) | C9: 2850 | D9: 2851 | E9: 46.5 | F9: 49 | G9: 50 | H9: 50.5 | I9: 51.6 | J9: 55.34 | L9: ja | M9: ja | N9: ja | O9: ja
B10: Arriva Altijd Vrij Lelystad (12 t/m 18 jr) | C10: 2850 | D10: 2852 | E10: 31.5 | F10: 33.5 | G10: 34.2 | H10: 35.5 | I10: 35.2 | J10: 37.75 | L10: ja | M10: ja | N10: ja | O10: ja
B11: Arriva Altijd Vrij Lelystad (volwassene) | C11: 2850 | D11: 2853 | E11: 46.5 | F11: 49 | G11: 50 | H11: 50.5 | I11: 51.6 | J11: 55.34 | L11: ja | M11: ja | N11: ja | O11: ja
B12: Arriva Altijd Vrij Lelystad (senior) | C12: 2850 | D12: 2854 | E12: 46.5 | F12: 49 | G12: 50 | H12: 50.5 | I12: 51.6 | J12: 55.34 | L12: ja | M12: ja | N12: ja | O12: ja
B13: Arriva Altijd Dalvrij Lelystad 65+ maand | C13: 8165 | D13: 8165 | E13: 14 | F13: 15 | G13: 15 | H13: 15 | I13: 15.3 | J13: 16.41 | L13: ja | M13: ja | N13: ja | O13: ja
B14: Reisproducten OV-chipkaart jaar of onbepaalde tijd
B15: Arriva Altijd Vrij Lelystad (anoniem) | C15: 2860 | D15: 2860 | E15: 465 | F15: 490 | G15: 500 | H15: 505 | I15: 516 | J15: =J8*10 -> 553.4 | L15: ja | M15: ja | N15: ja | O15: nee
B16: Arriva Altijd Vrij Lelystad (kind) | C16: 2860 | D16: 2861 | E16: 465 | F16: 490 | G16: 500 | H16: 505 | I16: 516 | J16: =J9*10 -> 553.4 | L16: ja | M16: ja | N16: ja | O16: ja
B17: Arriva Altijd Vrij Lelystad (12 t/m 18 jr) | C17: 2860 | D17: 2862 | E17: 315 | F17: 335 | G17: 342 | H17: 345 | I17: 352 | J17: =J10*10 -> 377.5 | L17: ja | M17: ja | N17: ja | O17: ja
B18: Arriva Altijd Vrij Lelystad (volwassene) | C18: 2860 | D18: 2863 | E18: 465 | F18: 490 | G18: 500 | H18: 505 | I18: 516 | J18: =J11*10 -> 553.4 | L18: ja | M18: ja | N18: ja | O18: ja
B19: Arriva Altijd Vrij Lelystad (senior) | C19: 2860 | D19: 2864 | E19: 465 | F19: 490 | G19: 500 | H19: 505 | I19: 516 | J19: =J12*10 -> 553.4 | L19: ja | M19: ja | N19: ja | O19: ja
B20: Arriva Altijd Dalvrij Lelystad 65+ jaar | C20: 8166 | D20: 8166 | E20: 140 | F20: 150 | G20: 150 | H20: 150 | I20: 153 | J20: =J13*10 -> 164.1 | L20: ja | M20: ja | N20: ja | O20: ja
B21: Wagenverkoopassortiment
B22: Ritkaart binnen de ring | C22: nvt | D22: nvt | E22: 2.3 | F22: 2.45 | G22: 2.5 | H22: 2.52 | I22: 2.57 | J22: 2.76 | L22: nvt | M22: nvt | N22: nvt | O22: nvt
B23: Ritkaart Lelystad binnen de ring (CT wederverkoop) | C23: 8019 | E23: 2.3 | F23: 2.45 | G23: 2.5 | H23: 2.52 | I23: 2.57 | J23: 2.76 | L23: ja | M23: ja | N23: nvt | O23: nvt
B24: Ritkaart buiten de ring | C24: nvt | D24: nvt | E24: 4.6 | F24: 4.85 | G24: 4.95 | H24: 5 | I24: 5.11 | J24: 5.48 | L24: nvt | M24: nvt | N24: nvt | O24: nvt
B25: Ritkaart Kids Lelystad | C25: nvt | E25: nvt | F25: 1.2 | G25: 1.25 | H25: 1.26 | I25: 1.29 | J25: 1.38
B26: Voorverkoopassortiment
B27: nvt | C27: nvt | D27: nvt | E27: nvt | L27: nvt | M27: nvt | N27: nvt | O27: nvt
B28: nvt | C28: nvt | D28: nvt | E28: nvt | L28: nvt | M28: nvt | N28: nvt | O28: nvt
B29: Regio abonnementen (Interoperabel)
B30: Altijd Vrij IJsselmond maand voltarief | C30: nvt | D30: nvt | E30: nnb | L30: ja | M30: nee | N30: nee | O30: nee
B31: Altijd Vrij IJsselmond maand reductie | C31: nvt | D31: nvt | E31: nnb | L31: ja | M31: nee | N31: nee | O31: nee
B32: Altijd Vrij IJsselmond jaar voltarief | C32: nvt | D32: nvt | E32: nnb | L32: ja | M32: nee | N32: nee | O32: nee
B33: Altijd Vrij IJsselmond jaar reductie | C33: nvt | D33: nvt | E33: nnb | L33: ja | M33: nee | N33: nee | O33: nee
B34: AltijdVrijRRReis maand* | C34: nvt | D34: nvt | E34: nnb | L34: ja | M34: nee | N34: nee | O34: nee
B35: AltijdVrijRRReis jaar * | C35: nvt | D35: nvt | E35: nnb | L35: ja | M35: nee | N35: nee | O35: nee
B37: *Nieuw product

Sheet Tarieftabel N-NN
A1: 3,51% index | B1: 1.0351
A2: Tariefgebied | B2: 1 | C2: Arriva Noordelijke Lijnen | R2: Exclusief kaarttoeslag
A3: Tariefgebied code | B3: 2 | G3: ! Denk aan doorgaand oplopende prijzen | R3: Prijzen op jaarbasis | T3: Prijzen op maandbasis
A4: Codering | B4: 1 | C4: 1 | D4: 1 | E4: 1 | F4: 20 | G4: 20 | H4: 60 | I4: 60 | J4: 2 | K4: 2 | L4: 45 | M4: 45 | N4: 10 | O4: 10 | P4: 61 | Q4: 61 | R4: 37 | S4: 37 | T4: 34 | U4: 34 | V4: 36 | W4: 36
A5: Prijstabel | B5: 1001 | C5: 1001 | D5: 1001 | E5: 1001 | F5: 1020 | G5: 1020 | H5: 1060 | I5: 1060 | J5: 1002 | K5: 1002 | L5: 1045 | M5: 1045 | N5: 1010 | O5: 1010 | P5: 1061 | Q5: 1061 | R5: 1037 | S5: 1037 | T5: 1034 | U5: 1034 | V5: 1036 | W5: 1036
A6: Tarief-eenheden | B6: enkel reis 1e klas vol | C6: enkele reis 2e klas vol | D6: enkele reis 1e klas 50% | E6: enkele reis 2e klas 50% | F6: enkele reis 1e klas 40% | G6: enkele reis 2e klas 40% | H6: enkele reis 1e klas 20% | I6: enkele reis 2e klas 20% | J6: retour 1e klas vol | K6: retour 2e klas vol | L6: retour 1e klas 50% | M6: retour 2e klas 50% | N6: retour 1e klas 40% | O6: retour 2e klas 40% | P6: retour 1e klas 20% | Q6: retour 2e klas 20% | R6: TV zakelijk 1e klas | S6: TV zakelijk 2e klas | T6: TVR Flex 1e klas | U6: TVR FLex 2e klas | V6: NS Traject Vrij Prepaid 1 mnd 1e klas | W6: NS Traject Vrij Prepaid 1 mnd 2e klas | X6: NS Traject Vrij Prepaid 3 mnd 1e klas | Y6: NS Traject Vrij Prepaid 3 mnd 2e klas
A7: 0 | B7: 2.55 | C7: 2.55 | F7: 1.53 | G7: 1.53 | H7: 2.04 | I7: 2.04 | J7: 5.1 | K7: 5.1 | N7: 3.06 | O7: 3.06 | P7: 4.08 | Q7: 4.08 | R7: 797.69 | S7: 797.69 | T7: 66.44 | U7: 66.44 | V7: 79.79 | W7: 79.79 | X7: 199.31 | Y7: 199.31
A8: 1 | B8: 2.55 | C8: 2.55 | F8: 1.53 | G8: 1.53 | H8: 2.04 | I8: 2.04 | J8: 5.1 | K8: 5.1 | N8: 3.06 | O8: 3.06 | P8: 4.08 | Q8: 4.08 | R8: 797.69 | S8: 797.69 | T8: 66.44 | U8: 66.44 | V8: 79.79 | W8: 79.79 | X8: 199.31 | Y8: 199.31
A9: 2 | B9: 2.55 | C9: 2.55 | F9: 1.53 | G9: 1.53 | H9: 2.04 | I9: 2.04 | J9: 5.1 | K9: 5.1 | N9: 3.06 | O9: 3.06 | P9: 4.08 | Q9: 4.08 | R9: 797.69 | S9: 797.69 | T9: 66.44 | U9: 66.44 | V9: 79.79 | W9: 79.79 | X9: 199.31 | Y9: 199.31
A10: 3 | B10: 2.55 | C10: 2.55 | F10: 1.53 | G10: 1.53 | H10: 2.04 | I10: 2.04 | J10: 5.1 | K10: 5.1 | N10: 3.06 | O10: 3.06 | P10: 4.08 | Q10: 4.08 | R10: 797.69 | S10: 797.69 | T10: 66.44 | U10: 66.44 | V10: 79.79 | W10: 79.79 | X10: 199.31 | Y10: 199.31
A11: 4 | B11: 2.55 | C11: 2.55 | F11: 1.53 | G11: 1.53 | H11: 2.04 | I11: 2.04 | J11: 5.1 | K11: 5.1 | N11: 3.06 | O11: 3.06 | P11: 4.08 | Q11: 4.08 | R11: 797.69 | S11: 797.69 | T11: 66.44 | U11: 66.44 | V11: 79.79 | W11: 79.79 | X11: 199.31 | Y11: 199.31
A12: 5 | B12: 2.55 | C12: 2.55 | F12: 1.53 | G12: 1.53 | H12: 2.04 | I12: 2.04 | J12: 5.1 | K12: 5.1 | N12: 3.06 | O12: 3.06 | P12: 4.08 | Q12: 4.08 | R12: 797.69 | S12: 797.69 | T12: 66.44 | U12: 66.44 | V12: 79.79 | W12: 79.79 | X12: 199.31 | Y12: 199.31
A13: 6 | B13: 2.55 | C13: 2.55 | F13: 1.53 | G13: 1.53 | H13: 2.04 | I13: 2.04 | J13: 5.1 | K13: 5.1 | N13: 3.06 | O13: 3.06 | P13: 4.08 | Q13: 4.08 | R13: 797.69 | S13: 797.69 | T13: 66.44 | U13: 66.44 | V13: 79.79 | W13: 79.79 | X13: 199.31 | Y13: 199.31
A14: 7 | B14: 2.55 | C14: 2.55 | F14: 1.53 | G14: 1.53 | H14: 2.04 | I14: 2.04 | J14: 5.1 | K14: 5.1 | N14: 3.06 | O14: 3.06 | P14: 4.08 | Q14: 4.08 | R14: 797.69 | S14: 797.69 | T14: 66.44 | U14: 66.44 | V14: 79.79 | W14: 79.79 | X14: 199.31 | Y14: 199.31
A15: 8 | B15: 2.55 | C15: 2.55 | F15: 1.53 | G15: 1.53 | H15: 2.04 | I15: 2.04 | J15: 5.1 | K15: 5.1 | N15: 3.06 | O15: 3.06 | P15: 4.08 | Q15: 4.08 | R15: 797.69 | S15: 797.69 | T15: 66.44 | U15: 66.44 | V15: 79.79 | W15: 79.79 | X15: 199.31 | Y15: 199.31
A16: 9 | B16: 2.77 | C16: 2.77 | F16: 1.66 | G16: 1.66 | H16: 2.22 | I16: 2.22 | J16: 5.54 | K16: 5.54 | N16: 3.33 | O16: 3.33 | P16: 4.43 | Q16: 4.43 | R16: 825.48 | S16: 825.48 | T16: 68.83 | U16: 68.83 | V16: 82.51 | W16: 82.51 | X16: 206.49 | Y16: 206.49
A17: 10 | B17: 3.12 | C17: 3.12 | F17: 1.87 | G17: 1.87 | H17: 2.5 | I17: 2.5 | J17: 6.24 | K17: 6.24 | N17: 3.74 | O17: 3.74 | P17: 4.99 | Q17: 4.99 | R17: 890.61 | S17: 890.61 | T17: 74.26 | U17: 74.26 | V17: 89.12 | W17: 89.12 | X17: 222.77 | Y17: 222.77
A18: 11 | B18: 3.25 | C18: 3.25 | F18: 1.95 | G18: 1.95 | H18: 2.6 | I18: 2.6 | J18: 6.49 | K18: 6.49 | N18: 3.89 | O18: 3.89 | P18: 5.19 | Q18: 5.19 | R18: 955.75 | S18: 955.75 | T18: 79.68 | U18: 79.68 | V18: 95.64 | W18: 95.64 | X18: 239.05 | Y18: 239.05
... A97: 90 | B97: 18.15 | C97: 18.15 | F97: 10.89 | G97: 10.89 | H97: 14.52 | I97: 14.52 | J97: 36.29 | K97: 36.29 | N97: 21.77 | O97: 21.77 | P97: 29.03 | Q97: 29.03 | R97: 4742.68 | S97: 4742.68 | T97: 375.41 | U97: 375.41 | V97: 461.19 | W97: 461.19 | X97: 1126.24 | Y97: 1126.24
A98: 91 | B98: 18.38 | C98: 18.38 | F98: 11.03 | G98: 11.03 | H98: 14.7 | I98: 14.7 | J98: 36.75 | K98: 36.75 | N98: 22.05 | O98: 22.05 | P98: 29.4 | Q98: 29.4
A99: 92 | B99: 18.49 | C99: 18.49 | F99: 11.1 | G99: 11.1 | H99: 14.79 | I99: 14.79 | J99: 36.99 | K99: 36.99 | N99: 22.19 | O99: 22.19 | P99: 29.59 | Q99: 29.59
A100: 93 | B100: 18.72 | C100: 18.72 | F100: 11.23 | G100: 11.23 | H100: 14.98 | I100: 14.98 | J100: 37.45 | K100: 37.45 | N100: 22.47 | O100: 22.47 | P100: 29.96 | Q100: 29.96
A101: 94 | B101: 19.07 | C101: 19.07 | F101: 11.44 | G101: 11.44 | H101: 15.26 | I101: 15.26 | J101: 38.15 | K101: 38.15 | N101: 22.89 | O101: 22.89 | P101: 30.52 | Q101: 30.52
A102: 95 | B102: 19.19 | C102: 19.19 | F102: 11.51 | G102: 11.51 | H102: 15.35 | I102: 15.35 | J102: 38.38 | K102: 38.38 | N102: 23.03 | O102: 23.03 | P102: 30.7 | Q102: 30.7
A103: 96 | B103: 19.3 | C103: 19.3 | F103: 11.58 | G103: 11.58 | H103: 15.44 | I103: 15.44 | J103: 38.61 | K103: 38.61 | N103: 23.17 | O103: 23.17 | P103: 30.89 | Q103: 30.89
A104: 97 | B104: 19.53 | C104: 19.53 | F104: 11.72 | G104: 11.72 | H104: 15.62 | I104: 15.62 | J104: 39.05 | K104: 39.05 | N104: 23.43 | O104: 23.43 | P104: 31.24 | Q104: 31.24
A105: 98 | B105: 19.65 | C105: 19.65 | F105: 11.79 | G105: 11.79 | H105: 15.72 | I105: 15.72 | J105: 39.3 | K105: 39.3 | N105: 23.58 | O105: 23.58 | P105: 31.44 | Q105: 31.44
A106: 99 | B106: 19.77 | C106: 19.77 | F106: 11.86 | G106: 11.86 | H106: 15.81 | I106: 15.81 | J106: 39.54 | K106: 39.54 | N106: 23.72 | O106: 23.72 | P106: 31.63 | Q106: 31.63
A107: 100 | B107: 20.12 | C107: 20.12 | F107: 12.07 | G107: 12.07 | H107: 16.09 | I107: 16.09 | J107: 40.23 | K107: 40.23 | N107: 24.14 | O107: 24.14 | P107: 32.19 | Q107: 32.19
A108: 101 | B108: 20.22 | C108: 20.22 | F108: 12.13 | G108: 12.13 | H108: 16.18 | I108: 16.18 | J108: 40.44 | K108: 40.44 | N108: 24.27 | O108: 24.27 | P108: 32.35 | Q108: 32.35
A109: 102 | B109: 20.35 | C109: 20.35 | F109: 12.21 | G109: 12.21 | H109: 16.28 | I109: 16.28 | J109: 40.7 | K109: 40.7 | N109: 24.42 | O109: 24.42 | P109: 32.56 | Q109: 32.56
... A258: 999 | B258: 30.75 | C258: 30.75 | F258: 18.45 | G258: 18.45 | H258: 24.6 | I258: 24.6 | J258: 61.5 | K258: 61.5 | N258: 36.9 | O258: 36.9 | P258: 49.2 | Q258: 49.2

Sheet Tarieftabel ZZ-LR
A2: Tarief-gebied | B2: 11 en 13 | C2: Arriva Limburg | R2: Exclusief kaarttoeslag
A3: Tarief-gebied code | B3: 65536 en 262144 | G3: ! Denk aan doorgaand oplopende prijzen | R3: Prijzen op jaarbasis | T3: Prijzen op maandbasis
A4: Codering | B4: 1 | C4: 1 | D4: 1 | E4: 1 | F4: 20 | G4: 20 | H4: 60 | I4: 60 | J4: 2 | K4: 2 | L4: 45 | M4: 45 | N4: 10 | O4: 10 | P4: 61 | Q4: 61 | R4: 37 | S4: 37 | T4: 34 | U4: 34 | V4: 40 | W4: 40 | X4: 41 | Y4: 41
A5: Prijstabel | B5: 1001 | C5: 1001 | D5: 1001 | E5: 1001 | F5: 1020 | G5: 1020 | H5: 1060 | I5: 1060 | J5: 1002 | K5: 1002 | L5: 1045 | M5: 1045 | N5: 1010 | O5: 1010 | P5: 1061 | Q5: 1061 | R5: 11037 | S5: 11037 | T5: 11034 | U5: 11034 | V5: 11040 | W5: 11040 | X5: 11041 | Y5: 11041
A6: Tarief-eenheden | B6: enkel reis 1e klas vol | C6: enkele reis 2e klas vol | D6: enkele reis 1e klas 50% | E6: enkele reis 2e klas 50% | F6: enkele reis 1e klas 40% | G6: enkele reis 2e klas 40% | H6: enkele reis 1e klas 20% | I6: enkele reis 2e klas 20% | J6: retour 1e klas vol | K6: retour 2e klas vol | L6: retour 1e klas 50% | M6: retour 2e klas 50% | N6: retour 1e klas 40% | O6: retour 2e klas 40% | P6: retour 1e klas 20% | Q6: retour 2e klas 20% | R6: TV zakelijk 1e klas | S6: TV zakelijk 2e klas | T6: TVR Flex 1e klas | U6: TVR FLex 2e klas | V6: NS Traject Vrij Prepaid 1 mnd 1e klas | W6: NS Traject Vrij Prepaid 1 mnd 2e klas | X6: NS Traject Vrij Prepaid 3 mnd 1e klas | Y6: NS Traject Vrij Prepaid 3 mnd 2e klas
A7: 0 | B7: 1.08 | C7: 1.08 | F7: 0.65 | G7: 0.65 | H7: 0.86 | I7: 0.86 | J7: 2.16 | K7: 2.16 | N7: 1.296 | O7: 1.296 | P7: 1.728 | Q7: 1.728 | R7: 459.7 | S7: 411.5 | T7: 38.3 | U7: 34.3 | V7: 45.96 | W7: 41.16 | X7: 114.9 | Y7: 102.9
A8: 1 | B8: 1.45 | C8: 1.3 | F8: 0.87 | G8: 0.78 | H8: 1.16 | I8: 1.04 | J8: 2.9 | K8: 2.6 | N8: 1.74 | O8: 1.56 | P8: 2.32 | Q8: 2.08 | R8: 459.7 | S8: 411.5 | T8: 38.3 | U8: 34.3 | V8: 45.96 | W8: 41.16 | X8: 114.9 | Y8: 102.9
A9: 2 | B9: 1.83 | C9: 1.52 | F9: 1.1 | G9: 0.91 | H9: 1.46 | I9: 1.22 | J9: 3.66 | K9: 3.04 | N9: 2.196 | O9: 1.824 | P9: 2.928 | Q9: 2.432 | R9: 577.2 | S9: 479.7 | T9: 48.2 | U9: 39.9 | V9: 57.84 | W9: 47.88 | X9: 144.6 | Y9: 119.7
A10: 3 | B10: 2.2 | C10: 1.74 | F10: 1.32 | G10: 1.04 | H10: 1.76 | I10: 1.39 | J10: 4.4 | K10: 3.48 | N10: 2.64 | O10: 2.088 | P10: 3.52 | Q10: 2.784 | R10: 698.4 | S10: 551.3 | T10: 58.3 | U10: 46 | V10: 69.96 | W10: 55.2 | X10: 174.9 | Y10: 138
A11: 4 | B11: 2.57 | C11: 1.96 | F11: 1.54 | G11: 1.18 | H11: 2.06 | I11: 1.57 | J11: 5.14 | K11: 3.92 | N11: 3.084 | O11: 2.352 | P11: 4.112 | Q11: 3.136 | R11: 818.3 | S11: 621.9 | T11: 68.1 | U11: 51.9 | V11: 81.72 | W11: 62.28 | X11: 204.3 | Y11: 155.7
A12: 5 | B12: 2.95 | C12: 2.18 | F12: 1.77 | G12: 1.31 | H12: 2.36 | I12: 1.74 | J12: 5.9 | K12: 4.36 | N12: 3.54 | O12: 2.616 | P12: 4.72 | Q12: 3.488 | R12: 939.3 | S12: 693.6 | T12: 78.3 | U12: 57.9 | V12: 93.96 | W12: 69.48 | X12: 234.9 | Y12: 173.7
A13: 6 | B13: 3.32 | C13: 2.4 | F13: 1.99 | G13: 1.44 | H13: 2.66 | I13: 1.92 | J13: 6.64 | K13: 4.8 | N13: 3.984 | O13: 2.88 | P13: 5.312 | Q13: 3.84 | R13: 1056.9 | S13: 761.8 | T13: 88.1 | U13: 63.5 | V13: 105.72 | W13: 76.2 | X13: 264.3 | Y13: 190.5
A14: 7 | B14: 3.69 | C14: 2.62 | F14: 2.21 | G14: 1.57 | H14: 2.95 | I14: 2.1 | J14: 7.38 | K14: 5.24 | N14: 4.428 | O14: 3.144 | P14: 5.904 | Q14: 4.192 | R14: 1174.4 | S14: 831.2 | T14: 97.9 | U14: 69.3 | V14: 117.48 | W14: 83.16 | X14: 293.7 | Y14: 207.9
A15: 8 | B15: 4.06 | C15: 2.84 | F15: 2.44 | G15: 1.7 | H15: 3.25 | I15: 2.27 | J15: 8.12 | K15: 5.68 | N15: 4.872 | O15: 3.408 | P15: 6.496 | Q15: 4.544 | R15: 1290.9 | S15: 900.7 | T15: 107.6 | U15: 75 | V15: 129.12 | W15: 90 | X15: 322.8 | Y15: 225
A16: 9 | B16: 4.44 | C16: 3.06 | F16: 2.66 | G16: 1.84 | H16: 3.55 | I16: 2.45 | J16: 8.88 | K16: 6.12 | N16: 5.328 | O16: 3.672 | P16: 7.104 | Q16: 4.896 | R16: 1399.1 | S16: 961.7 | T16: 116.7 | U16: 80.1 | V16: 140.04 | W16: 96.12 | X16: 350.1 | Y16: 240.3
A17: 10 | B17: 4.81 | C17: 3.28 | F17: 2.89 | G17: 1.97 | H17: 3.85 | I17: 2.62 | J17: 9.62 | K17: 6.56 | N17: 5.772 | O17: 3.936 | P17: 7.696 | Q17: 5.248 | R17: 1496.7 | S17: 1018.2 | T17: 124.6 | U17: 84.8 | V17: 149.52 | W17: 101.76 | X17: 373.8 | Y17: 254.4
A18: 11 | B18: 5.18 | C18: 3.5 | F18: 3.11 | G18: 2.1 | H18: 4.14 | I18: 2.8 | J18: 10.36 | K18: 7 | N18: 6.216 | O18: 4.2 | P18: 8.288 | Q18: 5.6 | R18: 1661.2 | S18: 1120.4 | T18: 138.5 | U18: 93.3 | V18: 166.2 | W18: 111.96 | X18: 415.5 | Y18: 279.9
... A97: 90 | B97: 33.9 | C97: 20.44 | F97: 20.34 | G97: 12.26 | H97: 27.12 | I97: 16.35 | J97: 67.8 | K97: 40.88 | N97: 40.68 | O97: 24.528 | P97: 54.24 | Q97: 32.704 | R97: 8242.9 | S97: 4810.9 | T97: 650.5 | U97: 385 | V97: 780.6 | W97: 462 | X97: 1951.5 | Y97: 1155
A98: 91 | B98: 34.18 | C98: 20.61 | F98: 20.51 | G98: 12.37 | H98: 27.34 | I98: 16.49 | J98: 68.36 | K98: 41.22 | N98: 41.016 | O98: 24.732 | P98: 54.688 | Q98: 32.976
A99: 92 | B99: 34.46 | C99: 20.77 | F99: 20.68 | G99: 12.46 | H99: 27.57 | I99: 16.62 | J99: 68.92 | K99: 41.54 | N99: 41.352 | O99: 24.924 | P99: 55.136 | Q99: 33.232
A100: 93 | B100: 34.74 | C100: 20.94 | F100: 20.84 | G100: 12.56 | H100: 27.79 | I100: 16.75 | J100: 69.48 | K100: 41.88 | N100: 41.688 | O100: 25.128 | P100: 55.584 | Q100: 33.504
A101: 94 | B101: 35.02 | C101: 21.1 | F101: 21.01 | G101: 12.66 | H101: 28.02 | I101: 16.88 | J101: 70.04 | K101: 42.2 | N101: 42.024 | O101: 25.32 | P101: 56.032 | Q101: 33.76
A102: 95 | B102: 35.3 | C102: 21.27 | F102: 21.18 | G102: 12.76 | H102: 28.24 | I102: 17.02 | J102: 70.6 | K102: 42.54 | N102: 42.36 | O102: 25.524 | P102: 56.48 | Q102: 34.032
A103: 96 | B103: 35.58 | C103: 21.43 | F103: 21.35 | G103: 12.86 | H103: 28.46 | I103: 17.14 | J103: 71.16 | K103: 42.86 | N103: 42.696 | O103: 25.716 | P103: 56.928 | Q103: 34.288
A104: 97 | B104: 35.86 | C104: 21.6 | F104: 21.52 | G104: 12.96 | H104: 28.69 | I104: 17.28 | J104: 71.72 | K104: 43.2 | N104: 43.032 | O104: 25.92 | P104: 57.376 | Q104: 34.56
A105: 98 | B105: 36.14 | C105: 21.76 | F105: 21.68 | G105: 13.06 | H105: 28.91 | I105: 17.41 | J105: 72.28 | K105: 43.52 | N105: 43.368 | O105: 26.112 | P105: 57.824 | Q105: 34.816
A106: 99 | B106: 36.42 | C106: 21.93 | F106: 21.85 | G106: 13.16 | H106: 29.14 | I106: 17.54 | J106: 72.84 | K106: 43.86 | N106: 43.704 | O106: 26.316 | P106: 58.272 | Q106: 35.088
A107: 100 | B107: 36.7 | C107: 22.09 | F107: 22.02 | G107: 13.25 | H107: 29.36 | I107: 17.67 | J107: 73.4 | K107: 44.18 | N107: 44.04 | O107: 26.508 | P107: 58.72 | Q107: 35.344
A108: 101 | B108: 36.96 | C108: 22.24 | F108: 22.18 | G108: 13.34 | H108: 29.57 | I108: 17.79 | J108: 73.92 | K108: 44.48 | N108: 44.352 | O108: 26.688 | P108: 59.136 | Q108: 35.584
A109: 102 | B109: 37.22 | C109: 22.4 | F109: 22.33 | G109: 13.44 | H109: 29.78 | I109: 17.92 | J109: 74.44 | K109: 44.8 | N109: 44.664 | O109: 26.88 | P109: 59.552 | Q109: 35.84
... A258: 999 | B258: 57.46 | C258: 34.33 | F258: 34.48 | G258: 20.6 | H258: 45.97 | I258: 27.46 | J258: 114.92 | K258: 68.66 | N258: 68.952 | O258: 41.196 | P258: 91.936 | Q258: 54.928

Sheet Tarieftabel O-VD
A2: Tarief-gebied | B2: 2 | C2: Arriva Overijssel | R2: Let op! Prijzen zijn exclusief kaarttoeslag. Dus klant betaalt iets meer volgens prijsadvies website.
A3: Tarief-gebied code | B3: 4 | G3: ! Denk aan doorgaand oplopende prijzen | R3: Prijzen op jaarbasis | T3: Prijzen op maandbasis
A4: Codering | B4: 1 | C4: 1 | D4: 1 | E4: 1 | F4: 20 | G4: 20 | H4: 60 | I4: 60 | J4: 2 | K4: 2 | L4: 2 | M4: 2 | N4: 10 | O4: 10 | P4: 61 | Q4: 61 | R4: 37 | S4: 37 | T4: 34 | U4: 34
A5: Prijstabel | B5: 2001 | C5: 2001 | D5: 2001 | E5: 2001 | F5: 2020 | G5: 2020 | H5: 2060 | I5: 2060 | J5: 2002 | K5: 2002 | L5: 2002 | M5: 2002 | N5: 2010 | O5: 2010 | P5: 2061 | Q5: 2061 | R5: 2037 | S5: 2037 | T5: 2034 | U5: 2034
A6: Tarief-eenheden | B6: enkel reis 1e klas vol | C6: enkele reis 2e klas vol | D6: enkele reis 1e klas 50% | E6: enkele reis 2e klas 50% | F6: enkele reis 1e klas 40% | G6: enkele reis 2e klas 40% | H6: enkele reis 1e klas 20% | I6: enkele reis 2e klas 20% | J6: retour 1e klas vol | K6: retour 2e klas vol | L6: retour 1e klas 50% | M6: retour 2e klas 50% | N6: retour 1e klas 40% | O6: retour 2e klas 40% | P6: retour 1e klas 20% | Q6: retour 2e klas 20% | R6: TV zakelijk 1e klas | S6: TV zakelijk 2e klas | T6: TVR Flex 1e klas | U6: TVR Flex 2e klas | V6: Prepaid maand 1e klas | W6: Prepaid maand 2e klas | X6: Prepaid maand 1e klas | Y6: Prepaid maand 2e klas
A7: 0 | B7: 1.08 | C7: 1.08 | F7: 0.65 | G7: 0.65 | H7: 0.86 | I7: 0.86 | J7: 2.16 | K7: 2.16 | N7: 1.3 | O7: 1.3 | P7: 1.72 | Q7: 1.72 | R7: 432 | S7: 387 | T7: 36 | U7: 32.25 | V7: 43.2 | W7: 38.7 | X7: 108 | Y7: 96.75
A8: 1 | B8: 1.44 | C8: 1.29 | F8: 0.86 | G8: 0.77 | H8: 1.15 | I8: 1.03 | J8: 2.88 | K8: 2.58 | N8: 1.72 | O8: 1.54 | P8: 2.3 | Q8: 2.06 | R8: 432 | S8: 387 | T8: 36 | U8: 32.25 | V8: 43.2 | W8: 38.7 | X8: 108 | Y8: 96.75
A9: 2 | B9: 1.79 | C9: 1.5 | F9: 1.07 | G9: 0.9 | H9: 1.43 | I9: 1.2 | J9: 3.58 | K9: 3 | N9: 2.14 | O9: 1.8 | P9: 2.86 | Q9: 2.4 | R9: 537 | S9: 450 | T9: 44.75 | U9: 37.5 | V9: 53.7 | W9: 45 | X9: 134.25 | Y9: 112.5
